Workbook

Sheet Anexo Listado Salud y Hoteleria
A2: HOTELERIA | B2: 20
A3: COCINA. | B3: 1 | C3: ELKIS PADILLA
A4: COORDINACION DE SERVICIOS HOTELEROS | B4: 4 | C4: GLORIA DIAZ GUTIERREZ, LISBETH VARGAS CANTILLO, JUAN CARLOS BERMUDEZ TORRES, DORLIN AMARIS VALDES
A5: GESTION PARA ESTABLECIMIENTOS DE ALIMENTOS Y BEBIDAS | B5: 3 | C5: JAIME MARTINEZ
A6: INFORMATICA: MICROSOFT WORD, EXCEL E INTERNET | B6: 1 | C6: VIVIANA MARCELA ECHEVERRIA MENDEZ
A7: Institucional de Integralidad de la Formación - Derechos Humanos y Fundamentales en el Trabajo | B7: 1 | C7: ARNALDO CARO (REEMPLAZO PROTECCION ESPECIAL)
A8: Institucional de la Enseñanza de Idiomas - Ingles Presencial | B8: 2 | C8: JULIANA MENDEZ
A9: Institucional de Pedagogía - Emprendimiento | B9: 1 | C9: LO DEJO ABIERTO
A10: PASTELERIA. | B10: 1 | C10: MAYRA PERTUZ. JOSE GOMEZ PASARIA A PANADERIA CON POBLACIONES ESPECIALES
A11: SERVICIO AEROPORTUARIO A PASAJEROS | B11: 1 | C11: ANTONIO ACOSTA
A12: SERVICIO DE RECEPCION HOTELERA | B12: 3 | C12: NORMA PATRICIA GUTIERREZ FERRER, WALESKA ZUCCHINNI OSORIO
A13: SERVICIO DE RESTAURANTE Y BAR | B13: 1 | C13: RODRIGO CASTRO OLMOS
A14: SISTEMA DE GESTION DE LA SEGURIDAD Y SALUD EN EL TRABAJO SG-SST | B14: 1 | C14: YILIBETH
A16: SALUD | B16: 42
A17: APOYO ADMINISTRATIVO EN SALUD. | B17: 6 | C17: MARIA BLANCO (SEGUIMIENTO EP) MARIA SALINAS, GIOVANA DEL CARMEN BARRAZA OSORIO,EDNA MARGARITA BARRAZA MANOTAS.
A18: ATENCION INTEGRAL A LA PRIMERA INFANCIA. | B18: 2 | C18: YURAIMA ESCORCIA / ZAHARE ABIANTUN (PROTECCION) REEMPLAZA A YARLEY ANAYA
A19: COSMETOLOGIA Y ESTETICA INTEGRAL. | B19: 1 | C19: GUICELA MARIA CABARCAS MENDOZA
A20: ENFERMERIA. | B20: 15 | C20: JANINE ALGARIN,PATRICIA ESTHER OLACIREGUI OSPINA, JUDY MARTINEZ FLOREZ,LUZMILA ROSA ANGULO LAMADRID,KATIA MERCEDES GONZALEZ SANDOVAL,LUDDY MERCEDES CALVO OJEDA,BRIGITTE DEL CARMEN PRIETO BARROS,EILEEN PAOLA SARMIENTO TORRES, WENDY LORAINE PEREZ HOYOS,LIZETH MARIA MUÑOZ ALTAMAR,DELSY NICOLASA AMAYA PADILLA,FELICIDAD MARIA PEREZ PEREZ,CLARIT ELENA CASTILLO FERNANDEZ,JANETH PATRICIA BALMASEDA LAMADRID,MARTA NIETO REEMPLAZA A YOLIMA PALOMO OROZCO POR PROTECCION )
A21: Institucional de la Enseñanza de Idiomas - Ingles Presencial | B21: 3 | C21: , GUILLERMO ARIAS,PAULA CARRILLO
A22: Institucional de Pedagogía - Actividad Física y Hábitos de Vida Saludables | B22: 1 | C22: NELSON DE JESUS AGRESOTT MUÑOZ
A23: REGENCIA DE FARMACIA | B23: 7 | C23: CARMEN MARIA DELAHOZ HOYER,JANICE DEL CARMEN NIEBLES SOLANO,OSCAR JAVIER ALFORD MUÑOZ,OSIRIS DEL SOCORRO VILLARREAL ACOSTA,SINDY JACQUELINE ESCORCIA RODRIGUEZ,GABRIEL DE JESUS MAIGUEL RUA,CARLOS MARIO RODRIGUEZ RODRIGUEZ
A24: SALUD ORAL | B24: 1 | C24: YAMILE SANTIAGO
A25: SERVICIOS FARMACEUTICOS | B25: 3 | C25: EVELIS ESTHER RODRÍGUEZ PEREZ,FERNANDO RAFAEL GUEVARA HERRERA,JAIRO ENRIQUE VERGARA BALMACEDA
A26: SISTEMA DE GESTION DE LA SEGURIDAD Y SALUD EN EL TRABAJO SG-SST | B26: 1 | C26: SANDRA MARTINEZ
A27: SOPORTE VITAL BASICO | B27: 2 | C27: MAURICIO EMILIO RINCON MEDINA, MARINELLA MARIA LOPEZ SILGADO

Sheet Comercialización 
A1: No | B1: PROGRAMA DE FORMACIÓN | C1: COMPETENCIA | D1: PERFIL DEL INSTRUCTOR | E1: VALIDACIÓN (QUE APAREZCA, VALORES, NUMERO DE INSTRUCTORES) | F1: OBJETO CONTRACTUAL | G1: No de personas a contratar | H1: Fechas Previstas para la Contratación | J1: Plazo Previsto para la Contratación | O1: VALIDACIÓN FECHAS | P1: costo honorarios mes (Pesos) | Q1: Valor un instructor | R1: Valor total programa | S1: Deduccion Semana de Confraternidad- Alistamiento (3 al 15 de julio) | T1: Total Contratacion | W1: Contratistas
H2: Inicio | I2: Terminación | J2: Meses | K2: Días
H3: (D-M-A) | I3: (D-M-A)
A4: 1 | B4: NEGOCIACIÓN INTERNACIONAL | C4: COORDINAR EL TRANSPORTE SEGÚN MEDIOS Y MODOS. | D4: "Requisitos academicos: El Programa Requiere De Un Equipo De Instructores Técnicos, Integrado Por Tecnólogo En Negociación Internacional. Tecnólogos Y/O Profesionales En Programas De Formación Relacionados Con Los Procesos De Gestión Logística En La Cadena De Abastecimiento, O Con Énfasis En Planeación De Las Actividades Del Mercadeo, Tales Comoingeniero Industrial, Ingeniería De Mercados, Logística, O Alimentos, Administradores De Empresas, Contabilidad, Finanzas Y Ciencias Afines, Preferiblemente Con Especialización En Logística O Comercio Internacional O Negocios Internacionales Y Ciencias Afines. Experiencia Laboral Con Experiencia Laboral En El Desarrollo De Actividades Relacionadas Con Gestión Logística, Mínimo De Veinticuatro (24) Meses" | E4: OK | F4: 8-9302-321 Instructor: Prestar Servicios Personales Carácter Temporal Para La Formación Profesional Integral, En FORMACION REGULAR TITULADA Y COMPLEMENTARIAPara el Programa Formación NEGOCIACIÓN INTERNACIONAL | G4: 2 | H4: 44949 | I4: 45199 | J4: 8 | K4: 8 | P4: 3800000 | Q4: =ROUND(((P4*J4)+(P4/30)*K4),0) -> 31413333 | R4: =+Q4*G4 -> 62826666 | S4: =((P4/30)*13)*G4 -> 3293333.3 | T4: =R4-S4 -> 59533333 | W4: CARLOS PINTO CORZO ALFREDO JOSE FERNANDEZ MENDOZA
A5: 2 | B5: OPERACIONES COMERCIALES | C5: INTERACTUAR CON CLIENTES DE ACUERDO CON SUS NECESIDADES Y CON LAS POLÍTICAS Y ESTRATEGIA DE SERVICIO DE LA ORGANIZACIÓN. | D5: "Requisitos academicos: El Programa Requiere De Un Equipo De Instructores Técnicos, Integrado Por: Técnico En Operaciones Comerciales. Tecnólogos Y/O Profesionales En Programas De Formación Relacionados Con Procesos De Preparar LaExhibición De Productos Y Servicios, Teniendo En Cuenta Sus Características Y El Estilo De Exhibición, Y/OOperaciones Comerciales, Tales Comoeconomía, Administración De Empresas, Mercadeo, Logística,Ingeniería Industrial Y Ciencias Afines. Experiencia Laboral En El Caso De Los TécnicosCon Experiencia Laboral En El Desarrollo De Actividades Relacionadas ConOperaciones Comerciales, Mínimo De Treinta Y Seis (36) MesesEn El Caso De Los Tecnólogos Y/O ProfesionalesCon Experiencia Laboral En El Desarrollo DeActividades Relacionadas Con Operaciones Comerciales, Mínimo De Veinticuatro (24) Meses" | E5: OK | F5: 8-9302-898 Instructor: Prestar Servicios Personales Carácter Temporal Para La Formación Profesional Integral, En FORMACION REGULAR TITULADA Y COMPLEMENTARIAPara el Programa Formación OPERACIONES COMERCIALES | G5: 4 | H5: 44949 | I5: 45107 | J5: 5 | K5: 8 | P5: 3800000 | Q5: =ROUND(((P5*J5)+(P5/30)*K5),0) -> 20013333 | R5: =+Q5*G5 -> 80053332 | S5: 0 | T5: =R5-S5 -> 80053332 | W5: IVÁN YESID CÁRDENAS VÁSQUEZ LUZ ELENA BERRIO MARTINEZ LUIS EDUARDO URREGO CRUZ VACANTE (RONALD RAMIRO JIMENEZ NUÑEZ)
A6: 3 | B6: NEGOCIACIÓN INTERNACIONAL | C6: OPERAR LOS PROCESOS DE IMPORTACIÓN Y EXPORTACIÓN SEGÚN NORMAS Y POLÍTICAS INTERNAS Y EXTERNAS. | D6: "Requisitos academicos: El Programa Requiere De Un Equipo De Instructores Técnicos, Integrado Por Tecnólogo En Negociación Internacional. Tecnólogos Y/O Profesionales En Programas De Formación Relacionados Con Los Procesos De Gestión Logística En La Cadena De Abastecimiento, O Con Énfasis En Planeación De Las Actividades Del Mercadeo, Tales Comoingeniero Industrial, Ingeniería De Mercados, Logística, O Alimentos, Administradores De Empresas, Contabilidad, Finanzas Y Ciencias Afines, Preferiblemente Con Especialización En Logística O Comercio Internacional O Negocios Internacionales Y Ciencias Afines. Experiencia Laboral Con Experiencia Laboral En El Desarrollo De Actividades Relacionadas Con Gestión Logística, Mínimo De Veinticuatro (24) Meses" | E6: OK | F6: 8-9302-353 Instructor: Prestar Servicios Personales Carácter Temporal Para La Formación Profesional Integral, En FORMACION REGULAR TITULADA Y COMPLEMENTARIAPara el Programa Formación NEGOCIACIÓN INTERNACIONAL | G6: 3 | H6: 44949 | I6: 45107 | J6: 5 | K6: 8 | P6: 3800000 | Q6: =ROUND(((P6*J6)+(P6/30)*K6),0) -> 20013333 | R6: =+Q6*G6 -> 60039999 | S6: 0 | T6: =R6-S6 -> 60039999 | W6: JONN WILIAM CARDENAS RODRIGUEZ EVELYN FANDIÑO REDONDO MILTON SAUL FONTALVO MADRID
A7: 4 | B7: Institucional de Pedagogía - Matemáticas | C7: Matemáticas | D7: Título de Tecnólogo en núcleos básicos de conocimiento de: Educación; (SOLO TITULOS SENA). o Título Profesional universitario en núcleos básicos de conocimiento de: Educación; o Matemáticas, Estadística y Afines; o Física. (Ver anexo N.B.C). Tarjeta Profesional en los Casos Exigidos por la Ley. Tecnólogo: Treinta (30) meses de experiencia distribuida así: Dieciocho (18) meses de experiencia laboral relacionada con el desempeño en el área y doce (12) meses en docencia o instrucción o instrucción, para Profesional: Veinticuatro (24) meses de experiencia distribuida así: Doce (12) meses de experiencia laboral relacionada con el desempeño en el área y doce (12) meses en docencia o instrucción. | E7: OK | F7: 8-9302-361 Instructor: Prestar Servicios Personales Carácter Temporal Para La Formación Profesional Integral, En FORMACION REGULAR TITULADA Y COMPLEMENTARIAPara el Programa Formación ASESORIA COMERCIAL | G7: 1 | H7: 44949 | I7: 45107 | J7: 5 | K7: 8 | P7: 3800000 | Q7: =ROUND(((P7*J7)+(P7/30)*K7),0) -> 20013333 | R7: =+Q7*G7 -> 20013333 | S7: 0 | T7: =R7-S7 -> 20013333 | W7: JORGE IVAN ORELLANO REBOLLEDO
A8: 5 | B8: ASESORIA COMERCIAL | C8: Utilizar herramientas informáticas de acuerdo con las necesidades de manejo de información | D8: "Requisitos académicos: alternativa 1 tecnólogo en núcleos básicos de conocimiento deingeniería de sistemas, telemática y afines. Alternativa 2 profesional universitario en núcleos básicos de conocimiento deeducación; o ingeniería de sistemas, telemática y afines; o ingeniería electrónica, telecomunicaciones y afines; o administración experiencia laboral: alternativa 1treinta (30) meses de experiencia relacionada distribuida asídieciocho (18) meses de experiencia relacionada con el ejercicio de edumática en la formación profesional y doce (12) meses en docenciaalternativa 2veinticuatro (24) meses de experiencia relacionada distribuida asídoce (12) meses de experiencia relacionada con el ejercicio de edumática en la formación profesional y doce (12) meses en docencia" | E8: OK | F8: 8-9302-362 Instructor: Prestar Servicios Personales Carácter Temporal Para La Formación Profesional Integral, En FORMACION REGULAR TITULADA Y COMPLEMENTARIAPara el Programa Formación ASESORIA COMERCIAL | G8: 2 | H8: 44949 | I8: 45107 | J8: 5 | K8: 8 | P8: 3800000 | Q8: =ROUND(((P8*J8)+(P8/30)*K8),0) -> 20013333 | R8: =+Q8*G8 -> 40026666 | S8: 0 | T8: =R8-S8 -> 40026666 | W8: HAROLD ROBERTO NEIRA MOLINA DORISMEL PEREZ MORENO EMIL ANTONIO HERNANDEZ CRESPO
A9: 6 | B9: APLICACION DE MEDIDAS DE CONTROL PARA LA INOCUIDAD DE ALIMENTOS | C9: CONTROLAR PUNTOS DE CONTROL CRITICOS EN LOS PROCESOS DE PRODUCCIÓN SEGÚN LEGISLACION VIGENTE | D9: "Requisitos académicos: alternativa1. Título profesional en disciplina académica del núcleo básico de conocimiento en ingeniería agroindustrial, alimentos y afines. Alternativa 2. Título de tecnólogo en disciplina académica del núcleo básico de conocimiento en ingeniería agroindustrial, alimentos y afines experiencia laboral: alternativa 1: diez y ocho (18) meses de experienciade los cuales doce (12) meses estarán relacionados con el ejercicio de la profesión u oficio objeto de la formación profesional y seis (6) meses en labores de docencia alternativa 2: veinticuatro (24) meses de experiencia de los cuales diez y ocho (18) meses estarán relacionados con el ejercicio de la profesión u oficio objeto de la formación profesional y seis (6) meses en labores de docencia | E9: OK | F9: 8-9302-358 Instructor: Prestar Servicios Personales Carácter Temporal Para La Formación Profesional Integral, En FORMACION REGULAR TITULADA Y COMPLEMENTARIAPara el Programa Formación OPERACIONES COMERCIALES | G9: 1 | H9: 44949 | I9: 45107 | J9: 5 | K9: 8 | P9: 3800000 | Q9: =ROUND(((P9*J9)+(P9/30)*K9),0) -> 20013333 | R9: =+Q9*G9 -> 20013333 | S9: 0 | T9: =R9-S9 -> 20013333 | W9: KONNYE PATRICIA PUERTA ROMERO
A10: 7 | B10: GESTIÓN DE MERCADOS | C10: DESARROLLAR LOS CANALES DE DISTRIBUCIÓN A PARTIR DEL MERCADO, IDIOSINCRASIA, CULTURA Y NECESIDAD DE LOS CLIENTES. | D10: "Requisitos academicos: El Programa Requiere De Un Equipo De Instructores Técnicos, Conformado Por: Profesional Universitario O Tecnólogo En Administración De Empresas, Contaduría Y/O Ciencias Afines. Profesional Universitario O Tecnólogo En Mercadología; Mercadeo Y Publicidad; Mercadeo Publicidad Y Ventas; Mercadotecnia. Profesional O Tecnólogo En Programas De Formación Relacionados Con Los Procesos De Gestión Logística En La Cadena De Abastecimiento. Experiencia Laboral ¿Mínimo 24 (Meses) Con El Ejercicio De La Profesión U Oficio Objeto De La Formación Profesional Y Un Año En Labores De Docencia En Mercadeo" | E10: OK | F10: 8-9302-318 Instructor: Prestar Servicios Personales Carácter Temporal Para La Formación Profesional Integral, En FORMACION REGULAR TITULADA Y COMPLEMENTARIAPara el Programa Formación GESTIÓN DE MERCADOS | G10: 7 | H10: 44949 | I10: 45107 | J10: 5 | K10: 8 | P10: 3800000 | Q10: =ROUND(((P10*J10)+(P10/30)*K10),0) -> 20013333 | R10: =+Q10*G10 -> 140093331 | S10: 0 | T10: =R10-S10 -> 140093331 | W10: FREDDY GARCIA CONSUEGRA ALFREDO ENRIQUE COBOS PALACIO NATAN JOSE NADER BARBOSA GIOVANNI DELACRUZ GALEZO LEIDI LORENA DOMINGUEZ ACOSTA WALBERTO ANTONIO DELAHOZ ZAPATA JULIO ENRIQUE VALLE ROBLES
A11: 8 | B11: OPERACION DE SERVICIOS EN CONTACT CENTER Y BPO | C11: Utilizar herramientas informáticas de acuerdo con las necesidades de manejo de información | D11: "Requisitos académicos: alternativa 1 tecnólogo en núcleos básicos de conocimiento deingeniería de sistemas, telemática y afines. Alternativa 2 profesional universitario en núcleos básicos de conocimiento deeducación; o ingeniería de sistemas, telemática y afines; o ingeniería electrónica, telecomunicaciones y afines; o administración experiencia laboral: alternativa 1treinta (30) meses de experiencia relacionada distribuida asídieciocho (18) meses de experiencia relacionada con el ejercicio de edumática en la formación profesional y doce (12) meses en docenciaalternativa 2veinticuatro (24) meses de experiencia relacionada distribuida asídoce (12) meses de experiencia relacionada con el ejercicio de edumática en la formación profesional y doce (12) meses en docencia" | E11: OK | F11: 8-9302-349 Instructor: Prestar Servicios Personales Carácter Temporal Para La Formación Profesional Integral, En FORMACION REGULAR TITULADA Y COMPLEMENTARIAPara el Programa Formación OPERACION DE SERVICIOS EN CONTACT CENTER Y BPO | G11: 2 | H11: 44949 | I11: 45199 | J11: 8 | K11: 8 | P11: 3800000 | Q11: =ROUND(((P11*J11)+(P11/30)*K11),0) -> 31413333 | R11: =+Q11*G11 -> 62826666 | S11: =((P11/30)*13)*G11 -> 3293333.3 | T11: =R11-S11 -> 59533333 | W11: JORGE ISAAC TROCHA MARIOTIS NELSON EFRAIN MIRANDA BROCHERO
A12: 9 | B12: OPERACION DE SERVICIOS EN CONTACT CENTER Y BPO | C12: Atender requerimientos de los clientes de acuerdo con procedimiento técnico y normativa de procesos de negocios | D12: "Requisitos académicos: alternativa 1 título de tecnólogo en el núcleo básico de conocimiento deadministración; o economía; o ingeniería industrial y afines. Estos tecnólogos deben estar asociados a los programas de formación que impartirá en su desempeño y se citan los títulos obtenidos, núcleos básicos de conocimiento y áreas de conocimientotecnólogos en mercadeo, gestión de mercados, gestión empresarial, gestión administrativa. Alternativa 2. Requisitos académicos título profesional universitario en disciplina académica del núcleo básico de conocimiento enadministración, economía o ingeniería industrial y afines. Estas profesiones deben estar asociadas a los programas de formación que impartirá en su desempeño y se citan los títulos obtenidos, núcleos básicos de conocimiento y áreas de conocimientocomunicación social, periodismo y afines, economía, ingeniería industrial, ingeniería de mercados, administración de empresas. Experiencia laboral: alternativa 1treinta (30) meses de experiencia relacionada distribuida asídieciocho (18) meses de experiencia relacionados con el desarrollo de labores de gestión y/o administración de las operaciones de contact center o bpo doce (12) meses en docenciaalternativa 2veinticuatro (24) meses de experiencia relacionada distribuida asídoce (12) meses de experiencia relacionada con relacionados con el desarrollo de labores de gestión y/o administración de las operaciones de contact center o bpo y doce (12) meses en docencia" | E12: OK | F12: 8-9302-342 Instructor: Prestar Servicios Personales Carácter Temporal Para La Formación Profesional Integral, En FORMACION REGULAR TITULADA Y COMPLEMENTARIAPara el Programa Formación OPERACION DE SERVICIOS EN CONTACT CENTER Y BPO | G12: 3 | H12: 44949 | I12: 45199 | J12: 8 | K12: 8 | P12: 3800000 | Q12: =ROUND(((P12*J12)+(P12/30)*K12),0) -> 31413333 | R12: =+Q12*G12 -> 94239999 | S12: =((P12/30)*13)*G12 -> 4940000 | T12: =R12-S12 -> 89299999 | W12: STERLANDY CLARISS POLO MERLANO JUAN CARLOS DIAZ CERRA XAVIER ENRIQUE MENDEZ PALMA
A13: 10 | B13: Institucional de Integralidad de la Formación - Interacción Consigo Mismo, con los demás, con la Naturaleza y con la Trascendencia | C13: Interacción Consigo Mismo, con los demás, con la Naturaleza y con la Trascendencia | D13: "Requisitos academicos:Profesional en los núcleos de conocimiento de Antropología, artes liberales, o Filosofía, teología y afines, o Educación, o Sociología, trabajo social y afine, o Psicología, o Administración Experiencia laboral Veinticuatro (24) meses de experiencia distribuida así: Doce (12) meses de experiencia laboral relacionada con el desempeño en el área y doce (12) meses en docencia o instrucción Tarjeta Profesional en los Casos Exigidos por la Ley | E13: OK | F13: 8-9302-319 Instructor: Prestar Servicios Personales Carácter Temporal Para La Formación Profesional Integral, En FORMACION REGULAR TITULADA Y COMPLEMENTARIAPara el Programa Formación GESTIÓN DE MERCADOS | G13: 1 | H13: 44949 | I13: 45107 | J13: 5 | K13: 8 | P13: 3800000 | Q13: =ROUND(((P13*J13)+(P13/30)*K13),0) -> 20013333 | R13: =+Q13*G13 -> 20013333 | S13: 0 | T13: =R13-S13 -> 20013333 | W13: RONALD VERA BARBOSA
A14: 11 | B14: GESTIÓN DE MERCADOS | C14: PLANEAR ACTIVIDADES DE MERCADEO QUE RESPONDAN A LAS NECESIDADES Y EXPECTATIVAS DE LOS CLIENTES Y A LOS OBJETIVOS DE LA EMPRESA. | D14: "Requisitos academicos: El Programa Requiere De Un Equipo De Instructores Técnicos, Conformado Por: Profesional Universitario O Tecnólogo En Administración De Empresas, Contaduría Y/O Ciencias Afines. Profesional Universitario O Tecnólogo En Mercadología; Mercadeo Y Publicidad; Mercadeo Publicidad Y Ventas; Mercadotecnia. Profesional O Tecnólogo En Programas De Formación Relacionados Con Los Procesos De Gestión Logística En La Cadena De Abastecimiento. Experiencia Laboral ¿Mínimo 24 (Meses) Con El Ejercicio De La Profesión U Oficio Objeto De La Formación Profesional Y Un Año En Labores De Docencia En Mercadeo" | E14: OK | F14: 8-9302-372 Instructor: Prestar Servicios Personales Carácter Temporal Para La Formación Profesional Integral, En FORMACION REGULAR TITULADA Y COMPLEMENTARIAPara el Programa Formación GESTIÓN DE MERCADOS | G14: 7 | H14: 44949 | I14: 45199 | J14: 8 | K14: 8 | P14: 3800000 | Q14: =ROUND(((P14*J14)+(P14/30)*K14),0) -> 31413333 | R14: =+Q14*G14 -> 219893331 | S14: =((P14/30)*13)*G14 -> 11526667 | T14: =R14-S14 -> 2.0836666e+08 | W14: MARIA DEL PILAR RODRIGUEZ GARCIA LUZ KARIME DADUL GUZMAN ANDRES ESTRADA ECHEVERRY GERMAN ANTONIO VELASQUEZ VARGAS OLGA ROSA BORJAS DIART MANUEL JOAQUIN ESQUIVIA CORPAS DIEGO MAURICIO DUARTE REY
A15: 12 | B15: GESTIÓN DE MERCADOS | C15: PLANEAR ACTIVIDADES DE MERCADEO QUE RESPONDAN A LAS NECESIDADES Y EXPECTATIVAS DE LOS CLIENTES Y A LOS OBJETIVOS DE LA EMPRESA. | D15: "Requisitos academicos: El Programa Requiere De Un Equipo De Instructores Técnicos, Conformado Por: Profesional Universitario O Tecnólogo En Administración De Empresas, Contaduría Y/O Ciencias Afines. Profesional Universitario O Tecnólogo En Mercadología; Mercadeo Y Publicidad; Mercadeo Publicidad Y Ventas; Mercadotecnia. Profesional O Tecnólogo En Programas De Formación Relacionados Con Los Procesos De Gestión Logística En La Cadena De Abastecimiento. Experiencia Laboral ¿Mínimo 24 (Meses) Con El Ejercicio De La Profesión U Oficio Objeto De La Formación Profesional Y Un Año En Labores De Docencia En Mercadeo" | E15: OK | F15: 8-9302-372 Instructor: Prestar Servicios Personales Carácter Temporal Para La Formación Profesional Integral, En FORMACION REGULAR TITULADA Y COMPLEMENTARIAPara el Programa Formación GESTIÓN DE MERCADOS | G15: 4 | H15: 44949 | I15: 45199 | J15: 8 | K15: 8 | P15: 3800000 | Q15: =ROUND(((P15*J15)+(P15/30)*K15),0) -> 31413333 | R15: =+Q15*G15 -> 125653332 | S15: 0 | T15: =R15-S15 -> 125653332 | W15: JHON JAIRO GARCERANT PEREZ LULIMA MARIA VELASQUEZ PATIÑO CLAUDIA PATRICIA PARRA MARTINEZ VICTORIA EUGENIA BAENA MARTINEZ | X15: Instructores de Seguimiento a Etapa Productiva
A16: 13 | B16: GESTIÓN DE MERCADOS | C16: PLANEAR ACTIVIDADES DE MERCADEO QUE RESPONDAN A LAS NECESIDADES Y EXPECTATIVAS DE LOS CLIENTES Y A LOS OBJETIVOS DE LA EMPRESA. | D16: "Requisitos academicos: El Programa Requiere De Un Equipo De Instructores Técnicos, Conformado Por: Profesional Universitario O Tecnólogo En Administración De Empresas, Contaduría Y/O Ciencias Afines. Profesional Universitario O Tecnólogo En Mercadología; Mercadeo Y Publicidad; Mercadeo Publicidad Y Ventas; Mercadotecnia. Profesional O Tecnólogo En Programas De Formación Relacionados Con Los Procesos De Gestión Logística En La Cadena De Abastecimiento. Experiencia Laboral ¿Mínimo 24 (Meses) Con El Ejercicio De La Profesión U Oficio Objeto De La Formación Profesional Y Un Año En Labores De Docencia En Mercadeo" | E16: OK | F16: 8-9302-372 Instructor: Prestar Servicios Personales Carácter Temporal Para La Formación Profesional Integral, En FORMACION REGULAR TITULADA Y COMPLEMENTARIAPara el Programa Formación GESTIÓN DE MERCADOS | G16: 3 | H16: 44949 | I16: 45107 | J16: 5 | K16: 8 | P16: 3800000 | Q16: =ROUND(((P16*J16)+(P16/30)*K16),0) -> 20013333 | R16: =+Q16*G16 -> 60039999 | S16: 0 | T16: =R16-S16 -> 60039999 | W16: ELY JOHANNA FRANCO VILLANUEVA PRIMO ANGEL ROBLES MAYORAL MAGALI ESTHER ANDRADE RIVALDO
A17: 14 | B17: GESTIÓN DE MERCADOS | C17: COMPRENDER TEXTOS EN INGLÉS EN FORMA ESCRITA Y AUDITIVA | D17: "Opción 1: Título profesional universitario en cualquier núcleo básico de conocimiento. Nivel de lengua certificado* de mínimo B2 de acuerdo con el MCER en cada una de las 4 habilidades de dominio de lengua (Comprensión oral, Comprensión escrita, Producción oral, Producción escrita). Veinticuatro (24) meses de experiencia en la instrucción/docencia de la lengua extranjera a impartir. Opción 2: Título tecnólogo en cualquier núcleo básico de conocimiento. Nivel de lengua certificado* de mínimo B2 de acuerdo con el MCER en cada una de las 4 habilidades de dominio de lengua (Comprensión oral, Comprensión escrita, Producción oral, Producción escrita). Treinta (30) meses de experiencia en la instrucción/docencia de la lengua extranjera a impartir.Los instructores para programas de formación complementaria virtual, incluyendo bilingüismo, deberán acreditar capacitación relacionada con tutoría virtual, no inferior a 40 horas, además de cumplir los requisitos del perfil establecido en los diseños curriculares de cada programa como perfiles de instructor (en el caso de bilingüismo, el perfil está definido en el numeral 8 de la presente circular). Los instructores que se contraten para orientar programas de formación titulada virtual o titulada a distancia, deberán acreditar capacitación relacionada con tutoría virtual, no inferior a 40 horas; tener experiencia certificada de mínimo seis (6) meses como tutor virtual, además de cumplir los requisitos del perfil establecido en los diseños curriculares de cada programa." | E17: OK | F17: 8-9302-373 Instructor: Prestar Servicios Personales Carácter Temporal Para La Formación Profesional Integral, En FORMACION REGULAR TITULADA Y COMPLEMENTARIAPara el Programa Formación GESTIÓN DE MERCADOS | G17: 8 | H17: 44949 | I17: 45199 | J17: 8 | K17: 8 | P17: 3800000 | Q17: =ROUND(((P17*J17)+(P17/30)*K17),0) -> 31413333 | R17: =+Q17*G17 -> 251306664 | S17: =((P17/30)*13)*G17 -> 13173333 | T17: =R17-S17 -> 2.3813333e+08 | W17: GLORIA AMPARO TOBO JAIMES YESENIA DEL CARMEN BARROS LLAMAS JONATHAN LEONARDO GUTIERREZ ACEVEDO PAOLA ISABEL MENDOZA SOLANO ARMANDO SOLANO RODRIGUEZ JONATHAN ENRIQUE PIZARRO POLO HEIDY PATRICIA OJEDA CIENFUEGOS VACANTE (¿ALVARO CEBALLOS CASTILLA?)
A18: 14 | B18: GESTIÓN DE MERCADOS | C18: COMPRENDER TEXTOS EN INGLÉS EN FORMA ESCRITA Y AUDITIVA | D18: "Opción 1: Título profesional universitario en cualquier núcleo básico de conocimiento. Nivel de lengua certificado* de mínimo B2 de acuerdo con el MCER en cada una de las 4 habilidades de dominio de lengua (Comprensión oral, Comprensión escrita, Producción oral, Producción escrita). Veinticuatro (24) meses de experiencia en la instrucción/docencia de la lengua extranjera a impartir. Opción 2: Título tecnólogo en cualquier núcleo básico de conocimiento. Nivel de lengua certificado* de mínimo B2 de acuerdo con el MCER en cada una de las 4 habilidades de dominio de lengua (Comprensión oral, Comprensión escrita, Producción oral, Producción escrita). Treinta (30) meses de experiencia en la instrucción/docencia de la lengua extranjera a impartir.Los instructores para programas de formación complementaria virtual, incluyendo bilingüismo, deberán acreditar capacitación relacionada con tutoría virtual, no inferior a 40 horas, además de cumplir los requisitos del perfil establecido en los diseños curriculares de cada programa como perfiles de instructor (en el caso de bilingüismo, el perfil está definido en el numeral 8 de la presente circular). Los instructores que se contraten para orientar programas de formación titulada virtual o titulada a distancia, deberán acreditar capacitación relacionada con tutoría virtual, no inferior a 40 horas; tener experiencia certificada de mínimo seis (6) meses como tutor virtual, además de cumplir los requisitos del perfil establecido en los diseños curriculares de cada programa." | E18: OK | G18: 1 | H18: 44949 | I18: 45107 | J18: 5 | K18: 8 | P18: 3800000 | Q18: =ROUND(((P18*J18)+(P18/30)*K18),0) -> 20013333 | R18: =+Q18*G18 -> 20013333 | T18: =R18-S18 -> 20013333 | W18: VACANTE
A19: 15 | B19: Institucional de Integralidad de la Formación - Interacción Consigo Mismo, con los demás, con la Naturaleza y con la Trascendencia | C19: Interacción Consigo Mismo, con los demás, con la Naturaleza y con la Trascendencia | D19: "Requisitos academicos:Profesional en los núcleos de conocimiento de Antropología, artes liberales, o Filosofía, teología y afines, o Educación, o Sociología, trabajo social y afine, o Psicología, o Administración Experiencia laboral Veinticuatro (24) meses de experiencia distribuida así: Doce (12) meses de experiencia laboral relacionada con el desempeño en el área y doce (12) meses en docencia o instrucción Tarjeta Profesional en los Casos Exigidos por la Ley | E19: OK | F19: 8-9302-363 Instructor: Prestar Servicios Personales Carácter Temporal Para La Formación Profesional Integral, En FORMACION REGULAR TITULADA Y COMPLEMENTARIAPara el Programa Formación ASESORIA COMERCIAL | G19: 2 | H19: 44949 | I19: 45107 | J19: 5 | K19: 8 | P19: 3800000 | Q19: =ROUND(((P19*J19)+(P19/30)*K19),0) -> 20013333 | R19: =+Q19*G19 -> 40026666 | S19: 0 | T19: =R19-S19 -> 40026666 | W19: SILVIA GLORIA RODRIGUEZ CASTRILLON ALBERTO ENRIQUE CANDANOZA HENRIQUEZ
A20: 16 | B20: OPERACIONES COMERCIALES EN RETAIL | C20: Atender clientes de acuerdo con procedimiento de servicio y normativa | D20: "Requisitos académicos: alternativa 1 título de tecnólogo en el núcleo básico de conocimiento deadministración; o economía; o ingeniería industrial y afines. Estos tecnólogos deben estar asociados a los programas de formación que impartirá en su desempeño y se citan los títulos obtenidos, núcleos básicos de conocimiento y áreas de conocimientotecnólogos en mercadeo, gestión de mercados, gestión empresarial, gestión administrativa. Alternativa 2. Título profesional universitario en disciplina académica del núcleo básico de conocimiento enadministración, economía o ingeniería industrial y afines. Estas profesiones deben estar asociadas a los programas de formación que impartirá en su desempeño y se citan los títulos obtenidos, núcleos básicos de conocimiento y áreas de conocimientoingeniero de mercados, administración de empresas, mercadólogo, profesional en mercadeo y publicidad. Experiencia laboral: alternativa 1treinta (30) meses de experiencia relacionada distribuida asídieciocho (18) meses de experiencia relacionada con el ejercicio de ventas y doce (12) meses en docenciaalternativa 2veinticuatro (24) meses de experiencia relacionada distribuida asídoce (12) meses de experiencia relacionada con el ejercicio de ventas y doce (12) meses en docencia" | E20: OK | F20: 8-9302-320 Instructor: Prestar Servicios Personales Carácter Temporal Para La Formación Profesional Integral, En FORMACION REGULAR TITULADA Y COMPLEMENTARIAPara el Programa Formación OPERACIONES COMERCIALES EN RETAIL | G20: 1 | H20: 44949 | I20: 45107 | J20: 5 | K20: 8 | P20: 3800000 | Q20: =ROUND(((P20*J20)+(P20/30)*K20),0) -> 20013333 | R20: =+Q20*G20 -> 20013333 | S20: 0 | T20: =R20-S20 -> 20013333 | W20: ALEXANDER PADILLA SIERRA
A21: 17 | B21: INFORMACION Y SERVICIO AL CLIENTE | C21: EVALUAR LOS NIVELES DE SATISFACCIÓN DE CLIENTES Y USUARIOS EN EL CONTACT CENTER, SEGÚN ESTÁNDARES ESTABLECIDOS | D21: Requisitos académicos: profesional en administración comercial y de sistemas, y áreas relacionadas con la administración, mercadeo y ventas, formación pedagógica básica. Experiencia laboral: doce (12) meses de experiencia laboral en áreas administrativas o comerciales veinticuatro (24) de experiencia docencia | E21: OK | F21: 8-9302-352 Instructor: Prestar Servicios Personales Carácter Temporal Para La Formación Profesional Integral, En FORMACION REGULAR TITULADA Y COMPLEMENTARIAPara el Programa Formación INFORMACION Y SERVICIO AL CLIENTE | G21: 2 | H21: 44949 | I21: 45107 | J21: 5 | K21: 8 | P21: 2850000 | Q21: =ROUND(((P21*J21)+(P21/30)*K21),0) -> 15010000 | R21: =+Q21*G21 -> 30020000 | S21: 0 | T21: =R21-S21 -> 30020000 | W21: VILMA YAMILE CASTILLO PATIÑO VACANTE
A22: 18 | B22: OPERACION DE SERVICIOS EN CONTACT CENTER Y BPO | C22: GENERAR HÁBITOS SALUDABLES DE VIDA MEDIANTE LA APLICACIÓN DE PROGRAMAS DE ACTIVIDAD FÍSICA EN LOS CONTEXTOS PRODUCTIVOS Y SOCIALES. | D22: "Requisitos académicos: Licenciado en educación física. Tecnólogo en el núcleo básico de conocimiento dedeportes, educación física y recreación alternativa, Profesional en ciencias del deporte. Título profesional universitario el núcleo básico de conocimiento dedeportes, educación física y recreación; o educación física y afines; o educación, Tecnólogo en actividad física o entrenamiento deportivo con especialización tecnológica relacionada con el área de conocimiento. Experiencia laboral: Opción 1: treinta (30) meses de experiencia relacionada distribuida así dieciocho (18) meses de experiencia relacionada con el ejercicio de cultura física y doce (12) meses en docencia, Opción 2: veinticuatro (24) meses de experiencia relacionada distribuida asídoce (12) meses de experiencia relacionada con el ejercicio de la cultura física y doce (12) meses en docencia, adicionalmente certificar cursos de formación en pedagogía de mínimo 40 horas o presentar certificación de competencia laboral vigente en orientación de procesos formativos presenciales. " | E22: OK | F22: 8-9302-343 Instructor: Prestar Servicios Personales Carácter Temporal Para La Formación Profesional Integral, En FORMACION REGULAR TITULADA Y COMPLEMENTARIAPara el Programa Formación OPERACION DE SERVICIOS EN CONTACT CENTER Y BPO | G22: 1 | H22: 44949 | I22: 45107 | J22: 5 | K22: 8 | P22: 2850000 | Q22: =ROUND(((P22*J22)+(P22/30)*K22),0) -> 15010000 | R22: =+Q22*G22 -> 15010000 | S22: 0 | T22: =R22-S22 -> 15010000 | W22: VACANTE
A23: 19 | B23: Institucional de Integralidad de la Formación - Derechos Humanos y Fundamentales en el Trabajo | C23: Derechos Humanos y Fundamentales en el Trabajo | D23: "Requisitos académicos: Opción 1 Certificado de Aptitud Profesional en todas las Ocupaciones del nivel 2, o 3, o 4 opción 2 Nivel Técnico en cualquiera de los núcleos básicos de conocimiento opción 3 Nivel Tecnólogo en cualquiera de los núcleos básicos de conocimiento opción 4 Titulo Profesional en cualquiera de los núcleos básicos de conocimiento y Tarjeta Profesional en los casos estipulados por Ley. Experiencia laboral Opción 1 Cuarenta y Ocho (48) meses de experiencia distribuida así: Treinta y seis (36) meses de experiencia laboral relacionada con el desempeño en el área DERECHOS HUMANOS Y FUNDAMENTALES EN EL TRABAJO, doce (12) meses en docencia o instrucción Opción 2 Cuarenta y dos (42) meses de experiencia distribuida así: Treinta (30) meses de experiencia laboral relacionada con el desempeño en el área de DERECHOS HUMANOS Y FUNDAMENTALES EN EL TRABAJO, doce (12) meses en docencia o instrucción Opción 3 Treinta (30) meses de experiencia distribuida así: Dieciocho (18) meses de experiencia laboral relacionada con el desempeño en el área de DERECHOS HUMANOS Y FUNDAMENTALES EN EL TRABAJO, doce (12) meses en docencia o instrucción Opción 4 Veinticuatro (24) meses de experiencia distribuida así: Doce (12) meses de experiencia laboral relacionada con el desempeño en el área de DERECHOS HUMANOS Y FUNDAMENTALES EN EL TRABAJO, doce (12) meses en docencia o instrucción | E23: OK | F23: 8-9302-348 Instructor: Prestar Servicios Personales Carácter Temporal Para La Formación Profesional Integral, En FORMACION REGULAR TITULADA Y COMPLEMENTARIAPara el Programa Formación OPERACION DE SERVICIOS EN CONTACT CENTER Y BPO | G23: 1 | H23: 44949 | I23: 45107 | J23: 5 | K23: 8 | P23: 2850000 | Q23: =ROUND(((P23*J23)+(P23/30)*K23),0) -> 15010000 | R23: =+Q23*G23 -> 15010000 | S23: 0 | T23: =R23-S23 -> 15010000 | W23: DAINY ISABEL HERNANDEZ GONZALEZ
A24: 20 | B24: DIRECCIÓN DE VENTAS | C24: COORDINAR LA ACCIÓN DE VENTAS DE ACUERDO CON LOS OBJETIVOS DE VENTAS Y EL PLAN DE MERCADEO. | D24: Requisitos académicos: el programa requiere de un equipo de instructores técnicos, integrado por tecnólogo en dirección de ventas. Tecnólogos y/o profesionales en programas de formación relacionados con mercadeo, publicidad, administración comercial, coordinación y administración de la fuerza de ventas, administración de canales de distribución, tales comomercadeo, economía, administración de empresas, administración y finanzas, otras ciencias económicas y administrativas, ingeniería industrial, ingeniería comercial, comunicación social y ciencias afines. Experiencia laboral: con experiencia laboral en el desarrollo de actividades relacionadas con dirección comercial, o con venta de productos y servicios, estructuración de la fuerza de ventas, mercadeo y publicidad, gestión de superficies, realización de eventos comerciales, manejo de eventos, mínimo de veinticuatro (24) meses | E24: OK | F24: 8-9302-364 Instructor: Prestar Servicios Personales Carácter Temporal Para La Formación Profesional Integral, En FORMACION REGULAR TITULADA Y COMPLEMENTARIAPara el Programa Formación DIRECCIÓN DE VENTAS | G24: 7 | H24: 44949 | I24: 45199 | J24: 8 | K24: 8 | P24: 3800000 | Q24: =ROUND(((P24*J24)+(P24/30)*K24),0) -> 31413333 | R24: =+Q24*G24 -> 219893331 | S24: =((P24/30)*13)*G24 -> 11526667 | T24: =R24-S24 -> 2.0836666e+08 | W24: MARGARITA MERCEDES WONG MIRANDA YOVANNA SUJEIS DIAZ VILLADIEGO LUCY STELLA GONZALEZ VELILLA BELQUIS POLO OLIVERO MARLON GRANADOS NIEBLES GLORIA INES PINO DELRISCO STEFANY SARMIENTO SARMIENTO
A25: 21 | B25: DIRECCIÓN DE VENTAS | C25: COORDINAR LA ACCIÓN DE VENTAS DE ACUERDO CON LOS OBJETIVOS DE VENTAS Y EL PLAN DE MERCADEO. | D25: Requisitos académicos: el programa requiere de un equipo de instructores técnicos, integrado por tecnólogo en dirección de ventas. Tecnólogos y/o profesionales en programas de formación relacionados con mercadeo, publicidad, administración comercial, coordinación y administración de la fuerza de ventas, administración de canales de distribución, tales comomercadeo, economía, administración de empresas, administración y finanzas, otras ciencias económicas y administrativas, ingeniería industrial, ingeniería comercial, comunicación social y ciencias afines. Experiencia laboral: con experiencia laboral en el desarrollo de actividades relacionadas con dirección comercial, o con venta de productos y servicios, estructuración de la fuerza de ventas, mercadeo y publicidad, gestión de superficies, realización de eventos comerciales, manejo de eventos, mínimo de veinticuatro (24) meses | E25: OK | F25: 8-9302-364 Instructor: Prestar Servicios Personales Carácter Temporal Para La Formación Profesional Integral, En FORMACION REGULAR TITULADA Y COMPLEMENTARIAPara el Programa Formación DIRECCIÓN DE VENTAS | G25: 5 | H25: 44949 | I25: 45199 | J25: 8 | K25: 8 | P25: 3800000 | Q25: =ROUND(((P25*J25)+(P25/30)*K25),0) -> 31413333 | R25: =+Q25*G25 -> 157066665 | S25: 0 | T25: =R25-S25 -> 157066665 | W25: MARCO MEDINA MOLINA YURLEIDIS DEL CARMEN BLANCO PARDO ADRIANA LUCIA MOLINA ALDANA LUIS EDUARDO MOLINARES SILVERA DIANA MARIA PULGARIN OSSA | X25: Instructores de Seguimiento a Etapa Productiva
A26: 22 | B26: DIRECCIÓN DE VENTAS | C26: CONTABILIZAR LOS RECURSOS DE OPERACIÓN, INVERSIÓN Y FINANCIACIÓN DE ACUERDO CON LAS NORMAS Y POLÍTICAS ORGANIZACIONALES | D26: Requisitos académicos: el programa requiere de un equipo de instructores técnicos, integrado por tecnólogo en dirección de ventas. Tecnólogos y/o profesionales en programas de formación relacionados con mercadeo, publicidad, administración comercial, coordinación y administración de la fuerza de ventas, administración de canales de distribución, tales comomercadeo, economía, administración de empresas, administración y finanzas, otras ciencias económicas y administrativas, ingeniería industrial, ingeniería comercial, comunicación social y ciencias afines. Experiencia laboral: con experiencia laboral en el desarrollo de actividades relacionadas con dirección comercial, o con venta de productos y servicios, estructuración de la fuerza de ventas, mercadeo y publicidad, gestión de superficies, realización de eventos comerciales, manejo de eventos, mínimo de veinticuatro (24) meses | E26: OK | F26: 8-9302-365 Instructor: Prestar Servicios Personales Carácter Temporal Para La Formación Profesional Integral, En FORMACION REGULAR TITULADA Y COMPLEMENTARIAPara el Programa Formación DIRECCIÓN DE VENTAS | G26: 4 | H26: 44949 | I26: 45107 | J26: 5 | K26: 8 | P26: 3800000 | Q26: =ROUND(((P26*J26)+(P26/30)*K26),0) -> 20013333 | R26: =+Q26*G26 -> 80053332 | T26: =R26-S26 -> 80053332 | W26: FABIO ANDRES RODRIGUEZ VARGAS JAIRO ANTONIO HENRIQUEZ FUENTES ASUNCION LUCIA RODRIGUEZ VITAL SARA LUZ CASTRO GUTIERREZ
A27: 23 | B27: DIRECCIÓN DE VENTAS | C27: CONTABILIZAR LOS RECURSOS DE OPERACIÓN, INVERSIÓN Y FINANCIACIÓN DE ACUERDO CON LAS NORMAS Y POLÍTICAS ORGANIZACIONALES | D27: Requisitos académicos: el programa requiere de un equipo de instructores técnicos, integrado por tecnólogo en dirección de ventas. Tecnólogos y/o profesionales en programas de formación relacionados con mercadeo, publicidad, administración comercial, coordinación y administración de la fuerza de ventas, administración de canales de distribución, tales comomercadeo, economía, administración de empresas, administración y finanzas, otras ciencias económicas y administrativas, ingeniería industrial, ingeniería comercial, comunicación social y ciencias afines. Experiencia laboral: con experiencia laboral en el desarrollo de actividades relacionadas con dirección comercial, o con venta de productos y servicios, estructuración de la fuerza de ventas, mercadeo y publicidad, gestión de superficies, realización de eventos comerciales, manejo de eventos, mínimo de veinticuatro (24) meses | E27: OK | F27: 8-9302-365 Instructor: Prestar Servicios Personales Carácter Temporal Para La Formación Profesional Integral, En FORMACION REGULAR TITULADA Y COMPLEMENTARIAPara el Programa Formación DIRECCIÓN DE VENTAS | G27: 1 | H27: 44949 | I27: 45199 | J27: 8 | K27: 8 | P27: 3800000 | Q27: =ROUND(((P27*J27)+(P27/30)*K27),0) -> 31413333 | R27: =+Q27*G27 -> 31413333 | S27: 0 | T27: =R27-S27 -> 31413333 | W27: CARLOS JULIO PAJARO (Instructores de Seguimiento a Etapa Productiva NO SE DESCUENTA)
A28: 24 | B28: DIRECCIÓN DE VENTAS | C28: PROMOVER LA INTERACCIÓN IDÓNEA CONSIGO MISMO, CON LOS DEMÁS Y CON LA NATURALEZA EN LOS CONTEXTOS LABORAL Y SOCIAL | D28: Requisitos Académicos: Para el desarrollo integral de esta competencia se requiere la participación de diferentes profesionales asociados a perfiles académicos relacionados con los resultados de aprendizajes específicos, así: - Opción 1: Certificación en formación basada en competencias laborales y/o en aprendizaje por proyectos o relacionadas. - Opción 2: Profesional que tenga competencias humanísticas y formación en Ciencias Humanas. - Opción 3: Profesional educación física, recreación y deportes. - Opción 4: Profesional ciencias de la salud ocupacional. - Experiencia Laboral: - Tener experiencia mínima en procesos de formación o actividades laborales de 2 años en el área de desarrollo humano con el enfoque basado en competencias laborales. - Competencias: - Gestionar procesos de desarrollo humano según las particularidades de los contextos sociales y productivos. - Interactuar idóneamente consigo mismo con los demás y con la naturaleza según los contextos sociales y productivos. - Promover el desarrollo de las actividades físicas que posibiliten el desempeño laboral seguro y eficaz, un estilo de vida saludable y el mejoramiento de la calidad de vida - Trabajar interdisciplinariamente en la planeación - ejecución y evaluación y mejoramiento del proceso de inducción. - Propiciar la integración y participación de los aprendices en el proceso de aprendizaje. - Orientar las actividades de aprendizaje para el logro de los resultados de aprendizaje del proceso de inducción motivando la actuación protagónica de los aprendices. - Integrar a los procesos de la inducción los recursos tecnológicos disponibles. | E28: OK | F28: 8-9302-366 Instructor: Prestar Servicios Personales Carácter Temporal Para La Formación Profesional Integral, En FORMACION REGULAR TITULADA Y COMPLEMENTARIAPara el Programa Formación DIRECCIÓN DE VENTAS | G28: 2 | H28: 44949 | I28: 45107 | J28: 5 | K28: 8 | P28: 3800000 | Q28: =ROUND(((P28*J28)+(P28/30)*K28),0) -> 20013333 | R28: =+Q28*G28 -> 40026666 | S28: 0 | T28: =R28-S28 -> 40026666 | W28: RICARDO ENRIQUE KLEVER JURADO KATERINE VIZCAINO GARCIA
G29: =SUM(G4:G28) -> 75 | T29: =SUM(T4:T28) -> 1.8778333e+09

Sheet Servicios Administrativos
A1: No | B1: PROGRAMA DE FORMACIÓN | C1: COMPETENCIA | D1: PERFIL DEL INSTRUCTOR | E1: VALIDACIÓN (QUE APAREZCA, VALORES, NUMERO DE INSTRUCTORES) | F1: OBJETO CONTRACTUAL | G1: No de personas a contratar | H1: Fechas Previstas para la Contratación | J1: Plazo Previsto para la Contratación | O1: VALIDACIÓN FECHAS | P1: costo honorarios mes (Pesos) | Q1: Valor un instructor | R1: Valor total programa | S1: Deduccion Semana de Confraternidad- Alistamiento (3 al 15 de julio) | T1: Total Contratacion | U1: Contratista | V1: Observaciones
H2: Inicio | I2: Terminación | J2: Meses | K2: Días
H3: (D-M-A) | I3: (D-M-A)
A4: 1 | B4: SERVICIOS Y OPERACIONES MICROFINANCIERAS | C4: Utilizar herramientas informáticas de acuerdo con las necesidades de manejo de información | D4: Requisitos academicos: - TECNÓLOGO O PROFESIONAL EN ÁREAS AFINES CON TECNOLOGÍAS DE LA INFORMACIÓN Y LA COMUNICACIÓN. Experiencia Laboral;- MÍNIMO, DIECIOCHO (18) MESES DE EXPERIENCIA LABORAL, DE LOS CUALES DOCE (12) MESES ESTARÁN RELACIONADOS CON EL EJERCICIO DE LA PROFESIÓN U OFICIO OBJETO DE LA FORMACIÓN PROFESIONAL Y SEIS (6) MESES EN LABORES DE DOCENCIA EN EL ÁREA. | F4: 8-9302-866 Instructor: Prestar Servicios Personales Carácter Temporal Para La Formación Profesional Integral, En FORMACION REGULAR TITULADA Y COMPLEMENTARIAPara el Programa Formación SERVICIOS COMERCIALES Y FINANCIEROS Y SERVICIOS Y OPERACIONES MICROFINANCIERAS | G4: 1 | H4: 44949 | I4: 45107 | J4: 5 | K4: 8 | P4: 3800000 | Q4: =ROUND(((P4*J4)+(P4/30)*K4),0) -> 20013333 | R4: =+Q4*G4 -> 20013333 | T4: =R4-S4 -> 20013333 | U4: ANGEL ALVAREZ HERNANDEZ | V4: CONVOCATORIA 18030
A5: =1+A4 -> 2 | B5: SERVICIOS Y OPERACIONES MICROFINANCIERAS | C5: INTERACTUAR EN LENGUA INGLESA DE FORMA ORAL Y ESCRITA DENTRO DE CONTEXTOS SOCIALES Y LABORALES SEGÚN LOS CRITERIOS ESTABLECIDOS POR EL MARCO COMÚN EUROPEO DE REFERENCIA PARA LAS LENGUAS. | D5: "Opción 1: Título profesional universitario en cualquier núcleo básico de conocimiento. Nivel de lengua certificado* de mínimo B2 de acuerdo con el MCER en cada una de las 4 habilidades de dominio de lengua (Comprensión oral, Comprensión escrita, Producción oral, Producción escrita). Veinticuatro (24) meses de experiencia en la instrucción/docencia de la lengua extranjera a impartir. Opción 2: Título tecnólogo en cualquier núcleo básico de conocimiento. Nivel de lengua certificado* de mínimo B2 de acuerdo con el MCER en cada una de las 4 habilidades de dominio de lengua (Comprensión oral, Comprensión escrita, Producción oral, Producción escrita). Treinta (30) meses de experiencia en la instrucción/docencia de la lengua extranjera a impartir.Los instructores para programas de formación complementaria virtual, incluyendo bilingüismo, deberán acreditar capacitación relacionada con tutoría virtual, no inferior a 40 horas, además de cumplir los requisitos del perfil establecido en los diseños curriculares de cada programa como perfiles de instructor (en el caso de bilingüismo, el perfil está definido en el numeral 8 de la presente circular). Los instructores que se contraten para orientar programas de formación titulada virtual o titulada a distancia, deberán acreditar capacitación relacionada con tutoría virtual, no inferior a 40 horas; tener experiencia certificada de mínimo seis (6) meses como tutor virtual, además de cumplir los requisitos del perfil establecido en los diseños curriculares de cada programa." | F5: 8-9302-867 Instructor: Prestar Servicios Personales Carácter Temporal Para La Formación Profesional Integral, En FORMACION REGULAR TITULADA Y COMPLEMENTARIAPara el Programa Formación ASESORÍA COMERCIAL Y OPERACIONES DE ENTIDADES FINANCIERAS | G5: 1 | H5: 44949 | I5: 45199 | J5: 8 | K5: 8 | P5: 3800000 | Q5: =ROUND(((P5*J5)+(P5/30)*K5),0) -> 31413333 | R5: =+Q5*G5 -> 31413333 | S5: =((P5/30)*13)*G5 -> 1646666.7 | T5: =R5-S5 -> 29766666 | U5: MARIA FERNANDA BUSTOS | V5: CONVOCATORIA 18012
A6: 3 | B6: GESTION CONTABLE Y DE INFORMACION FINANCIERA | C6: Elaborar declaraciones tributarias de acuerdo con guía técnica y normativa fiscal | D6: "Requisitos académicos: El programa requiere de un equipo de instructores para orientar la competencia conformado por profesionales de las siguientes áreas: alternativa 1: titulo profesional universitario en el núcleo básico de conocimiento de: -contaduría pública -tarjeta profesional en los casos exigidos por la ley alternativa 2: título de tecnólogo en el núcleo básico de conocimiento de contaduría pública. Experiencia laboral: Alternativa 1: veinticuatro (24) meses de experiencia relacionada distribuida así: doce (12) meses de experiencia relacionada con el ejercicio de contabilidad y doce (12) meses en docencia y con el programa de formación alternativa 2: treinta (30) meses de experiencia relacionada distribuida así: dieciocho (18) meses de experiencia relacionada con el ejercicio de contabilidad y doce (12) meses en docencia y con el programa de formación" | F6: 8-9302-532 Instructor: Prestar Servicios Personales Carácter Temporal Para La Formación Profesional Integral, En FORMACION REGULAR TITULADA Y COMPLEMENTARIAPara el Programa Formación GESTION CONTABLE Y DE INFORMACION FINANCIERA | G6: 2 | H6: 44949 | I6: 45107 | J6: 5 | K6: 8 | P6: 3800000 | Q6: =ROUND(((P6*J6)+(P6/30)*K6),0) -> 20013333 | R6: =+Q6*G6 -> 40026666 | T6: =R6-S6 -> 40026666 | U6: ESTERLINA MEJIA, JAIME POSADA | V6: CONVOCATORIA 17923 | X6: AGREGADA
A7: =1+A6 -> 4 | B7: GESTION CONTABLE Y DE INFORMACION FINANCIERA | C7: Elaborar declaraciones tributarias de acuerdo con guía técnica y normativa fiscal | D7: "Requisitos académicos: El programa requiere de un equipo de instructores para orientar la competencia conformado por profesionales de las siguientes áreas: alternativa 1: titulo profesional universitario en el núcleo básico de conocimiento de: -contaduría pública -tarjeta profesional en los casos exigidos por la ley alternativa 2: título de tecnólogo en el núcleo básico de conocimiento de contaduría pública. Experiencia laboral: Alternativa 1: veinticuatro (24) meses de experiencia relacionada distribuida así: doce (12) meses de experiencia relacionada con el ejercicio de contabilidad y doce (12) meses en docencia y con el programa de formación alternativa 2: treinta (30) meses de experiencia relacionada distribuida así: dieciocho (18) meses de experiencia relacionada con el ejercicio de contabilidad y doce (12) meses en docencia y con el programa de formación" | F7: 8-9302-532 Instructor: Prestar Servicios Personales Carácter Temporal Para La Formación Profesional Integral, En FORMACION REGULAR TITULADA Y COMPLEMENTARIAPara el Programa Formación GESTION CONTABLE Y DE INFORMACION FINANCIERA | G7: 15 | H7: 44949 | I7: 45199 | J7: 8 | K7: 8 | P7: 3800000 | Q7: =ROUND(((P7*J7)+(P7/30)*K7),0) -> 31413333 | R7: =+Q7*G7 -> 471199995 | S7: =((P7/30)*13)*G7 -> 24700000 | T7: =R7-S7 -> 446499995 | U7: MAURICIO BONETH, CARLOS MADIEDO, ERICK PALACIOS, FABIAN CASTRO, MARLY ROA, JUAN JOSE PERTUZ, MARLY ROA, CAROL GOMEZ, GIOVANY PALMA, JAVIER JULIO, JESUS RODRIGUEZ, EUFEMIA PARRA, MERCEDES BIBANQUEZ, HOWARD PACHECO, GLADYS PEREZ, CESAR SALAS | V7: CONVOCATORIA 17923 nota: JOHON ORDOÑEZ, manifiesta Linda Pichon que su desempeño fue deficiente en 2022
A8: =1+A7 -> 5 | B8: CONTABILIZACION DE OPERACIONES COMERCIALES Y FINANCIERAS. | C8: Reconocer recursos financieros de acuerdo con metodología y normativa | D8: "Requisitos académicos: alternativa 1: el programa requiere de un equipo de instructores para orientar la competencia conformado por profesionales de las siguientes áreas: título profesional universitario en el núcleo básico de conocimiento de a. contaduría públicapreferiblemente con: oespecialización en tributaria, finanzas, costos, auditoria, tesorería y estándares internacionales (niifnic) o diplomado en estándares internacionales (niifnic) y manejo de paquete ofimática, excel, software contable, financiero y de nómina. Ocertificación de competencias laborales en normas técnicas y pedagógicas. Otarjeta profesional en los casos exigidos por la ley b. economista y administrador de empresaspreferiblemente con: oactualización en niif y nic, (normas internaciones de información financiera y de contabilidad), o diplomado en estándares internacionales (niifnic) y manejo de excel, software contable, financiero y de nómina. Otarjeta profesional en los casos exigidos por la ley alternativa 2: a. título de tecnólogo en el núcleo básico de conocimiento de contaduría pública; tecnólogo en contabilidad y finanzas o cuatro años de estudio aprobados en contaduría pública. Opreferiblemente con actualización en niif y nic, (normas internaciones de información financiera y de contabilidad), o diplomado en estándares internacionales (niifnic) y manejo de excel, software contable, financiero y de nómina. Experiencia laboral: alternativa 1 veinticuatro (24) meses de experiencia después de obtener título profesionalde los cuales doce (12) meses estarán relacionados con el ejercicio de la profesión u oficio objeto de la formación profesional y doce (12) meses en labores de docencia y con el programa de formación alternativa 2: treinta (30) meses de experiencia después de obtener el título o certificación de estudiosde los cuales dieciocho (18) meses, estarán relacionados con el ejercicio de la profesión u oficio objeto de la formación profesional y doce (12) meses en labores de docencia y con el programa de formación" | F8: 8-9302-956 Instructor: Prestar Servicios Personales Carácter Temporal Para La Formación Profesional Integral, En FORMACION REGULAR TITULADA Y COMPLEMENTARIAPara el Programa Formación GESTION CONTABLE Y FINANCIERA | G8: 1 | H8: 44949 | I8: 45107 | J8: 5 | K8: 8 | P8: 3800000 | Q8: =ROUND(((P8*J8)+(P8/30)*K8),0) -> 20013333 | R8: =+Q8*G8 -> 20013333 | T8: =R8-S8 -> 20013333 | U8: CLAUDIA CAPDEVILLA CARABALLO | V8: CONVOCATORIA 17897
A9: =1+A8 -> 6 | B9: SEGURIDAD DE INSTALACIONES | C9: CONTROLAR ACCESOS DE ACUERDO CON NORMATIVA DE SEGURIDAD PRIVADA | D9: "Requisitos académicos: Requisitos académicos alternativa no. 1 -formación profesional en áreas de seguridad, profesionales en derecho; administración, ingenierías industrial, sst, oficial de las ffaa, profesional en ciencias militares, administrador policial, especialista en gestión del riesgo, personal de organismos de seguridad del estado; policía nacional; con conocimiento y experticia en seguridad alternativa no. 2 -tecnólogo en salud ocupacional, suboficial de las ffaa y policía nacional; personal de organismos de seguridad del estado; policía nacional ; con conocimientos y experticia en seguridad Experiencia laboral: Requisitos de experiencia laboral alternativa 1: veinticuatro (24) meses de experiencia: de los cuales dieciocho (18) meses estarán relacionados con el ejercicio de la profesión u oficio objeto de la formación profesional y seis (6) meses en labores de docencia alternativa 2: treinta y seis (36) meses de experiencia: de los cuales veinticuatro (24) meses estarán relacionados con el ejercicio de la profesión u oficio objeto de la formación profesional y doce (12) meses en labores de docencia" | F9: 8-9302-294 Instructor: Prestar Servicios Personales Carácter Temporal Para La Formación Profesional Integral, En FORMACION REGULAR TITULADA Y COMPLEMENTARIAPara el Programa Formación SEGURIDAD DE INSTALACIONES | G9: 1 | H9: 44949 | I9: 45107 | J9: 5 | K9: 8 | P9: 3800000 | Q9: =ROUND(((P9*J9)+(P9/30)*K9),0) -> 20013333 | R9: =+Q9*G9 -> 20013333 | T9: =R9-S9 -> 20013333 | U9: JAIME VANEGAS | V9: CONVOCATORIA 17891
A10: =1+A9 -> 7 | B10: GESTIÓN BANCARIA Y DE ENTIDADES FINANCIERAS | C10: DAR ASESORÍA COMERCIAL Y FINANCIERA QUE CONDUZCA A LA SATISFACCIÓN DE LAS EXPECTATIVAS Y NECESIDADES REALES DEL CLIENTE. | D10: "Requisitos academicos: El Programa Requiere De Un Equipo De Instructores, Conformado Por Profesionales Con Titulo De Pregrado EnCiencias Económicas O AfinesIngeniería Industrial O Financiera O Afines Experiencia Laboral Veinticuatro (24) Meses De ExperienciaDe Los Cuales Dieciocho (18) Meses Estarán Relacionados Con El Ejercicio De La Profesión U Oficio Objeto De La Formación Profesional Y Preferiblemente Con Seis (6) Meses En Labores De Docencia" | F10: 8-9302-571 Instructor: Prestar Servicios Personales Carácter Temporal Para La Formación Profesional Integral, En FORMACION REGULAR TITULADA Y COMPLEMENTARIAPara el Programa Formación GESTIÓN BANCARIA Y DE ENTIDADES FINANCIERAS | G10: 7 | H10: 44949 | I10: 45199 | J10: 8 | K10: 8 | P10: 3800000 | Q10: =ROUND(((P10*J10)+(P10/30)*K10),0) -> 31413333 | R10: =+Q10*G10 -> 219893331 | S10: =((P10/30)*13)*G10 -> 11526667 | T10: =R10-S10 -> 2.0836666e+08 | U10: LISSETTE ORTIZ, EMERITA DONADO, FREDY RIAÑO, ARISTOFANES RAMOS, MARCHELO MARTINEZ, JAVIER RAMIREZ, JAVIER MORALES | V10: CONVOCATORIA 17879
A11: =1+A10 -> 8 | B11: NOMINA Y PRESTACIONES SOCIALES . | C11: Generar nómina de acuerdo con normativa | D11: Requisitos académicos: requisitos académicos alternativa 1profesional en ciencias económicas, administrativas y contables, preferiblemente con certificación en competencias laborales especificas alternativa 2tecnólogo en gestión de talento humano, con certificación en competencias laborales específicas experiencia laboral: requisitos de experiencia laboral alternativa 1veinticuatro (24) meses de experienciade los cuales dieciocho (18) meses estarán relacionados con el ejercicio de la profesión u oficio objeto de la formación profesional y seis (6) meses en labores de docencia relacionada alternativa 2treinta y seis (36) meses de experienciade los cuales veinticuatro (24) meses estarán relacionados con el ejercicio de la profesión u oficio objeto de la formación profesional y doce (12) meses en labores de docencia relacionada | F11: 8-9302-945 Instructor: Prestar Servicios Personales Carácter Temporal Para La Formación Profesional Integral, En FORMACION REGULAR TITULADA Y COMPLEMENTARIAPara el Programa Formación NOMINA Y PRESTACIONES SOCIALES . | G11: 1 | H11: 44949 | I11: 45107 | J11: 5 | K11: 8 | P11: 3800000 | Q11: =ROUND(((P11*J11)+(P11/30)*K11),0) -> 20013333 | R11: =+Q11*G11 -> 20013333 | T11: =R11-S11 -> 20013333 | U11: JAIME BARRIOS BARRIOS | V11: CONVOCATORIA 17872
A12: =1+A11 -> 9 | B12: GESTIÓN DEL TALENTO HUMANO | C12: ESTRUCTURAR CARGOS Y COMPETENCIAS SEGÚN DIRECCIONAMIENTO ESTRATÉGICO Y NORMATIVIDAD VIGENTE. | D12: "Requisitos academicos: El Programa Requiere De Un Equipo De Instructores Técnicos, Conformado Por Profesionales Formados En Alguna De Las Siguientes Áreas Ciencias Económicas O AfinesFormación Profesional En Áreas De Administración Empresarial, Pública, O Negocios, Psicología, Sociología, Comunicacoón Social Y Áreas De La Salud Ingeniería Industrial O AfinesAlternativa 1. Título De Tecnólogo O Cuatro (4) Años Estudios Universitarios Enciencias Económicas, Ingeniería Industrial, Admininsitración Pública, De Empresas O Negocios, Psicología O Áreas Afines, Comunicación Social, Sociología Y Ciencias De La Salud. Experiencia Laboral Preferiblemente Con Especialización En Gerencia Del Talento Humano, Salud Ocupacional O Áreas AfinesAlternativa 1Veinticuatro (24) Meses De ExperienciaDe Los Cuales Dieciocho (18) Meses Estarán Relacionados Con El Ejercicio De La Profesión U Oficio Objeto De La Formación Profesional Y Seis (6) Meses En Labores De DocenciaAlternativa 2Treinta Y Seis (36) Meses De ExperienciaDe Los Cuales Treinta (30) Meses Estarán Relacionados Con El Ejercicio De La Profesión U Oficio Objeto De La Formación Profesional Y Seis (6) Meses En Labores De Docencia" | F12: 8-9302-585 Instructor: Prestar Servicios Personales Carácter Temporal Para La Formación Profesional Integral, En FORMACION REGULAR TITULADA Y COMPLEMENTARIAPara el Programa Formación GESTIÓN DEL TALENTO HUMANO | G12: 15 | H12: 44949 | I12: 45199 | J12: 8 | K12: 8 | P12: 3800000 | Q12: =ROUND(((P12*J12)+(P12/30)*K12),0) -> 31413333 | R12: =+Q12*G12 -> 471199995 | S12: =((P12/30)*13)*G12 -> 24700000 | T12: =R12-S12 -> 446499995 | U12: EDWIN ARRIETA, JOSIRA ANGULO, JUAN CARLOS LEON, ADRIANA ALEAN LOPEZ, TATIANA ARRIETA, SANDRA BILBAO, YULEIDY MEDINA, LISETH ARROYO, DIEGO DIAZ, CARLOS SILVA, KEVIN CABRERA, SANDRA MARTES, CLELY BEDOYA, NATALIA MECK, ADRIANA MARTINEZ FARFAN | V12: CONVOCATORIA 17858
A13: =1+A12 -> 10 | B13: GESTION DOCUMENTAL . | C13: ORGANIZAR ARCHIVO CENTRAL DE ACUERDO CON TECNOLOGÍAS Y NORMATIVA. | D13: Requisitos académicos: requisitos académicos alternativa 1 título profesional universitario en: profesional en ciencias de la información y la documentación, bibliotecología y archivística profesional en sistemas de información, bibliotecología y archivística. Profesional en ciencia de la informaciónbibliotecología, documentación y archivística. Profesional en ciencia de la información ¿ bibliotecólogo (a) tarjeta profesional preferiblemente certificación de competencias laborales en las nclorganizar archivo central, orientar los procesos formativos presenciales con base en los planes de formación concertados. Integrar las tic en los procesos de enseñanza aprendizaje evaluación de acuerdo con las competencias a desarrollar en el aprendiz. Experiencia laboral: requisitos de experiencia laboral alternativa 1veinticuatro (24) meses de experienciade los cuales dieciocho (18) meses estarán relacionados con el ejercicio de la profesión u oficio objeto de la formación profesional y seis (6) meses en labores de docencia | F13: 8-9302-847 Instructor: Prestar Servicios Personales Carácter Temporal Para La Formación Profesional Integral, En FORMACION REGULAR TITULADA Y COMPLEMENTARIAPara el Programa Formación GESTION DOCUMENTAL . | G13: 3 | H13: 44949 | I13: 45199 | J13: 8 | K13: 8 | P13: 3800000 | Q13: =ROUND(((P13*J13)+(P13/30)*K13),0) -> 31413333 | R13: =+Q13*G13 -> 94239999 | S13: =((P13/30)*13)*G13 -> 4940000 | T13: =R13-S13 -> 89299999 | U13: STEFANY DE LA HOZ, OCTAVIO MERCADO- VACANTE | V13: CONVOCATORIA 17844
A14: =1+A13 -> 11 | B14: RECURSOS HUMANOS . | C14: SELECCIONAR CANDIDATOS DE ACUERDO CON PROCEDIMIENTO TÉCNICO Y NORMATIVA | D14: Requisitos académicos: requisitos académicos alternativa 1profesional enadministración empresarial, negocios, ingeniero industrial. Preferiblemente especialista en gestión del talento humano o con experiencia en recursos humanos, y certificación en orientar los procesos formativos presenciales con base en los planes de formación concertados; integrar las tic en los procesos de enseñanza aprendizaje de acuerdo con las competencias a desarrollar. Alternativa 2tecnólogo en gestión de talento humano, con certificación de la competencia laborar ¿vincular a las personas seleccionadas de acuerdo con la normativa legal vigente y procedimientos organizacionales¿. Experiencia laboral: alternativa 1veinticuatro (24) meses de experienciade los cuales dieciocho (18) meses estarán relacionados con el ejercicio de la profesión u oficio objeto de la formación profesional y seis (6) meses en labores de docencia alternativa 2treinta y seis (36) meses de experienciade los cuales veinticuatro (24) meses estarán relacionados con el ejercicio de la profesión u oficio objeto de la formación profesional y doce (12) meses en labores de docencia | F14: 8-9302-301 Instructor: Prestar Servicios Personales Carácter Temporal Para La Formación Profesional Integral, En FORMACION REGULAR TITULADA Y COMPLEMENTARIAPara el Programa Formación RECURSOS HUMANOS . | H14: 44949 | I14: 45199 | J14: 8 | K14: 8 | P14: 0 | Q14: =ROUND(((P14*J14)+(P14/30)*K14),0) -> 0 | R14: =+Q14*G14 -> 0 | S14: =((P14/30)*13)*G14 -> 0 | T14: =R14-S14 -> 0 | V14: NO SE ABRIO ESTA CONVOCATORIA
A15: =1+A14 -> 12 | B15: ASISTENCIA EN ORGANIZACION DE ARCHIVOS . | C15: Organizar archivos de gestión de acuerdo con normativa | D15: "Requisitos académicos: perfil técnico del instructor por competencia: alternativa 1 título profesional universitario en: ¿profesional en ciencias de la información y la documentación, bibliotecología y archivística ¿profesional en ciencia de la información y la documentación, bibliotecología y archivística ¿profesional en sistemas de información, bibliotecología y archivística. ¿profesional en ciencia de la informaciónbibliotecología, documentación y archivística. ¿profesional en ciencia de la información ¿ bibliotecólogo (a) certificación de competencias laborales en las nclorganizar archivos de gestión, orientar los procesos formativos presenciales con base en los planes de formación concertados. Integrar las tic en los procesos de enseñanza aprendizaje evaluación de acuerdo con las competencias a desarrollar en el aprendiz. Alternativa 2 título de tecnólogo en: ¿administración documental ¿gestión documental experiencia laboral: experiencia laboral: requisitos de experiencia laboral alternativa 1veinticuatro (24) meses de experienciade los cuales dieciocho (18) meses estarán relacionados con el ejercicio de la profesión u oficio objeto de la formación profesional y seis (6) meses en labores de docencia alternativa 2treinta y seis (36) meses de experienciade los cuales treinta (30) meses estarán relacionados con el ejercicio de la profesión u oficio objeto de la formación profesional y seis (6) meses en labores de docencia" | F15: 8-9302-215 Instructor: Prestar Servicios Personales Carácter Temporal Para La Formación Profesional Integral, En FORMACION REGULAR TITULADA Y COMPLEMENTARIAPara el Programa Formación ASISTENCIA EN ORGANIZACION DE ARCHIVOS . | G15: 3 | H15: 44949 | I15: 45199 | J15: 8 | K15: 8 | P15: 3800000 | Q15: =ROUND(((P15*J15)+(P15/30)*K15),0) -> 31413333 | R15: =+Q15*G15 -> 94239999 | S15: =((P15/30)*13)*G15 -> 4940000 | T15: =R15-S15 -> 89299999 | U15: CARLOS VIDES, PATRICIA GALVIS, ARACELY VARGAS | V15: CONVOCATORIA 17795
A16: =1+A15 -> 13 | B16: GESTIÓN DEL TALENTO HUMANO | C16: COMPRENDER TEXTOS EN INGLÉS EN FORMA ESCRITA Y AUDITIVA | D16: "Opción 1: Título profesional universitario en cualquier núcleo básico de conocimiento. Nivel de lengua certificado* de mínimo B2 de acuerdo con el MCER en cada una de las 4 habilidades de dominio de lengua (Comprensión oral, Comprensión escrita, Producción oral, Producción escrita). Veinticuatro (24) meses de experiencia en la instrucción/docencia de la lengua extranjera a impartir. Opción 2: Título tecnólogo en cualquier núcleo básico de conocimiento. Nivel de lengua certificado* de mínimo B2 de acuerdo con el MCER en cada una de las 4 habilidades de dominio de lengua (Comprensión oral, Comprensión escrita, Producción oral, Producción escrita). Treinta (30) meses de experiencia en la instrucción/docencia de la lengua extranjera a impartir.Los instructores para programas de formación complementaria virtual, incluyendo bilingüismo, deberán acreditar capacitación relacionada con tutoría virtual, no inferior a 40 horas, además de cumplir los requisitos del perfil establecido en los diseños curriculares de cada programa como perfiles de instructor (en el caso de bilingüismo, el perfil está definido en el numeral 8 de la presente circular). Los instructores que se contraten para orientar programas de formación titulada virtual o titulada a distancia, deberán acreditar capacitación relacionada con tutoría virtual, no inferior a 40 horas; tener experiencia certificada de mínimo seis (6) meses como tutor virtual, además de cumplir los requisitos del perfil establecido en los diseños curriculares de cada programa." | F16: 8-9302-586 Instructor: Prestar Servicios Personales Carácter Temporal Para La Formación Profesional Integral, En FORMACION REGULAR TITULADA Y COMPLEMENTARIAPara el Programa Formación GESTIÓN DEL TALENTO HUMANO | G16: 2 | H16: 44949 | I16: 45199 | J16: 8 | K16: 8 | P16: 3800000 | Q16: =ROUND(((P16*J16)+(P16/30)*K16),0) -> 31413333 | R16: =+Q16*G16 -> 62826666 | S16: =((P16/30)*13)*G16 -> 3293333.3 | T16: =R16-S16 -> 59533333 | U16: GARY PEREZ y VACANTE | V16: CONVOCATORIA 17776 ( LUIS MARRIAGA(NO APARECE EN EL ANEXO VOO3)
A17: =1+A16 -> 14 | B17: GESTION CONTABLE Y DE INFORMACION FINANCIERA | C17: GENERAR HÁBITOS SALUDABLES DE VIDA MEDIANTE LA APLICACIÓN DE PROGRAMAS DE ACTIVIDAD FÍSICA EN LOS CONTEXTOS PRODUCTIVOS Y SOCIALES. | D17: "Requisitos académicos: Licenciado en educación física. Tecnólogo en el núcleo básico de conocimiento dedeportes, educación física y recreación alternativa, Profesional en ciencias del deporte. Título profesional universitario el núcleo básico de conocimiento dedeportes, educación física y recreación; o educación física y afines; o educación, Tecnólogo en actividad física o entrenamiento deportivo con especialización tecnológica relacionada con el área de conocimiento. Experiencia laboral: Opción 1: treinta (30) meses de experiencia relacionada distribuida así dieciocho (18) meses de experiencia relacionada con el ejercicio de cultura física y doce (12) meses en docencia, Opción 2: veinticuatro (24) meses de experiencia relacionada distribuida asídoce (12) meses de experiencia relacionada con el ejercicio de la cultura física y doce (12) meses en docencia, adicionalmente certificar cursos de formación en pedagogía de mínimo 40 horas o presentar certificación de competencia laboral vigente en orientación de procesos formativos presenciales. " | F17: 8-9302-533 Instructor: Prestar Servicios Personales Carácter Temporal Para La Formación Profesional Integral, En FORMACION REGULAR TITULADA Y COMPLEMENTARIAPara el Programa Formación GESTION CONTABLE Y DE INFORMACION FINANCIERA. | G17: 0 | H17: 44949 | I17: 45107 | J17: 5 | K17: 8 | P17: 2850000 | Q17: =ROUND(((P17*J17)+(P17/30)*K17),0) -> 15010000 | R17: =+Q17*G17 -> 0 | T17: =R17-S17 -> 0 | U17: DESIERTA (no se contrtara) | V17: CONVOCATORIA 17773 DESIERTA. DE 6 HORAS
A18: =1+A17 -> 15 | B18: GESTIÓN BANCARIA Y DE ENTIDADES FINANCIERAS | C18: COMPRENDER TEXTOS EN INGLÉS EN FORMA ESCRITA Y AUDITIVA | D18: "Opción 1: Título profesional universitario en cualquier núcleo básico de conocimiento. Nivel de lengua certificado* de mínimo B2 de acuerdo con el MCER en cada una de las 4 habilidades de dominio de lengua (Comprensión oral, Comprensión escrita, Producción oral, Producción escrita). Veinticuatro (24) meses de experiencia en la instrucción/docencia de la lengua extranjera a impartir. Opción 2: Título tecnólogo en cualquier núcleo básico de conocimiento. Nivel de lengua certificado* de mínimo B2 de acuerdo con el MCER en cada una de las 4 habilidades de dominio de lengua (Comprensión oral, Comprensión escrita, Producción oral, Producción escrita). Treinta (30) meses de experiencia en la instrucción/docencia de la lengua extranjera a impartir.Los instructores para programas de formación complementaria virtual, incluyendo bilingüismo, deberán acreditar capacitación relacionada con tutoría virtual, no inferior a 40 horas, además de cumplir los requisitos del perfil establecido en los diseños curriculares de cada programa como perfiles de instructor (en el caso de bilingüismo, el perfil está definido en el numeral 8 de la presente circular). Los instructores que se contraten para orientar programas de formación titulada virtual o titulada a distancia, deberán acreditar capacitación relacionada con tutoría virtual, no inferior a 40 horas; tener experiencia certificada de mínimo seis (6) meses como tutor virtual, además de cumplir los requisitos del perfil establecido en los diseños curriculares de cada programa." | F18: 8-9302-572 Instructor: Prestar Servicios Personales Carácter Temporal Para La Formación Profesional Integral, En FORMACION REGULAR TITULADA Y COMPLEMENTARIAPara el Programa Formación GESTIÓN BANCARIA Y DE ENTIDADES FINANCIERAS | G18: 1 | H18: 44949 | I18: 45199 | J18: 8 | K18: 8 | P18: 3800000 | Q18: =ROUND(((P18*J18)+(P18/30)*K18),0) -> 31413333 | R18: =+Q18*G18 -> 31413333 | S18: =((P18/30)*13)*G18 -> 1646666.7 | T18: =R18-S18 -> 29766666 | U18: JAVIER BOLAÑOS PAEZ | V18: CONVOCATORIA 17744
A19: =1+A18 -> 16 | B19: ASISTENCIA ADMINISTRATIVA . | C19: GENERAR HÁBITOS SALUDABLES DE VIDA MEDIANTE LA APLICACIÓN DE PROGRAMAS DE ACTIVIDAD FÍSICA EN LOS CONTEXTOS PRODUCTIVOS Y SOCIALES. | D19: "Requisitos académicos: Licenciado en educación física. Tecnólogo en el núcleo básico de conocimiento dedeportes, educación física y recreación alternativa, Profesional en ciencias del deporte. Título profesional universitario el núcleo básico de conocimiento dedeportes, educación física y recreación; o educación física y afines; o educación, Tecnólogo en actividad física o entrenamiento deportivo con especialización tecnológica relacionada con el área de conocimiento. Experiencia laboral: Opción 1: treinta (30) meses de experiencia relacionada distribuida así dieciocho (18) meses de experiencia relacionada con el ejercicio de cultura física y doce (12) meses en docencia, Opción 2: veinticuatro (24) meses de experiencia relacionada distribuida asídoce (12) meses de experiencia relacionada con el ejercicio de la cultura física y doce (12) meses en docencia, adicionalmente certificar cursos de formación en pedagogía de mínimo 40 horas o presentar certificación de competencia laboral vigente en orientación de procesos formativos presenciales. " | F19: 8-9302-524 Instructor: Prestar Servicios Personales Carácter Temporal Para La Formación Profesional Integral, En FORMACION REGULAR TITULADA Y COMPLEMENTARIAPara el Programa Formación ASISTENCIA ADMINISTRATIVA . | G19: 1 | H19: 44949 | I19: 45107 | J19: 5 | K19: 8 | P19: 3800000 | Q19: =ROUND(((P19*J19)+(P19/30)*K19),0) -> 20013333 | R19: =+Q19*G19 -> 20013333 | T19: =R19-S19 -> 20013333 | U19: JHON LECHUGA CASTRO | V19: CONVOCATORIOA 17726
A20: =1+A19 -> 17 | B20: ASISTENCIA ADMINISTRATIVA . | C20: Ejercer derechos fundamentales del trabajo en el marco de la constitución política y los convenios internacionales. | D20: "Requisitos académicos: Certificado de Aptitud Profesional – SENA, o certificado por autoridad competente en cualquiera de las nueve áreas de desempeño de la CNO y en el nivel ocupacional 2,3 o 4 (Ver anexo C. N.O). Opción 1: Certificado de técnico, o certificado por autoridad competente en cualquiera de las nueve áreas de desempeño de la CNO y en el nivel ocupacional 3 o 4 (Ver anexo C. N.O). Opción 2: Título de Técnico Profesional en cualquiera de los 55 núcleos básicos de conocimiento, o en NULL o Sin clasificar. Ver anexos: (N.B.C.), (TITULOS SENA). Opción 3: Título de Tecnólogo en cualquiera de los 55 núcleos básicos de conocimiento, o en NULL o Sin clasificar. Ver anexos: (N.B.C.), (TITULOS SENA). Opción 4: Título Profesional universitario en cualquiera de los 55 núcleos básicos de conocimiento, o en NULL o Sin clasificar. (Ver anexo N.B.C) Tarjeta profesional en los casos exigidos por la Ley Experiencia laboral: Cuarenta y ocho (48) meses de experiencia relacionada distribuida así: Treinta y seis (36) meses de experiencia relacionada con el ejercicio de los derechos humanos y fundamentales del trabajo y doce (12) meses en docencia o instrucción certificada por entidad legalmente reconocida. Opción 1: Cuarenta y dos (42) meses de experiencia relacionada distribuida así: Treinta (30) meses de experiencia relacionada con el ejercicio de los derechos humanos y fundamentales del trabajo y Doce (12) meses en docencia o instrucción certificada por entidad legalmente reconocida. Opción 2: Treinta y seis (36) meses de experiencia relacionada distribuida así: Veinticuatro (24) meses de experiencia relacionada con el ejercicio de los derechos humanos y fundamentales del trabajo y doce (12) meses en docencia o instrucción certificada por entidad legalmente reconocida. Opción 3: Treinta (30) meses de experiencia relacionada distribuida así: Dieciocho (18) meses de experiencia relacionada con el ejercicio de los derechos humanos y fundamentales del trabajo y doce (12) meses en docencia o instrucción certificada por entidad legalmente reconocida Opción 4: Veinticuatro (24) meses de experiencia relacionada distribuida así: Doce (12) meses de experiencia relacionada con el ejercicio de los derechos humanos y fundamentales del trabajo y doce (12) meses en docencia o instrucción certificada por entidad legalmente reconocida. Competencias:1. Crea espacios pedagógicos de reflexión y apropiación para la valoración de los derechos y deberes en el trabajo 2. Interpreta la relación entre el trabajo y el desarrollo humano. 3. Identifica la naturaleza de los derechos humanos y del trabajo. 4. Genera procesos de interacción social interacciones en el marco de los derechos humanos y laborales para el desarrollo social para el desarrollo de con autonomía y dignidad. 5. Implementa acciones para la elaboración el diligenciamiento de documentos relacionados con la política pública, de salarios y los acuerdos internacionales de la OIT y los derechos económicos, sociales y de bienestar derivadas de las acciones laborales. 6. Argumenta los derechos el ejercicio de los derechos fundamentales del trabajo y los mecanismos de protección como ejercicio de la ciudadanía laboral. 7. Organiza acciones pedagógicas para la aplicación de los principios de los derechos de asociación. 8. Integra acciones de solidaridad para la defensa del ser humano, la naturaleza y la cultura de la paz. y los valores de la convivencia la paz y la ciudadana." | F20: 8-9302-525 Instructor: Prestar Servicios Personales Carácter Temporal Para La Formación Profesional Integral, En FORMACION REGULAR TITULADA Y COMPLEMENTARIAPara el Programa Formación ASISTENCIA ADMINISTRATIVA . | G20: 1 | H20: 44949 | I20: 45107 | J20: 5 | K20: 8 | P20: 3800000 | Q20: =ROUND(((P20*J20)+(P20/30)*K20),0) -> 20013333 | R20: =+Q20*G20 -> 20013333 | T20: =R20-S20 -> 20013333 | U20: LILIA VISBAL MARTINEZ | V20: CONVOCAATORIA 17712
A21: =1+A20 -> 18 | B21: GESTION CONTABLE Y DE INFORMACION FINANCIERA | C21: APLICAR PRÁCTICAS DE PROTECCIÓN AMBIENTAL, SEGURIDAD Y SALUD EN EL TRABAJO DE ACUERDO CON LAS POLÍTICAS ORGANIZACIONALES Y LA NORMATIVIDAD VIGENTE. | D21: "Requisitos académicos: Profesional especializado en seguridad y salud en el trabajo con formación en gestión ambiental o educación ambiental. Ingeniero ambiental, ecólogo o profesiones afines con formación en seguridad y salud en el trabajo. Profesional con especialización en gestión ambiental y seguridad y salud en el trabajo. Profesional en salud ocupacional, en seguridad y salud en el trabajo, en administración de riesgo y seguridad y salud en el trabajo, administración de la seguridad y salud ocupacional o ingeniero en seguridad y salud en el trabajo. Título profesional universitario en núcleos básicos de conocimiento de biología, microbiología y afines; o ingeniería sanitaria y afines; o educación; o ingeniería industrial y afines. Tecnólogo en control ambiental con formación demostrada en seguridad y salud en el trabajo. Tecnólogo en salud ocupacional o seguridad y salud en el trabajo con formación en gestión ambiental. Tecnólogo en gestión de la seguridad y salud en el trabajo, gestión de calidad, seguridad en el trabajo y ambiente, gestión ambiental o en gestión integrada de la calidad, medio ambiente, seguridad y salud ocupacional. título de tecnólogo en el núcleo básico de conocimiento de salud pública; o ingeniería civil y afines; ver anexos(n. B. C. ), (titulos sena) con licencia en salud ocupacional, Título profesional universitario en el núcleo básico de conocimiento de salud pública; o ingeniería química y afines; o ingeniería de minas, metalurgia y afines; o medicina; o terapias; o enfermería; o sociología, trabajo social y afines; o administración (ver anexo n. B. C) con licencia en salud ocupacional. Licenciado en educación física profesional en ciencias del deporte. Tecnólogo en actividad física o entrenamiento deportivo con especialización tecnológica relacionada con el área de conocimiento. Experiencia laboral: mínimo 12 meses de experiencia laboral en el área objeto del desempeño. Tecnólogo en salud ocupacional, tecnólogo en gestión integrada de la calidad, medio ambiente, seguridad y salud ocupacional, tecnólogo en control integrado de la calidad, medio ambiente, seguridad y salud ocupacional, tecnólogo en gestión en salud ocupacional, o tecnólogo en gestión de salud ocupacional, seguridad y medio ambiente. Profesional en salud ocupacional o administración de la seguridad y salud ocupacional, profesional en cualquier área del conocimiento con posgrado en seguridad y salud en el trabajo, en higiene y salud ocupacional, gerencia en salud ocupacional, en salud ocupacional e higiene del trabajo, en administración de salud ocupacional, en salud ocupacional y ambiental, salud ocupacional y riesgos laborales, en salud ocupacional, gerencia y control de riesgos, en hseq sistemas integrados de seguridad y salud ocupacional ambiental y calidad, en higiene, seguridad y salud en el trabajo, en sistemas integrados de gestión, seguridad y salud en el trabajo o en gestión integrada de la seguridad y salud en el trabajo, calidad y medio ambiente. Experiencia laboral: veinticuatro (24) meses de los cuales dieciocho (18) meses estarán relacionados con el ejercicio de la profesión u oficio objeto de la formación profesional y seis (6) meses en labores de docencia. Certificar cursos de formación en pedagogía de mínimo 40 horas o presentar certificación de competencia laboral vigente en orientación de procesos formativos presenciales" | F21: 8-9302-534 Instructor: Prestar Servicios Personales Carácter Temporal Para La Formación Profesional Integral, En FORMACION REGULAR TITULADA Y COMPLEMENTARIAPara el Programa Formación GESTION CONTABLE Y DE INFORMACION FINANCIERA | G21: 1 | H21: 44949 | I21: 45107 | J21: 5 | K21: 8 | P21: 3800000 | Q21: =ROUND(((P21*J21)+(P21/30)*K21),0) -> 20013333 | R21: =+Q21*G21 -> 20013333 | T21: =R21-S21 -> 20013333 | U21: POR DEFINIR (ANGELA PALOMA CALDERON BERNAL) convocatoria 18355 puntaje 45 | V21: CONVOCATORIA 17701 DESIERTA. REVISAR LA POSIBILIDAD QUE LA CUBRA EUGENIA CARO SE POSTULO POR EQUIVOCACION EN LA CONVOCATORIA 18609 DONDE FUE PRESELECCIONADA
A22: 19 | B22: GESTION CONTABLE Y DE INFORMACION FINANCIERA | C22: rINTERACTUAR EN LENGUA INGLESA DE FORMA ORAL Y ESCRITA DENTRO DE CONTEXTOS SOCIALES Y LABORALES SEGÚN LOS CRITERIOS ESTABLECIDOS POR EL MARCO COMÚN EUROPEO DE REFERENCIA PARA LAS LENGUAS | D22: Perfil Instructor"Opción 1: Título profesional universitario en cualquier núcleo básico de conocimiento. Nivel de lengua certificado* de mínimo B2 de acuerdo con el MCER en cada una de las 4 habilidades de dominio de lengua (Comprensión oral, Comprensión escrita, Producción oral, Producción escrita). Veinticuatro (24) meses de experiencia en la instrucción/docencia de la lengua extranjera a impartir. Opción 2: Título tecnólogo en cualquier núcleo básico de conocimiento. Nivel de lengua certificado* de mínimo B2 de acuerdo con el MCER en cada una de las 4 habilidades de dominio de lengua (Comprensión oral, Comprensión escrita, Producción oral, Producción escrita). Treinta (30) meses de experiencia en la instrucción/docencia de la lengua extranjera a impartir.Los instructores para programas de formación complementaria virtual, incluyendo bilingüismo, deberán acreditar capacitación relacionada con tutoría virtual, no inferior a 40 horas, además de cumplir los requisitos del perfil establecido en los diseños curriculares de cada programa como perfiles de instructor (en el caso de bilingüismo, el perfil está definido en el numeral 8 de la presente circular). Los instructores que se contraten para orientar programas de formación titulada virtual o titulada a distancia, deberán acreditar capacitación relacionada con tutoría virtual, no inferior a 40 horas; tener experiencia certificada de mínimo seis (6) meses como tutor virtual, además de cumplir los requisitos del perfil establecido en los diseños curriculares de cada programa. | F22: 8-9302-536 Instructor: Prestar Servicios Personales Carácter Temporal Para La Formación Profesional Integral, En FORMACION REGULAR TITULADA Y COMPLEMENTARIAPara el Programa Formación GESTION CONTABLE Y DE INFORMACION FINANCIERA | G22: 1 | H22: 44949 | I22: 45107 | J22: 5 | K22: 8 | P22: 3800000 | Q22: =ROUND(((P22*J22)+(P22/30)*K22),0) -> 20013333 | R22: =+Q22*G22 -> 20013333 | T22: =R22-S22 -> 20013333 | U22: ELIGIO CASTAÑO RUIZ | V22: CONVOCATORIA 17683 | X22: AGREGADA
A23: 20 | B23: ASISTENCIA ADMINISTRATIVA . | C23: DESARROLLAR PROCESOS DE COMUNICACIÓN EFICACES Y EFECTIVOS, TENIENDO EN CUENTA SITUACIONES DE ORDEN SOCIAL, PERSONAL Y PRODUCTIVO. | D23: Requisitos académicos: Profesional en ciencias de la comunicación, periodismo, lingüística, filología, lenguas clásicas o modernas, español y literatura. Experiencia laboral: ¿ un (1) año de experiencia laboral en el área seis (6) meses de experiencia docente. | F23: 8-9302-527 Instructor: Prestar Servicios Personales Carácter Temporal Para La Formación Profesional Integral, En FORMACION REGULAR TITULADA Y COMPLEMENTARIAPara el Programa Formación ASISTENCIA ADMINISTRATIVA . | G23: 1 | H23: 44949 | I23: 45107 | J23: 5 | K23: 8 | P23: 3800000 | Q23: =ROUND(((P23*J23)+(P23/30)*K23),0) -> 20013333 | R23: =+Q23*G23 -> 20013333 | T23: =R23-S23 -> 20013333 | U23: MAYOLIS OQUENDO | V23: CONVOCATORIA 17657
A24: =1+A23 -> 21 | B24: GESTION CONTABLE Y DE INFORMACION FINANCIERA | C24: Enrique Low Murtra-Interactuar en el contexto productivo y social de acuerdo con principios éticos para la construcción de una cultura de paz. | D24: "Requisitos académicos: Opción 1: profesionales en ciencias sociales, filosofía, o antropología, o psicología, o trabajo social, o sociología o teología, ciencia política, relaciones internacionales o afines. Opción 2: Profesional con estudios relacionados en ética, o bioética, o deontología o humanismo, formación en pedagogía de mínimo 40 horas. Experiencia laboral: veinticuatro (24) meses de experiencia de los cuales dieciocho (18) meses estarán relacionados con el ejercicio de la profesión u oficio objeto de la formación profesional y seis (6) meses en labores de docencia y/o trabajo comunitario." | F24: 8-9302-535 Instructor: Prestar Servicios Personales Carácter Temporal Para La Formación Profesional Integral, En FORMACION REGULAR TITULADA Y COMPLEMENTARIAPara el Programa Formación GESTION CONTABLE Y DE INFORMACION FINANCIERA | G24: 1 | H24: 44949 | I24: 45199 | J24: 8 | K24: 8 | P24: 3800000 | Q24: =ROUND(((P24*J24)+(P24/30)*K24),0) -> 31413333 | R24: =+Q24*G24 -> 31413333 | T24: =R24-S24 -> 31413333 | U24: MARIA AUXILIADORA DE LA HOZ | V24: CONVOCATORIA 17624 (instructor de Seguimiento sin descuento)
A25: =1+A24 -> 22 | B25: GESTION CONTABLE Y DE INFORMACION FINANCIERA | C25: INTERACTUAR EN LENGUA INGLESA DE FORMA ORAL Y ESCRITA DENTRO DE CONTEXTOS SOCIALES Y LABORALES SEGÚN LOS CRITERIOS ESTABLECIDOS POR EL MARCO COMÚN EUROPEO DE REFERENCIA PARA LAS LENGUAS. | D25: "Opción 1: Título profesional universitario en cualquier núcleo básico de conocimiento. Nivel de lengua certificado* de mínimo B2 de acuerdo con el MCER en cada una de las 4 habilidades de dominio de lengua (Comprensión oral, Comprensión escrita, Producción oral, Producción escrita). Veinticuatro (24) meses de experiencia en la instrucción/docencia de la lengua extranjera a impartir. Opción 2: Título tecnólogo en cualquier núcleo básico de conocimiento. Nivel de lengua certificado* de mínimo B2 de acuerdo con el MCER en cada una de las 4 habilidades de dominio de lengua (Comprensión oral, Comprensión escrita, Producción oral, Producción escrita). Treinta (30) meses de experiencia en la instrucción/docencia de la lengua extranjera a impartir.Los instructores para programas de formación complementaria virtual, incluyendo bilingüismo, deberán acreditar capacitación relacionada con tutoría virtual, no inferior a 40 horas, además de cumplir los requisitos del perfil establecido en los diseños curriculares de cada programa como perfiles de instructor (en el caso de bilingüismo, el perfil está definido en el numeral 8 de la presente circular). Los instructores que se contraten para orientar programas de formación titulada virtual o titulada a distancia, deberán acreditar capacitación relacionada con tutoría virtual, no inferior a 40 horas; tener experiencia certificada de mínimo seis (6) meses como tutor virtual, además de cumplir los requisitos del perfil establecido en los diseños curriculares de cada programa." | F25: 8-9302-536 Instructor: Prestar Servicios Personales Carácter Temporal Para La Formación Profesional Integral, En FORMACION REGULAR TITULADA Y COMPLEMENTARIAPara el Programa Formación GESTION CONTABLE Y DE INFORMACION FINANCIERA | G25: 1 | H25: 44949 | I25: 45107 | J25: 5 | K25: 8 | P25: 3800000 | Q25: =ROUND(((P25*J25)+(P25/30)*K25),0) -> 20013333 | R25: =+Q25*G25 -> 20013333 | T25: =R25-S25 -> 20013333 | U25: PABLO HENRIQUEZ BELTRAN | V25: CONVOCATORIA 17618
A26: =1+A25 -> 23 | B26: ASISTENCIA ADMINISTRATIVA . | C26: Gestionar procesos propios de la cultura emprendedora y empresarial de acuerdo con el perfil personal y los requerimientos de los contextos productivo y social. | D26: "Requisitos académicos: Profesional en ciencias económicas o financieras, profesional en administración de empresas, profesional en mercadeo, contaduría pública, ingeniería administrativa y afines, profesional en ingeniería industrial o afines, profesional en filosofía, antropología, psicología, trabajo social, sociología o afines, profesional con estudios relacionados en ética, o bioética, o de ontología o humanismo, certificar cursos de formación en pedagogía de mínimo 40 horas. Experiencia laboral: veinticuatro (24) meses de experiencia de los cuales doce (12) meses estarán relacionados con el ejercicio de la profesión u oficio objeto de la formación profesional y doce (12) meses en labores de docencia." | F26: 8-9302-528 Instructor: Prestar Servicios Personales Carácter Temporal Para La Formación Profesional Integral, En FORMACION REGULAR TITULADA Y COMPLEMENTARIAPara el Programa Formación ASISTENCIA ADMINISTRATIVA . | G26: 1 | H26: 44949 | I26: 45199 | J26: 8 | K26: 8 | P26: 3800000 | Q26: =ROUND(((P26*J26)+(P26/30)*K26),0) -> 31413333 | R26: =+Q26*G26 -> 31413333 | S26: =((P26/30)*13)*G26 -> 1646666.7 | T26: =R26-S26 -> 29766666 | U26: ROBINSON PADILLA VARELA | V26: CONVOCATORIA 17610
A27: =1+A26 -> 24 | B27: GESTION DOCUMENTAL . | C27: INTERACTUAR EN LENGUA INGLESA DE FORMA ORAL Y ESCRITA DENTRO DE CONTEXTOS SOCIALES Y LABORALES SEGÚN LOS CRITERIOS ESTABLECIDOS POR EL MARCO COMÚN EUROPEO DE REFERENCIA PARA LAS LENGUAS. | D27: "Opción 1: Título profesional universitario en cualquier núcleo básico de conocimiento. Nivel de lengua certificado* de mínimo B2 de acuerdo con el MCER en cada una de las 4 habilidades de dominio de lengua (Comprensión oral, Comprensión escrita, Producción oral, Producción escrita). Veinticuatro (24) meses de experiencia en la instrucción/docencia de la lengua extranjera a impartir. Opción 2: Título tecnólogo en cualquier núcleo básico de conocimiento. Nivel de lengua certificado* de mínimo B2 de acuerdo con el MCER en cada una de las 4 habilidades de dominio de lengua (Comprensión oral, Comprensión escrita, Producción oral, Producción escrita). Treinta (30) meses de experiencia en la instrucción/docencia de la lengua extranjera a impartir.Los instructores para programas de formación complementaria virtual, incluyendo bilingüismo, deberán acreditar capacitación relacionada con tutoría virtual, no inferior a 40 horas, además de cumplir los requisitos del perfil establecido en los diseños curriculares de cada programa como perfiles de instructor (en el caso de bilingüismo, el perfil está definido en el numeral 8 de la presente circular). Los instructores que se contraten para orientar programas de formación titulada virtual o titulada a distancia, deberán acreditar capacitación relacionada con tutoría virtual, no inferior a 40 horas; tener experiencia certificada de mínimo seis (6) meses como tutor virtual, además de cumplir los requisitos del perfil establecido en los diseños curriculares de cada programa." | F27: 8-9302-848 Instructor: Prestar Servicios Personales Carácter Temporal Para La Formación Profesional Integral, En FORMACION REGULAR TITULADA Y COMPLEMENTARIAPara el Programa Formación GESTION DOCUMENTAL . | G27: 1 | H27: 44949 | I27: 45199 | J27: 8 | K27: 8 | P27: 3800000 | Q27: =ROUND(((P27*J27)+(P27/30)*K27),0) -> 31413333 | R27: =+Q27*G27 -> 31413333 | S27: =((P27/30)*13)*G27 -> 1646666.7 | T27: =R27-S27 -> 29766666 | U27: JOSE CALLEJAS | V27: CONVOCATORIA 17602. QUEDA PENDIENTE UNA VACANTE
A28: =1+A27 -> 25 | B28: ASISTENCIA ADMINISTRATIVA . | C28: INTERACTUAR EN LENGUA INGLESA DE FORMA ORAL Y ESCRITA DENTRO DE CONTEXTOS SOCIALES Y LABORALES SEGÚN LOS CRITERIOS ESTABLECIDOS POR EL MARCO COMÚN EUROPEO DE REFERENCIA PARA LAS LENGUAS. | D28: "Opción 1: Título profesional universitario en cualquier núcleo básico de conocimiento. Nivel de lengua certificado* de mínimo B2 de acuerdo con el MCER en cada una de las 4 habilidades de dominio de lengua (Comprensión oral, Comprensión escrita, Producción oral, Producción escrita). Veinticuatro (24) meses de experiencia en la instrucción/docencia de la lengua extranjera a impartir. Opción 2: Título tecnólogo en cualquier núcleo básico de conocimiento. Nivel de lengua certificado* de mínimo B2 de acuerdo con el MCER en cada una de las 4 habilidades de dominio de lengua (Comprensión oral, Comprensión escrita, Producción oral, Producción escrita). Treinta (30) meses de experiencia en la instrucción/docencia de la lengua extranjera a impartir.Los instructores para programas de formación complementaria virtual, incluyendo bilingüismo, deberán acreditar capacitación relacionada con tutoría virtual, no inferior a 40 horas, además de cumplir los requisitos del perfil establecido en los diseños curriculares de cada programa como perfiles de instructor (en el caso de bilingüismo, el perfil está definido en el numeral 8 de la presente circular). Los instructores que se contraten para orientar programas de formación titulada virtual o titulada a distancia, deberán acreditar capacitación relacionada con tutoría virtual, no inferior a 40 horas; tener experiencia certificada de mínimo seis (6) meses como tutor virtual, además de cumplir los requisitos del perfil establecido en los diseños curriculares de cada programa." | F28: 8-9302-529 Instructor: Prestar Servicios Personales Carácter Temporal Para La Formación Profesional Integral, En FORMACION REGULAR TITULADA Y COMPLEMENTARIAPara el Programa Formación ASISTENCIA ADMINISTRATIVA . | G28: 2 | H28: 44949 | I28: 45199 | J28: 8 | K28: 8 | P28: 3800000 | Q28: =ROUND(((P28*J28)+(P28/30)*K28),0) -> 31413333 | R28: =+Q28*G28 -> 62826666 | S28: =((P28/30)*13)*G28 -> 3293333.3 | T28: =R28-S28 -> 59533333 | U28: FRANCHESCA CACERES, CAROLINA GARCIA | V28: CONVOCATORIA 17582
A29: =1+A28 -> 26 | B29: GESTION CONTABLE Y DE INFORMACION FINANCIERA | C29: Utilizar herramientas informáticas de acuerdo con las necesidades de manejo de información | D29: Requisitos académicos: Profesional o tecnólogo en áreas afines con tecnologías de la información y la comunicación. Experiencia laboral: Mínimo, dieciocho (18) meses de experiencia laboral, de los cuales doce (12) meses estarán relacionados con el ejercicio de la profesión u oficio objeto de la formación profesional y seis (6) meses en labores de docencia en el área. | F29: 8-9302-537 Instructor: Prestar Servicios Personales Carácter Temporal Para La Formación Profesional Integral, En FORMACION REGULAR TITULADA Y COMPLEMENTARIAPara el Programa Formación GESTION CONTABLE Y DE INFORMACION FINANCIERA | G29: 1 | H29: 44949 | I29: 45199 | J29: 8 | K29: 8 | P29: 3800000 | Q29: =ROUND(((P29*J29)+(P29/30)*K29),0) -> 31413333 | R29: =+Q29*G29 -> 31413333 | S29: =((P29/30)*13)*G29 -> 1646666.7 | T29: =R29-S29 -> 29766666 | U29: NORENIS BUELVAS ARMENTA | V29: CONVOCATORIA 17581
A30: =1+A29 -> 27 | B30: ASISTENCIA EN ORGANIZACION DE ARCHIVOS . | C30: INTERACTUAR EN LENGUA INGLESA DE FORMA ORAL Y ESCRITA DENTRO DE CONTEXTOS SOCIALES Y LABORALES SEGÚN LOS CRITERIOS ESTABLECIDOS POR EL MARCO COMÚN EUROPEO DE REFERENCIA PARA LAS LENGUAS. | D30: "Opción 1: Título profesional universitario en cualquier núcleo básico de conocimiento. Nivel de lengua certificado* de mínimo B2 de acuerdo con el MCER en cada una de las 4 habilidades de dominio de lengua (Comprensión oral, Comprensión escrita, Producción oral, Producción escrita). Veinticuatro (24) meses de experiencia en la instrucción/docencia de la lengua extranjera a impartir. Opción 2: Título tecnólogo en cualquier núcleo básico de conocimiento. Nivel de lengua certificado* de mínimo B2 de acuerdo con el MCER en cada una de las 4 habilidades de dominio de lengua (Comprensión oral, Comprensión escrita, Producción oral, Producción escrita). Treinta (30) meses de experiencia en la instrucción/docencia de la lengua extranjera a impartir.Los instructores para programas de formación complementaria virtual, incluyendo bilingüismo, deberán acreditar capacitación relacionada con tutoría virtual, no inferior a 40 horas, además de cumplir los requisitos del perfil establecido en los diseños curriculares de cada programa como perfiles de instructor (en el caso de bilingüismo, el perfil está definido en el numeral 8 de la presente circular). Los instructores que se contraten para orientar programas de formación titulada virtual o titulada a distancia, deberán acreditar capacitación relacionada con tutoría virtual, no inferior a 40 horas; tener experiencia certificada de mínimo seis (6) meses como tutor virtual, además de cumplir los requisitos del perfil establecido en los diseños curriculares de cada programa." | F30: 8-9302-576 Instructor: Prestar Servicios Personales Carácter Temporal Para La Formación Profesional Integral, En FORMACION REGULAR TITULADA Y COMPLEMENTARIAPara el Programa Formación ASISTENCIA EN ORGANIZACION DE ARCHIVOS . | G30: 1 | H30: 44949 | I30: 45107 | J30: 5 | K30: 8 | P30: 3800000 | Q30: =ROUND(((P30*J30)+(P30/30)*K30),0) -> 20013333 | R30: =+Q30*G30 -> 20013333 | T30: =R30-S30 -> 20013333 | U30: VACANTE (JAIME EUSTORGIO FUENTES GONZALEZ) | V30: CONVOCATORIA 17542
A31: =1+A30 -> 28 | B31: RECURSOS HUMANOS . | C31: INTERACTUAR EN LENGUA INGLESA DE FORMA ORAL Y ESCRITA DENTRO DE CONTEXTOS SOCIALES Y LABORALES SEGÚN LOS CRITERIOS ESTABLECIDOS POR EL MARCO COMÚN EUROPEO DE REFERENCIA PARA LAS LENGUAS. | D31: "Opción 1: Título profesional universitario en cualquier núcleo básico de conocimiento. Nivel de lengua certificado* de mínimo B2 de acuerdo con el MCER en cada una de las 4 habilidades de dominio de lengua (Comprensión oral, Comprensión escrita, Producción oral, Producción escrita). Veinticuatro (24) meses de experiencia en la instrucción/docencia de la lengua extranjera a impartir. Opción 2: Título tecnólogo en cualquier núcleo básico de conocimiento. Nivel de lengua certificado* de mínimo B2 de acuerdo con el MCER en cada una de las 4 habilidades de dominio de lengua (Comprensión oral, Comprensión escrita, Producción oral, Producción escrita). Treinta (30) meses de experiencia en la instrucción/docencia de la lengua extranjera a impartir.Los instructores para programas de formación complementaria virtual, incluyendo bilingüismo, deberán acreditar capacitación relacionada con tutoría virtual, no inferior a 40 horas, además de cumplir los requisitos del perfil establecido en los diseños curriculares de cada programa como perfiles de instructor (en el caso de bilingüismo, el perfil está definido en el numeral 8 de la presente circular). Los instructores que se contraten para orientar programas de formación titulada virtual o titulada a distancia, deberán acreditar capacitación relacionada con tutoría virtual, no inferior a 40 horas; tener experiencia certificada de mínimo seis (6) meses como tutor virtual, además de cumplir los requisitos del perfil establecido en los diseños curriculares de cada programa." | F31: 8-9302-587 Instructor: Prestar Servicios Personales Carácter Temporal Para La Formación Profesional Integral, En FORMACION REGULAR TITULADA Y COMPLEMENTARIAPara el Programa Formación GESTIÓN DEL TALENTO HUMANO | G31: 1 | H31: 44949 | I31: 45107 | J31: 5 | K31: 8 | P31: 3800000 | Q31: =ROUND(((P31*J31)+(P31/30)*K31),0) -> 20013333 | R31: =+Q31*G31 -> 20013333 | T31: =R31-S31 -> 20013333 | U31: DESIERTA | V31: CONVOCATORIA 17523
A32: =1+A31 -> 29 | B32: GESTION DOCUMENTAL . | C32: Alimentar base de datos de acuerdo con procedimientos técnicos | D32: "Requisitos académicos: requisitos académicos alternativa 1profesional universitario en: ingeniería de sistemas profesional en sistemas de información experiencia laboral: requisitos de experiencia laboral alternativa 1veinticuatro (24) meses de experienciade los cuales dieciocho (18) meses estarán relacionados con el ejercicio de la profesión u oficio objeto de la formación profesional y seis (6) meses en labores de docencia" | F32: 8-9302-849 Instructor: Prestar Servicios Personales Carácter Temporal Para La Formación Profesional Integral, En FORMACION REGULAR TITULADA Y COMPLEMENTARIAPara el Programa Formación GESTION DOCUMENTAL . | G32: 2 | H32: 44949 | I32: 45199 | J32: 8 | K32: 8 | P32: 3800000 | Q32: =ROUND(((P32*J32)+(P32/30)*K32),0) -> 31413333 | R32: =+Q32*G32 -> 62826666 | S32: =((P32/30)*13)*G32 -> 3293333.3 | T32: =R32-S32 -> 59533333 | U32: DUMAS TORRES GUTIERREZ | V32: CONVOCATORIA 17519. QUEDA UNA VACANTE POR PROVEER
A33: =1+A32 -> 30 | B33: RECURSOS HUMANOS . | C33: Utilizar herramientas informáticas de acuerdo con las necesidades de manejo de información | D33: Requisitos académicos: requisitos académicos perfil académico: tecnólogo o profesional en áreas afines con tecnologías de la información y la comunicación. Experiencia laboral: experiencia laboral: mínimo, dieciocho (18) meses de experiencia laboral, de los cuales doce (12) meses estarán relacionados con el ejercicio de la profesión u oficio objeto de la formación profesional y seis (6) meses en labores de docencia en el área | F33: 8-9302-589 Instructor: Prestar Servicios Personales Carácter Temporal Para La Formación Profesional Integral, En FORMACION REGULAR TITULADA Y COMPLEMENTARIAPara el Programa Formación GESTIÓN DEL TALENTO HUMANO | G33: 2 | H33: 44949 | I33: 45199 | J33: 8 | K33: 8 | P33: 3800000 | Q33: =ROUND(((P33*J33)+(P33/30)*K33),0) -> 31413333 | R33: =+Q33*G33 -> 62826666 | S33: =((P33/30)*13)*G33 -> 3293333.3 | T33: =R33-S33 -> 59533333 | U33: CESAR LOPEZ (Justificado en ACTA) | V33: CONVOCATORIA 17500
A34: 31 | B34: ASISTENCIA ADMINISTRATIVA . | C34: Registrar información de acuerdo con normativa y procedimiento técnico | D34: Requisitos académicos: requisitos académicos alternativa 1título profesional eningeniería de sistemas y afines, ingeniería de telecomunicaciones, ingeniería en sistemas preferiblemente certificado en normas de competencia laboral técnicas y pedagógicas. . Alternativa 2tecnólogo en análisis y desarrollo de sistemas de información, licenciados en informática y afines preferiblemente certificado en normas de competencia laboral técnicas y pedagógicas (esta alternativa aplica para zonas y provincias del país) experiencia laboral: requisitos de experiencia laboral alternativa 1veinticuatro (24) meses de experienciade los cuales dieciocho (18) meses estarán relacionados con el ejercicio de la profesión u oficio objeto de la formación profesional y seis (6) meses en labores de docencia alternativa 2veinticuatro (24) meses de experienciade los cuales dieciocho (18) meses estarán relacionados con el ejercicio de la profesión u oficio objeto de la formación profesional y seis (6) meses en labores de docencia | F34: 8-9302-530 Instructor: Prestar Servicios Personales Carácter Temporal Para La Formación Profesional Integral, En FORMACION REGULAR TITULADA Y COMPLEMENTARIAPara el Programa Formación ASISTENCIA ADMINISTRATIVA . | G34: 2 | H34: 44949 | I34: 45199 | J34: 8 | K34: 8 | P34: 3800000 | Q34: =ROUND(((P34*J34)+(P34/30)*K34),0) -> 31413333 | R34: =+Q34*G34 -> 62826666 | S34: =((P34/30)*13)*G34 -> 3293333.3 | T34: =R34-S34 -> 59533333 | U34: FRANCISCO GUZMAN, SANDRA CARVAJAL | V34: CONVOCATORIA 17452
A35: =1+A34 -> 32 | B35: RECURSOS HUMANOS . | C35: Atender clientes de acuerdo con procedimiento de servicio y normativa | D35: Requisitos académicos: requisitos académicos alternativa 1psicólogo, administrador de empresas, profesional en aministración empresarial, comunicador social. Preferiblemente con certificado de competencias laborales enorientar los procesos formativos presenciales con base en los planes de formación concertados. Integrar las tic en los procesos de enseñanza aprendizaje de acuerdo con las competencias a orientar. Alternativa 2tecnólogo en gestión empresarial, gestión del talento humano o áreas afines, o cuatro (4) años de estudios universitarios en ciencias económicas, ingeniería, mercadeo, logística o áreas afines. Experiencia laboral: requisitos de experiencia laboral alternativa 1veinticuatro (24) meses de experienciade los cuales dieciocho (18) meses estarán relacionados con el ejercicio de la profesión u oficio objeto de la formación profesional y seis (6) meses en labores de docencia alternativa 2treinta y seis (36) meses de experienciade los cuales treinta (30) meses estarán relacionados con el ejercicio de la profesión u oficio objeto de la formación profesional y seis (6) meses en labores de docencia | F35: 8-9302-590 Instructor: Prestar Servicios Personales Carácter Temporal Para La Formación Profesional Integral, En FORMACION REGULAR TITULADA Y COMPLEMENTARIAPara el Programa Formación GESTIÓN DEL TALENTO HUMANO | G35: 1 | H35: 44949 | I35: 45199 | J35: 8 | K35: 8 | P35: 3800000 | Q35: =ROUND(((P35*J35)+(P35/30)*K35),0) -> 31413333 | R35: =+Q35*G35 -> 31413333 | S35: =((P35/30)*13)*G35 -> 1646666.7 | T35: =R35-S35 -> 29766666 | U35: NURIA GOMEZ | V35: CONVOCATORIA 17416
A36: =1+A35 -> 33 | B36: ASISTENCIA ADMINISTRATIVA . | C36: Atender clientes de acuerdo con procedimiento de servicio y normativa | D36: Requisitos académicos: requisitos académicos alternativa 1administrador de empresas, profesional en gestión empresarial. Comunicador social periodista. Formación profesional en ciencias administrativas, humanas, sociales o afines, preferiblemente especialista y/o actualización en servicio al cliente. Certificado de competencias laborales enorientar los procesos formativos presenciales con base en los planes de formación concertados. Integrar las tic en los procesos de enseñanza aprendizaje de acuerdo con las competencias a orientar. Alternativa 2tecnólogo en gestión empresarial o áreas afines o cuatro (4) años de estudios universitarios en ciencias económicas, ingeniería, mercadeo, logística o áreas afines. (esta alternativa aplica para zonas y provincias del país) experiencia laboral: requisitos de experiencia laboral alternativa 1veinticuatro (24) meses de experienciade los cuales dieciocho (18) meses estarán relacionados con el ejercicio de la profesión u oficio objeto de la formación profesional y seis (6) meses en labores de docencia alternativa 2treinta y seis (36) meses de experienciade los cuales veinyicuatro (24) meses estarán relacionados con el ejercicio de la profesión u oficio objeto de la formación profesional y doce (12) meses en labores de docencia | F36: 8-9302-953 Instructor: Prestar Servicios Personales Carácter Temporal Para La Formación Profesional Integral, En FORMACION REGULAR TITULADA Y COMPLEMENTARIAPara el Programa Formación ASISTENCIA ADMINISTRATIVA . | G36: 6 | H36: 44949 | I36: 45199 | J36: 8 | K36: 8 | P36: 3800000 | Q36: =ROUND(((P36*J36)+(P36/30)*K36),0) -> 31413333 | R36: =+Q36*G36 -> 188479998 | S36: 0 | T36: =R36-S36 -> 188479998 | U36: JORGE CORDOBA, CARLOS CUELLO, HUMBERTO MARIANO, LUDYS ACENDRA, ASTRIT HEREDIA, JORGE GUTIERREZ | V36: CONVOCATORIA 17372 (No se descuenta Instructor Etapa Productiva)
G37: =SUM(G4:G36) -> 80 | T37: =SUM(T4:T36) -> 2.2563133e+09

Sheet LOGISTICA 
A2: No | B2: PROGRAMA DE FORMACIÓN | C2: COMPETENCIA | D2: PERFIL DEL INSTRUCTOR | E2: VALIDACIÓN (QUE APAREZCA, VALORES, NUMERO DE INSTRUCTORES) | F2: OBJETO CONTRACTUAL | G2: No de personas a contratar | H2: Fechas Previstas para la Contratación | J2: Plazo Previsto para la Contratación | O2: VALIDACIÓN FECHAS | P2: costo honorarios mes (Pesos) | Q2: Valor un instructor | R2: Valor total programa | S2: Deduccion Semana de Confraternidad- Alistamiento (3 al 15 de julio) | T2: Total Contratacion | U2: Contratista | V2: Observaciones
H3: Inicio | I3: Terminación | J3: Meses | K3: Días
H4: (D-M-A) | I4: (D-M-A)
A5: 1 | B5: COORDINACION_DE_PROCESOS_LOGISTICOS | C5: Razonar cuantitativamente frente a situaciones susceptibles de ser abordadas de manera matemática en contextos laborales, sociales y personales. | D5: Requisitos académicos: Licenciado en matemáticas, título profesional en núcleos básicos de conocimiento de educación matemáticas, estadística y afines o ingeniero afín al programa de formación, profesional en ciencias económicas o afines profesional en administración de empresas o afine profesional en mercadeo o afines profesional en ingeniería industrial o afines, certificar cursos de formación en pedagogía de mínimo 40 horas. Experiencia laboral: veinticuatro (24) meses de experiencia distribuida así: doce (12) meses de experiencia relacionada con el ejercicio de matemáticas y doce (12) meses en docencia. | F5: 8-9302-638 Instructor: Prestar Servicios Personales Carácter Temporal Para La Formación Profesional Integral, En FORMACION REGULAR TITULADA Y COMPLEMENTARIAPara el Programa Formación COORDINACION DE PROCESOS LOGISTICOS | G5: 1 | H5: 44949 | I5: 45107 | J5: 5 | K5: 8 | P5: 3800000 | Q5: =ROUND(((P5*J5)+(P5/30)*K5),0) -> 20013333 | R5: =+Q5*G5 -> 20013333 | T5: =R5-S5 -> 20013333 | U5: JOHN ROYMER ROMERO
A6: 2 | B6: COORDINACION_DE_PROCESOS_LOGISTICOS | C6: Enrique Low Murtra-Interactuar en el contexto productivo y social de acuerdo con principios éticos para la construcción de una cultura de paz. | D6: "Requisitos académicos: Opción 1: profesionales en ciencias sociales, filosofía, o antropología, o psicología, o trabajo social, o sociología o teología, ciencia política, relaciones internacionales o afines. Opción 2: Profesional con estudios relacionados en ética, o bioética, o deontología o humanismo, formación en pedagogía de mínimo 40 horas._x000D_ Experiencia laboral: veinticuatro (24) meses de experiencia de los cuales dieciocho (18) meses estarán relacionados con el ejercicio de la profesión u oficio objeto de la formación profesional y seis (6) meses en labores de docencia y/o trabajo comunitario." | F6: 8-9302-639 Instructor: Prestar Servicios Personales Carácter Temporal Para La Formación Profesional Integral, En FORMACION REGULAR TITULADA Y COMPLEMENTARIAPara el Programa Formación COORDINACION DE PROCESOS LOGISTICOS | G6: 1 | H6: 44949 | I6: 45107 | J6: 5 | K6: 8 | P6: 3800000 | Q6: =ROUND(((P6*J6)+(P6/30)*K6),0) -> 20013333 | R6: =+Q6*G6 -> 20013333 | T6: =R6-S6 -> 20013333 | U6: ILIANA MERCEDES HERNANDEZ LLINAS
A7: 3 | B7: COORDINACION_DE_PROCESOS_LOGISTICOS | C7: Ejercer derechos fundamentales del trabajo en el marco de la constitución política y los convenios internacionales. | D7: "Requisitos académicos: Certificado de Aptitud Profesional – SENA, o certificado por autoridad competente en cualquiera de las nueve áreas de desempeño de la CNO y en el nivel ocupacional 2,3 o 4 (Ver anexo C. N.O). Opción 1: Certificado de técnico, o certificado por autoridad competente en cualquiera de las nueve áreas de desempeño de la CNO y en el nivel ocupacional 3 o 4 (Ver anexo C. N.O). Opción 2: Título de Técnico Profesional en cualquiera de los 55 núcleos básicos de conocimiento, o en NULL o Sin clasificar. Ver anexos: (N.B.C.), (TITULOS SENA). Opción 3: Título de Tecnólogo en cualquiera de los 55 núcleos básicos de conocimiento, o en NULL o Sin clasificar. Ver anexos: (N.B.C.), (TITULOS SENA). Opción 4: Título Profesional universitario en cualquiera de los 55 núcleos básicos de conocimiento, o en NULL o Sin clasificar. (Ver anexo N.B.C) Tarjeta profesional en los casos exigidos por la Ley _x000D_ _x000D_ Experiencia laboral: Cuarenta y ocho (48) meses de experiencia relacionada distribuida así: Treinta y seis (36) meses de experiencia relacionada con el ejercicio de los derechos humanos y fundamentales del trabajo y doce (12) meses en docencia o instrucción certificada por entidad legalmente reconocida. _x000D_ _x000D_ Opción 1: Cuarenta y dos (42) meses de experiencia relacionada distribuida así: Treinta (30) meses de experiencia relacionada con el ejercicio de los derechos humanos y fundamentales del trabajo y Doce (12) meses en docencia o instrucción certificada por entidad legalmente reconocida. _x000D_ Opción 2: Treinta y seis (36) meses de experiencia relacionada distribuida así: Veinticuatro (24) meses de experiencia relacionada con el ejercicio de los derechos humanos y fundamentales del trabajo y doce (12) meses en docencia o instrucción certificada por entidad legalmente reconocida. _x000D_ Opción 3: Treinta (30) meses de experiencia relacionada distribuida así: Dieciocho (18) meses de experiencia relacionada con el ejercicio de los derechos humanos y fundamentales del trabajo y doce (12) meses en docencia o instrucción certificada por entidad legalmente reconocida _x000D_ Opción 4: Veinticuatro (24) meses de experiencia relacionada distribuida así: Doce (12) meses de experiencia relacionada con el ejercicio de los derechos humanos y fundamentales del trabajo y doce (12) meses en docencia o instrucción certificada por entidad legalmente reconocida. _x000D_ _x000D_ Competencias:1. Crea espacios pedagógicos de reflexión y apropiación para la valoración de los derechos y deberes en el trabajo _x000D_ 2. Interpreta la relación entre el trabajo y el desarrollo humano. _x000D_ 3. Identifica la naturaleza de los derechos humanos y del trabajo. _x000D_ 4. Genera procesos de interacción social interacciones en el marco de los derechos humanos y laborales para el desarrollo social para el desarrollo de con autonomía y dignidad. _x000D_ 5. Implementa acciones para la elaboración el diligenciamiento de documentos relacionados con la política pública, de salarios y los acuerdos internacionales de la OIT y los derechos económicos, sociales y de bienestar derivadas de las acciones laborales. _x000D_ 6. Argumenta los derechos el ejercicio de los derechos fundamentales del trabajo y los mecanismos de protección como ejercicio de la ciudadanía laboral. _x000D_ 7. Organiza acciones pedagógicas para la aplicación de los principios de los derechos de asociación. _x000D_ 8. Integra acciones de solidaridad para la defensa del ser humano, la naturaleza y la cultura de la paz. y los valores de la convivencia la paz y la ciudadana." | F7: 8-9302-640 Instructor: Prestar Servicios Personales Carácter Temporal Para La Formación Profesional Integral, En FORMACION REGULAR TITULADA Y COMPLEMENTARIAPara el Programa Formación COORDINACION DE PROCESOS LOGISTICOS | G7: 1 | H7: 44949 | I7: 45199 | J7: 8 | K7: 8 | P7: 3800000 | Q7: =ROUND(((P7*J7)+(P7/30)*K7),0) -> 31413333 | R7: =+Q7*G7 -> 31413333 | S7: =((P7/30)*13)*G7 -> 1646666.7 | T7: =R7-S7 -> 29766666 | U7: FARLEY GIRALDO
A8: 4 | B8: COORDINACION_DE_PROCESOS_LOGISTICOS | C8: GENERAR HÁBITOS SALUDABLES DE VIDA MEDIANTE LA APLICACIÓN DE PROGRAMAS DE ACTIVIDAD FÍSICA EN LOS CONTEXTOS PRODUCTIVOS Y SOCIALES. | D8: "Requisitos académicos: Licenciado en educación física. Tecnólogo en el núcleo básico de conocimiento dedeportes, educación física y recreación alternativa, Profesional en ciencias del deporte. Título profesional universitario el núcleo básico de conocimiento dedeportes, educación física y recreación; o educación física y afines; o educación, Tecnólogo en actividad física o entrenamiento deportivo con especialización tecnológica relacionada con el área de conocimiento. Experiencia laboral: Opción 1: treinta (30) meses de experiencia relacionada distribuida así dieciocho (18) meses de experiencia relacionada con el ejercicio de cultura física y doce (12) meses en docencia, Opción 2: veinticuatro (24) meses de experiencia relacionada distribuida asídoce (12) meses de experiencia relacionada con el ejercicio de la cultura física y doce (12) meses en docencia, adicionalmente certificar cursos de formación en pedagogía de mínimo 40 horas o presentar certificación de competencia laboral vigente en orientación de procesos formativos presenciales._x000D_ " | F8: 8-9302-641 Instructor: Prestar Servicios Personales Carácter Temporal Para La Formación Profesional Integral, En FORMACION REGULAR TITULADA Y COMPLEMENTARIAPara el Programa Formación COORDINACION DE PROCESOS LOGISTICOS | G8: 1 | H8: 44949 | I8: 45107 | J8: 5 | K8: 8 | P8: 3800000 | Q8: =ROUND(((P8*J8)+(P8/30)*K8),0) -> 20013333 | R8: =+Q8*G8 -> 20013333 | T8: =R8-S8 -> 20013333 | U8: ALBERTO PEREZ
A9: 5 | B9: COORDINACION_DE_PROCESOS_LOGISTICOS | C9: DESARROLLAR PROCESOS DE COMUNICACIÓN EFICACES Y EFECTIVOS, TENIENDO EN CUENTA SITUACIONES DE ORDEN SOCIAL, PERSONAL Y PRODUCTIVO. | D9: Requisitos académicos: Profesional en ciencias de la comunicación, periodismo, lingüística, filología, lenguas clásicas o modernas, español y literatura. Experiencia laboral: ¿ un (1) año de experiencia laboral en el área seis (6) meses de experiencia docente. | F9: 8-9302-642 Instructor: Prestar Servicios Personales Carácter Temporal Para La Formación Profesional Integral, En FORMACION REGULAR TITULADA Y COMPLEMENTARIAPara el Programa Formación COORDINACION DE PROCESOS LOGISTICOS | G9: 1 | H9: 44949 | I9: 45107 | J9: 5 | K9: 8 | P9: 3800000 | Q9: =ROUND(((P9*J9)+(P9/30)*K9),0) -> 20013333 | R9: =+Q9*G9 -> 20013333 | T9: =R9-S9 -> 20013333 | U9: IVANY MARIA PALMA AVILA
A10: 6 | B10: COORDINACION_DE_PROCESOS_LOGISTICOS | C10: Dirigir el talento humano de acuerdo con normativa | D10: "Requisitos academicos: ALTERNATIVA 1:NBC EN INGENIERÍA INDUSTRIAL CON TÍTULO PROFESIONAL UNIVERSITARIO EN :INGENIERÍA INDUSTRIAL, INGENIERÍA LOGÍSTICA, INGENIERÍA DE PRODUCTIVIDAD Y CALIDAD, INGENIERÍA DE PRODUCCIÓN, INGENIERÍA DE PROCESOS, ECONOMÍA.NBC EN ADMINISTRACIÓN CON TÍTULO UNIVERSITARIO EN: ADMINISTRACIÓN LOGÍSTICA, ADMINISTRACIÓN EN LOGÍSTICA Y PRODUCCIÓN, ADMINISTRACIÓN DE NEGOCIOS INTERNACIONALES, NEGOCIOS INTERNACIONALES, ADMINISTRACIÓN DE COMERCIO EXTERIOR, ADMINISTRACIÓN DE EMPRESAS.ALTERNATIVA 2:NBC EN ADMINISTRACIÓN CON TÍTULO DE TECNÓLOGO EN: TECNOLOGÍA EN GESTIÓN LOGÍSTICA, TECNOLOGÍA EN GESTIÓN PORTUARIA, TECNOLOGÍA EN DISTRIBUCIÓN FÍSICA INTERNACIONAL, TECNOLOGÍA EN ADMINISTRACIÓN DE EMPRESAS, TECNOLOGÍA EN GESTIÓN LOGÍSTICA PORTUARIA.NBC EN ECONOMÍA CON TÍTULO DE TECNÓLOGO EN: TECNOLOGÍA EN LOGÍSTICA.NBC EN INGENIERÍA INDUSTRIAL CON TÍTULO DE TECNÓLOGO EN: TECNOLOGÍA EN INGENIERÍA INDUSTRIAL, TECNÓLOGO EN LOGÍSTICA DE OPERACIONES, TECNÓLOGO EN LOGÍSTICA PORTUARIA Y DEL TRANSPORTE.ADICIONAL: FORMACIÓN EN: LOGÍSTICA, LOGÍSTICA Y TRANSPORTE, OPERACIONES LOGÍSTICA U OPERACIONES PORTUARIAS. Experiencia Laboral;-ALTERNATIVA 1: VEINTICUATRO (24) MESES DE EXPERIENCIA RELACIONADA DISTRIBUIDA ASÍ: DOCE (12) MESES DE EXPERIENCIA RELACIONADA CON EL EJERCICIO DE OPERACIONES LOGÍSTICAS O TRANSPORTE Y DISTRIBUCIÓN Y DOCE (12) MESES ORIENTANDO PROCESOS PEDAGÓGICOS.-ALTERNATIVA 2: TREINTA (30) MESES DE EXPERIENCIA RELACIONADA DISTRIBUIDA ASÍ: DIECIOCHO (18) MESES DE EXPERIENCIA OPERACIONES LOGÍSTICAS O TRANSPORTE Y DISTRIBUCIÓN Y DOCE (12) MESES ORIENTANDO PROCESOS PEDAGÓGICOS" | F10: 8-9302-643 Instructor: Prestar Servicios Personales Carácter Temporal Para La Formación Profesional Integral, En FORMACION REGULAR TITULADA Y COMPLEMENTARIAPara el Programa Formación COORDINACION DE PROCESOS LOGISTICOS | G10: 1 | H10: 44949 | I10: 45107 | J10: 5 | K10: 8 | P10: 3800000 | Q10: =ROUND(((P10*J10)+(P10/30)*K10),0) -> 20013333 | R10: =+Q10*G10 -> 20013333 | T10: =R10-S10 -> 20013333 | U10: ASTRID YESENIA PACHECO ARIZA
A11: 7 | B11: COORDINACION_DE_PROCESOS_LOGISTICOS | C11: Utilizar herramientas informáticas de acuerdo con las necesidades de manejo de información | D11: "Requisitos academicos: ¿TECNÓLOGO O PROFESIONAL EN ÁREAS AFINES CON TECNOLOGÍAS DE LA INFORMACIÓN Y LA COMUNICACIÓN Experiencia Laboral;MÍNIMO, DIECIOCHO (18) MESES DE EXPERIENCIA LABORAL, DE LOS CUALES DOCE (12) MESES ESTARÁN RELACIONADOS CON EL EJERCICIO DE LA PROFESIÓN U OFICIO OBJETO DE LA FORMACIÓN PROFESIONAL Y SEIS (6) MESES EN LABORES DE DOCENCIA EN EL ÁREA" | F11: 8-9302-644 Instructor: Prestar Servicios Personales Carácter Temporal Para La Formación Profesional Integral, En FORMACION REGULAR TITULADA Y COMPLEMENTARIAPara el Programa Formación COORDINACION DE PROCESOS LOGISTICOS | G11: 1 | H11: 44949 | I11: 45107 | J11: 5 | K11: 8 | P11: 3800000 | Q11: =ROUND(((P11*J11)+(P11/30)*K11),0) -> 20013333 | R11: =+Q11*G11 -> 20013333 | T11: =R11-S11 -> 20013333 | U11: YOEL ANTONIO SOLANO CABRERA
A12: 8 | B12: COORDINACION_DE_PROCESOS_LOGISTICOS | C12: Atender clientes de acuerdo con procedimiento de servicio y normativa | D12: "Requisitos academicos: ALTERNATIVA 1:NBC EN INGENIERÍA INDUSTRIAL CON TÍTULO PROFESIONAL UNIVERSITARIO EN :INGENIERÍA INDUSTRIAL, INGENIERÍA LOGÍSTICA, INGENIERÍA DE PRODUCTIVIDAD Y CALIDAD, INGENIERÍA DE PRODUCCIÓN, INGENIERÍA DE PROCESOS, ECONOMÍA.NBC EN ADMINISTRACIÓN CON TÍTULO UNIVERSITARIO EN: ADMINISTRACIÓN LOGÍSTICA, ADMINISTRACIÓN EN LOGÍSTICA Y PRODUCCIÓN, ADMINISTRACIÓN DE NEGOCIOS INTERNACIONALES, NEGOCIOS INTERNACIONALES, ADMINISTRACIÓN DE COMERCIO EXTERIOR, ADMINISTRACIÓN DE EMPRESAS.ALTERNATIVA 2:NBC EN ADMINISTRACIÓN CON TÍTULO DE TECNÓLOGO EN: TECNOLOGÍA EN GESTIÓN LOGÍSTICA, TECNOLOGÍA EN GESTIÓN PORTUARIA, TECNOLOGÍA EN DISTRIBUCIÓN FÍSICA INTERNACIONAL, TECNOLOGÍA EN ADMINISTRACIÓN DE EMPRESAS, TECNOLOGÍA EN GESTIÓN LOGÍSTICA PORTUARIA.NBC EN ECONOMÍA CON TÍTULO DE TECNÓLOGO EN: TECNOLOGÍA EN LOGÍSTICA.NBC EN INGENIERÍA INDUSTRIAL CON TÍTULO DE TECNÓLOGO EN: TECNOLOGÍA EN INGENIERÍA INDUSTRIAL, TECNÓLOGO EN LOGÍSTICA DE OPERACIONES, TECNÓLOGO EN LOGÍSTICA PORTUARIA Y DEL TRANSPORTE.ADICIONAL: FORMACIÓN EN: LOGÍSTICA, LOGÍSTICA Y TRANSPORTE, OPERACIONES LOGÍSTICA U OPERACIONES PORTUARIAS. Experiencia Laboral;-ALTERNATIVA 1: VEINTICUATRO (24) MESES DE EXPERIENCIA RELACIONADA DISTRIBUIDA ASÍ: DOCE (12) MESES DE EXPERIENCIA RELACIONADA CON EL EJERCICIO DE OPERACIONES LOGÍSTICAS O TRANSPORTE Y DISTRIBUCIÓN Y DOCE (12) MESES ORIENTANDO PROCESOS PEDAGÓGICOS.-ALTERNATIVA 2: TREINTA (30) MESES DE EXPERIENCIA RELACIONADA DISTRIBUIDA ASÍ: DIECIOCHO (18) MESES DE EXPERIENCIA OPERACIONES LOGÍSTICAS O TRANSPORTE Y DISTRIBUCIÓN Y DOCE (12) MESES ORIENTANDO PROCESOS PEDAGÓGICOS." | F12: 8-9302- 992 Instructor: Prestar Servicios Personales Carácter Temporal Para La Formación Profesional Integral, En FORMACION REGULAR TITULADA Y COMPLEMENTARIAPara el Programa Formación COORDINACION DE PROCESOS LOGISTICOS | G12: 1 | H12: 44949 | I12: 45107 | J12: 5 | K12: 8 | P12: 3800000 | Q12: =ROUND(((P12*J12)+(P12/30)*K12),0) -> 20013333 | R12: =+Q12*G12 -> 20013333 | T12: =R12-S12 -> 20013333 | U12: VACANTE (Cyntya Maria Cantillo)
A13: 9 | B13: COORDINACION_DE_PROCESOS_LOGISTICOS | C13: Coordinar el flujo de mercancía según el plan de operación y procedimientos | D13: "Requisitos academicos: ALTERNATIVA 1:NBC EN INGENIERÍA INDUSTRIAL CON TÍTULO PROFESIONAL UNIVERSITARIO EN :INGENIERÍA INDUSTRIAL, INGENIERÍA LOGÍSTICA, INGENIERÍA DE PRODUCTIVIDAD Y CALIDAD, INGENIERÍA DE PRODUCCIÓN, INGENIERÍA DE PROCESOS, ECONOMÍA.NBC EN ADMINISTRACIÓN CON TÍTULO UNIVERSITARIO EN: ADMINISTRACIÓN LOGÍSTICA, ADMINISTRACIÓN EN LOGÍSTICA Y PRODUCCIÓN, ADMINISTRACIÓN DE NEGOCIOS INTERNACIONALES, NEGOCIOS INTERNACIONALES, ADMINISTRACIÓN DE COMERCIO EXTERIOR, ADMINISTRACIÓN DE EMPRESAS.ALTERNATIVA 2:NBC EN ADMINISTRACIÓN CON TÍTULO DE TECNÓLOGO EN: TECNOLOGÍA EN GESTIÓN LOGÍSTICA, TECNOLOGÍA EN GESTIÓN PORTUARIA, TECNOLOGÍA EN DISTRIBUCIÓN FÍSICA INTERNACIONAL, TECNOLOGÍA EN ADMINISTRACIÓN DE EMPRESAS, TECNOLOGÍA EN GESTIÓN LOGÍSTICA PORTUARIA.NBC EN ECONOMÍA CON TÍTULO DE TECNÓLOGO EN: TECNOLOGÍA EN LOGÍSTICA.NBC EN INGENIERÍA INDUSTRIAL CON TÍTULO DE TECNÓLOGO EN: TECNOLOGÍA EN INGENIERÍA INDUSTRIAL, TECNÓLOGO EN LOGÍSTICA DE OPERACIONES, TECNÓLOGO EN LOGÍSTICA PORTUARIA Y DEL TRANSPORTE.ADICIONAL: FORMACIÓN EN: LOGÍSTICA, LOGÍSTICA Y TRANSPORTE, OPERACIONES LOGÍSTICA U OPERACIONES PORTUARIAS. Experiencia Laboral;-ALTERNATIVA 1: VEINTICUATRO (24) MESES DE EXPERIENCIA RELACIONADA DISTRIBUIDA ASÍ: DOCE (12) MESES DE EXPERIENCIA RELACIONADA CON EL EJERCICIO DE OPERACIONES LOGÍSTICAS O TRANSPORTE Y DISTRIBUCIÓN Y DOCE (12) MESES ORIENTANDO PROCESOS PEDAGÓGICOS.-ALTERNATIVA 2: TREINTA (30) MESES DE EXPERIENCIA RELACIONADA DISTRIBUIDA ASÍ: DIECIOCHO (18) MESES DE EXPERIENCIA OPERACIONES LOGÍSTICAS O TRANSPORTE Y DISTRIBUCIÓN Y DOCE (12) MESES ORIENTANDO PROCESOS PEDAGÓGICOS." | F13: 8-9302- 993 Instructor: Prestar Servicios Personales Carácter Temporal Para La Formación Profesional Integral, En FORMACION REGULAR TITULADA Y COMPLEMENTARIAPara el Programa Formación COORDINACION DE PROCESOS LOGISTICOS | G13: 5 | H13: 44949 | I13: 45199 | J13: 8 | K13: 8 | P13: 3800000 | Q13: =ROUND(((P13*J13)+(P13/30)*K13),0) -> 31413333 | R13: =+Q13*G13 -> 157066665 | S13: =((P13/30)*13)*G13 -> 8233333.3 | T13: =R13-S13 -> 1.4883333e+08 | U13: CARLOS EKER - VICTOR MEDINA- MAIKOL FERRER- RODOLFO SILVERA - ALBERTO LOPEZ
A14: 10 | B14: COORDINACION_DE_PROCESOS_LOGISTICOS | C14: Diseñar áreas de almacenamiento según estrategias de logística y sistemas de almacenaje | D14: "Requisitos academicos: ALTERNATIVA 1:NBC EN INGENIERÍA INDUSTRIAL CON TÍTULO PROFESIONAL UNIVERSITARIO EN :INGENIERÍA INDUSTRIAL, INGENIERÍA LOGÍSTICA, INGENIERÍA DE PRODUCTIVIDAD Y CALIDAD, INGENIERÍA DE PRODUCCIÓN, INGENIERÍA DE PROCESOS, ECONOMÍA.NBC EN ADMINISTRACIÓN CON TÍTULO UNIVERSITARIO EN: ADMINISTRACIÓN LOGÍSTICA, ADMINISTRACIÓN EN LOGÍSTICA Y PRODUCCIÓN, ADMINISTRACIÓN DE NEGOCIOS INTERNACIONALES, NEGOCIOS INTERNACIONALES, ADMINISTRACIÓN DE COMERCIO EXTERIOR, ADMINISTRACIÓN DE EMPRESAS.ALTERNATIVA 2:NBC EN ADMINISTRACIÓN CON TÍTULO DE TECNÓLOGO EN: TECNOLOGÍA EN GESTIÓN LOGÍSTICA, TECNOLOGÍA EN GESTIÓN PORTUARIA, TECNOLOGÍA EN DISTRIBUCIÓN FÍSICA INTERNACIONAL, TECNOLOGÍA EN ADMINISTRACIÓN DE EMPRESAS, TECNOLOGÍA EN GESTIÓN LOGÍSTICA PORTUARIA.NBC EN ECONOMÍA CON TÍTULO DE TECNÓLOGO EN: TECNOLOGÍA EN LOGÍSTICA.NBC EN INGENIERÍA INDUSTRIAL CON TÍTULO DE TECNÓLOGO EN: TECNOLOGÍA EN INGENIERÍA INDUSTRIAL, TECNÓLOGO EN LOGÍSTICA DE OPERACIONES, TECNÓLOGO EN LOGÍSTICA PORTUARIA Y DEL TRANSPORTE.ADICIONAL: FORMACIÓN EN: LOGÍSTICA, LOGÍSTICA Y TRANSPORTE, OPERACIONES LOGÍSTICA U OPERACIONES PORTUARIAS. Experiencia Laboral;-ALTERNATIVA 1: VEINTICUATRO (24) MESES DE EXPERIENCIA RELACIONADA DISTRIBUIDA ASÍ: DOCE (12) MESES DE EXPERIENCIA RELACIONADA CON EL EJERCICIO DE OPERACIONES LOGÍSTICAS O TRANSPORTE Y DISTRIBUCIÓN Y DOCE (12) MESES ORIENTANDO PROCESOS PEDAGÓGICOS.-ALTERNATIVA 2: TREINTA (30) MESES DE EXPERIENCIA RELACIONADA DISTRIBUIDA ASÍ: DIECIOCHO (18) MESES DE EXPERIENCIA OPERACIONES LOGÍSTICAS O TRANSPORTE Y DISTRIBUCIÓN Y DOCE (12) MESES ORIENTANDO PROCESOS PEDAGÓGICOS." | F14: 8-9302- 994 Instructor: Prestar Servicios Personales Carácter Temporal Para La Formación Profesional Integral, En FORMACION REGULAR TITULADA Y COMPLEMENTARIAPara el Programa Formación COORDINACION DE PROCESOS LOGISTICOS | G14: 6 | H14: 44949 | I14: 45199 | J14: 8 | K14: 8 | P14: 3800000 | Q14: =ROUND(((P14*J14)+(P14/30)*K14),0) -> 31413333 | R14: =+Q14*G14 -> 188479998 | S14: =((P14/30)*13)*G14 -> 9880000 | T14: =R14-S14 -> 178599998 | U14: LUDWING FABIAN LANDINEZ NAVARRO - LIADIS ZENIYH LAGUNA ORTEGA- ELKIN UPARELLA- PATRICIA VIDAL- LAURA GUTIERREZ- HARLET PEREZ
A15: 11 | B15: COORDINACION_DE_PROCESOS_LOGISTICOS | C15: Planear integración de cadenas de suministro según normativa y modelos de gestión | D15: "Requisitos academicos: ALTERNATIVA 1:NBC EN INGENIERÍA INDUSTRIAL CON TÍTULO PROFESIONAL UNIVERSITARIO EN :INGENIERÍA INDUSTRIAL, INGENIERÍA LOGÍSTICA, INGENIERÍA DE PRODUCTIVIDAD Y CALIDAD, INGENIERÍA DE PRODUCCIÓN, INGENIERÍA DE PROCESOS, ECONOMÍA.NBC EN ADMINISTRACIÓN CON TÍTULO UNIVERSITARIO EN: ADMINISTRACIÓN LOGÍSTICA, ADMINISTRACIÓN EN LOGÍSTICA Y PRODUCCIÓN, ADMINISTRACIÓN DE NEGOCIOS INTERNACIONALES, NEGOCIOS INTERNACIONALES, ADMINISTRACIÓN DE COMERCIO EXTERIOR, ADMINISTRACIÓN DE EMPRESAS.ALTERNATIVA 2:NBC EN ADMINISTRACIÓN CON TÍTULO DE TECNÓLOGO EN: TECNOLOGÍA EN GESTIÓN LOGÍSTICA, TECNOLOGÍA EN GESTIÓN PORTUARIA, TECNOLOGÍA EN DISTRIBUCIÓN FÍSICA INTERNACIONAL, TECNOLOGÍA EN ADMINISTRACIÓN DE EMPRESAS, TECNOLOGÍA EN GESTIÓN LOGÍSTICA PORTUARIA.NBC EN ECONOMÍA CON TÍTULO DE TECNÓLOGO EN: TECNOLOGÍA EN LOGÍSTICA.NBC EN INGENIERÍA INDUSTRIAL CON TÍTULO DE TECNÓLOGO EN: TECNOLOGÍA EN INGENIERÍA INDUSTRIAL, TECNÓLOGO EN LOGÍSTICA DE OPERACIONES, TECNÓLOGO EN LOGÍSTICA PORTUARIA Y DEL TRANSPORTE.ADICIONAL:FORMACIÓN EN: LOGÍSTICA, LOGÍSTICA Y TRANSPORTE, OPERACIONES LOGÍSTICA U OPERACIONES PORTUARIAS. Experiencia Laboral;- ALTERNATIVA 1: VEINTICUATRO (24) MESES DE EXPERIENCIA RELACIONADA DISTRIBUIDA ASÍ: DOCE (12) MESES DE EXPERIENCIA RELACIONADA CON EL EJERCICIO DE OPERACIONES LOGÍSTICAS O TRANSPORTE Y DISTRIBUCIÓN Y DOCE (12) MESES ORIENTANDO PROCESOS PEDAGÓGICOS.- ALTERNATIVA 2: TREINTA (30) MESES DE EXPERIENCIA RELACIONADA DISTRIBUIDA ASÍ: DIECIOCHO (18) MESES DE EXPERIENCIA OPERACIONES LOGÍSTICAS O TRANSPORTE Y DISTRIBUCIÓN Y DOCE (12) MESES ORIENTANDO PROCESOS PEDAGÓGICOS." | F15: 8-9302- 995 Instructor: Prestar Servicios Personales Carácter Temporal Para La Formación Profesional Integral, En FORMACION REGULAR TITULADA Y COMPLEMENTARIAPara el Programa Formación COORDINACION DE PROCESOS LOGISTICOS | G15: 5 | H15: 44949 | I15: 45199 | J15: 8 | K15: 8 | P15: 3800000 | Q15: =ROUND(((P15*J15)+(P15/30)*K15),0) -> 31413333 | R15: =+Q15*G15 -> 157066665 | S15: =((P15/30)*13)*G15 -> 8233333.3 | T15: =R15-S15 -> 1.4883333e+08 | U15: BRENDA RODRIGUEZ- NARCISO DE LA HOZ- NASIRA QUESSEP- FRANCISCO SANDOVAL - ROSMERY RUFINA CONDE -
A16: 12 | B16: COORDINACION_DE_PROCESOS_LOGISTICOS | C16: Planear integración de cadenas de suministro según normativa y modelos de gestión | D16: "Requisitos academicos: ALTERNATIVA 1:NBC EN INGENIERÍA INDUSTRIAL CON TÍTULO PROFESIONAL UNIVERSITARIO EN :INGENIERÍA INDUSTRIAL, INGENIERÍA LOGÍSTICA, INGENIERÍA DE PRODUCTIVIDAD Y CALIDAD, INGENIERÍA DE PRODUCCIÓN, INGENIERÍA DE PROCESOS, ECONOMÍA.NBC EN ADMINISTRACIÓN CON TÍTULO UNIVERSITARIO EN: ADMINISTRACIÓN LOGÍSTICA, ADMINISTRACIÓN EN LOGÍSTICA Y PRODUCCIÓN, ADMINISTRACIÓN DE NEGOCIOS INTERNACIONALES, NEGOCIOS INTERNACIONALES, ADMINISTRACIÓN DE COMERCIO EXTERIOR, ADMINISTRACIÓN DE EMPRESAS.ALTERNATIVA 2:NBC EN ADMINISTRACIÓN CON TÍTULO DE TECNÓLOGO EN: TECNOLOGÍA EN GESTIÓN LOGÍSTICA, TECNOLOGÍA EN GESTIÓN PORTUARIA, TECNOLOGÍA EN DISTRIBUCIÓN FÍSICA INTERNACIONAL, TECNOLOGÍA EN ADMINISTRACIÓN DE EMPRESAS, TECNOLOGÍA EN GESTIÓN LOGÍSTICA PORTUARIA.NBC EN ECONOMÍA CON TÍTULO DE TECNÓLOGO EN: TECNOLOGÍA EN LOGÍSTICA.NBC EN INGENIERÍA INDUSTRIAL CON TÍTULO DE TECNÓLOGO EN: TECNOLOGÍA EN INGENIERÍA INDUSTRIAL, TECNÓLOGO EN LOGÍSTICA DE OPERACIONES, TECNÓLOGO EN LOGÍSTICA PORTUARIA Y DEL TRANSPORTE.ADICIONAL:FORMACIÓN EN: LOGÍSTICA, LOGÍSTICA Y TRANSPORTE, OPERACIONES LOGÍSTICA U OPERACIONES PORTUARIAS. Experiencia Laboral;- ALTERNATIVA 1: VEINTICUATRO (24) MESES DE EXPERIENCIA RELACIONADA DISTRIBUIDA ASÍ: DOCE (12) MESES DE EXPERIENCIA RELACIONADA CON EL EJERCICIO DE OPERACIONES LOGÍSTICAS O TRANSPORTE Y DISTRIBUCIÓN Y DOCE (12) MESES ORIENTANDO PROCESOS PEDAGÓGICOS.- ALTERNATIVA 2: TREINTA (30) MESES DE EXPERIENCIA RELACIONADA DISTRIBUIDA ASÍ: DIECIOCHO (18) MESES DE EXPERIENCIA OPERACIONES LOGÍSTICAS O TRANSPORTE Y DISTRIBUCIÓN Y DOCE (12) MESES ORIENTANDO PROCESOS PEDAGÓGICOS." | F16: 8-9302-277 Instructor: Prestar Servicios Personales Carácter Temporal Para La Formación Profesional Integral, En FORMACION REGULAR TITULADA Y COMPLEMENTARIAPara el Programa Formación INTEGRACION DE OPERACIONES LOGISTICAS | G16: 1 | H16: 44949 | I16: 45107 | J16: 5 | K16: 8 | P16: 3800000 | Q16: =ROUND(((P16*J16)+(P16/30)*K16),0) -> 20013333 | R16: =+Q16*G16 -> 20013333 | T16: =R16-S16 -> 20013333 | U16: ROBERTO BENAVIDEZ (PROTECCION ESPECIAL) | V16: PENDIENTE 1 PRESELECCION
A17: 13 | B17: COORDINACION_DE_PROCESOS_LOGISTICOS | C17: Controlar los procesos de importación y exportación según normativa y acuerdo entre las partes | D17: "Requisitos academicos: ALTERNATIVA 1:NBC EN INGENIERÍA INDUSTRIAL CON TÍTULO PROFESIONAL UNIVERSITARIO EN :INGENIERÍA INDUSTRIAL, INGENIERÍA LOGÍSTICA, INGENIERÍA DE PRODUCTIVIDAD Y CALIDAD, INGENIERÍA DE PRODUCCIÓN, INGENIERÍA DE PROCESOS, ECONOMÍA.NBC EN ADMINISTRACIÓN CON TÍTULO UNIVERSITARIO EN: ADMINISTRACIÓN LOGÍSTICA, ADMINISTRACIÓN EN LOGÍSTICA Y PRODUCCIÓN, ADMINISTRACIÓN DE NEGOCIOS INTERNACIONALES, NEGOCIOS INTERNACIONALES, ADMINISTRACIÓN DE COMERCIO EXTERIOR, ADMINISTRACIÓN DE EMPRESAS.ALTERNATIVA 2:NBC EN ADMINISTRACIÓN CON TITULO DE TECNÓLOGO EN: TECNOLOGÍA EN GESTIÓN LOGISTICA, TECNOLOGÍA EN GESTIÓN PORTURIA, TECNOLOGÍA EN DISTRIBUCIÓN FÍSICA INTERNACIONAL, TECNOLOGÍA EN ADMINISTRACIÓN DE EMPRESAS, TECNOLOGÍA EN GESTIÓN LOGÍSTICA PORTUARIA.NBC EN ECONOMÍA CON TÍTULO DE TECNÓLOGO EN: TECNOLOGÍA EN LOGÍSTICA.NBC EN INGENIERÍA INDUSTRIAL CON TÍTULO DE TECNÓLOGO EN: TECNOLOGÍA EN INGENIERÍA INDUSTRIAL, TECNÓLOGO EN LOGÍSTICA DE OPERACIONES, TECNÓLOGO EN LOGÍSTICA PORTUARIA Y DEL TRANSPORTE.ADICIONAL:FORMACIÓN EN: LOGÍSTICA, LOGÍSTICA Y TRANSPORTE, OPERACIONES LOGÍSTICAS U OPERACIONES PORTUARIAS. Experiencia Laboral;- ALTERNATIVA 1: VEINTICUATRO (24) MESES DE EXPERIENCIA RELACIONADA DISTRIBUIDA ASÍ: DOCE (12) MESES DE EXPERIENCIA RELACIONADA CON EL EJERCICIO DE OPERACIONES LOGÍSTICAS O TRANSPORTE Y DISTRIBUCIÓN Y DOCE (12) MESES ORIENTANDO PROCESOS PEDAGÓGICOS.- ALTERNATIVA 2: TREINTA (30) MESES DE EXPERIENCIA RELACIONADA DISTRIBUIDA ASÍ: DIECIOCHO (18) MESES DE EXPERIENCIA OPERACIONES LOGÍSTICAS O TRANSPORTE Y DISTRIBUCIÓN Y DOCE (12) MESES ORIENTANDO PROCESOS PEDAGÓGICOS." | F17: 8-9302-278 Instructor: Prestar Servicios Personales Carácter Temporal Para La Formación Profesional Integral, En FORMACION REGULAR TITULADA Y COMPLEMENTARIAPara el Programa Formación INTEGRACION DE OPERACIONES LOGISTICAS | G17: 1 | H17: 44949 | I17: 45199 | J17: 8 | K17: 8 | P17: 3800000 | Q17: =ROUND(((P17*J17)+(P17/30)*K17),0) -> 31413333 | R17: =+Q17*G17 -> 31413333 | S17: =((P17/30)*13)*G17 -> 1646666.7 | T17: =R17-S17 -> 29766666 | U17: JORGE ELIECER NARVAEZ ECHEVERRIA
A18: 14 | B18: INTEGRACION_DE_OPERACIONES_LOGISTICAS | C18: INTERACTUAR EN LENGUA INGLESA DE FORMA ORAL Y ESCRITA DENTRO DE CONTEXTOS SOCIALES Y LABORALES SEGÚN LOS CRITERIOS ESTABLECIDOS POR EL MARCO COMÚN EUROPEO DE REFERENCIA PARA LAS LENGUAS. | D18: "Opción 1: Título profesional universitario en cualquier núcleo básico de conocimiento. Nivel de lengua certificado* de mínimo B2 de acuerdo con el MCER en cada una de las 4 habilidades de dominio de lengua (Comprensión oral, Comprensión escrita, Producción oral, Producción escrita). Veinticuatro (24) meses de experiencia en la instrucción/docencia de la lengua extranjera a impartir. Opción 2: Título tecnólogo en cualquier núcleo básico de conocimiento. Nivel de lengua certificado* de mínimo B2 de acuerdo con el MCER en cada una de las 4 habilidades de dominio de lengua (Comprensión oral, Comprensión escrita, Producción oral, Producción escrita). Treinta (30) meses de experiencia en la instrucción/docencia de la lengua extranjera a impartir.Los instructores para programas de formación complementaria virtual, incluyendo bilingüismo, deberán acreditar capacitación relacionada con tutoría virtual, no inferior a 40 horas, además de cumplir los requisitos del perfil establecido en los diseños curriculares de cada programa como perfiles de instructor (en el caso de bilingüismo, el perfil está definido en el numeral 8 de la presente circular)._x000D_ Los instructores que se contraten para orientar programas de formación titulada virtual o titulada a distancia, deberán acreditar capacitación relacionada con tutoría virtual, no inferior a 40 horas; tener experiencia certificada de mínimo seis (6) meses como tutor virtual, además de cumplir los requisitos del perfil establecido en los diseños curriculares de cada programa." | F18: 8-9302-862 Instructor: Prestar Servicios Personales Carácter Temporal Para La Formación Profesional Integral, En FORMACION REGULAR TITULADA Y COMPLEMENTARIAPara el Programa Formación INTEGRACION DE OPERACIONES LOGISTICAS | G18: 3 | H18: 44949 | I18: 45107 | J18: 5 | K18: 8 | P18: 3800000 | Q18: =ROUND(((P18*J18)+(P18/30)*K18),0) -> 20013333 | R18: =+Q18*G18 -> 60039999 | T18: =R18-S18 -> 60039999 | U18: FREEDY MACIAS - SANTIAGO CASTRO- ANA MILINA VERGARA
A19: 15 | B19: INTEGRACION_DE_OPERACIONES_LOGISTICAS | C19: Razonar cuantitativamente frente a situaciones susceptibles de ser abordadas de manera matemática en contextos laborales, sociales y personales. | D19: Requisitos académicos: Licenciado en matemáticas, título profesional en núcleos básicos de conocimiento de educación matemáticas, estadística y afines o ingeniero afín al programa de formación, profesional en ciencias económicas o afines profesional en administración de empresas o afine profesional en mercadeo o afines profesional en ingeniería industrial o afines, certificar cursos de formación en pedagogía de mínimo 40 horas. Experiencia laboral: veinticuatro (24) meses de experiencia distribuida así: doce (12) meses de experiencia relacionada con el ejercicio de matemáticas y doce (12) meses en docencia. | F19: 8-9302-863 Instructor: Prestar Servicios Personales Carácter Temporal Para La Formación Profesional Integral, En FORMACION REGULAR TITULADA Y COMPLEMENTARIAPara el Programa Formación INTEGRACION DE OPERACIONES LOGISTICAS | G19: 1 | H19: 44949 | I19: 45107 | J19: 5 | K19: 8 | P19: 3800000 | Q19: =ROUND(((P19*J19)+(P19/30)*K19),0) -> 20013333 | R19: =+Q19*G19 -> 20013333 | T19: =R19-S19 -> 20013333 | U19: SIGIFREDO ENRIQUE DIAZ
A20: 16 | B20: INTEGRACION_DE_OPERACIONES_LOGISTICAS | C20: Ejercer derechos fundamentales del trabajo en el marco de la constitución política y los convenios internacionales. | D20: "Requisitos académicos: Certificado de Aptitud Profesional – SENA, o certificado por autoridad competente en cualquiera de las nueve áreas de desempeño de la CNO y en el nivel ocupacional 2,3 o 4 (Ver anexo C. N.O). Opción 1: Certificado de técnico, o certificado por autoridad competente en cualquiera de las nueve áreas de desempeño de la CNO y en el nivel ocupacional 3 o 4 (Ver anexo C. N.O). Opción 2: Título de Técnico Profesional en cualquiera de los 55 núcleos básicos de conocimiento, o en NULL o Sin clasificar. Ver anexos: (N.B.C.), (TITULOS SENA). Opción 3: Título de Tecnólogo en cualquiera de los 55 núcleos básicos de conocimiento, o en NULL o Sin clasificar. Ver anexos: (N.B.C.), (TITULOS SENA). Opción 4: Título Profesional universitario en cualquiera de los 55 núcleos básicos de conocimiento, o en NULL o Sin clasificar. (Ver anexo N.B.C) Tarjeta profesional en los casos exigidos por la Ley _x000D_ _x000D_ Experiencia laboral: Cuarenta y ocho (48) meses de experiencia relacionada distribuida así: Treinta y seis (36) meses de experiencia relacionada con el ejercicio de los derechos humanos y fundamentales del trabajo y doce (12) meses en docencia o instrucción certificada por entidad legalmente reconocida. _x000D_ _x000D_ Opción 1: Cuarenta y dos (42) meses de experiencia relacionada distribuida así: Treinta (30) meses de experiencia relacionada con el ejercicio de los derechos humanos y fundamentales del trabajo y Doce (12) meses en docencia o instrucción certificada por entidad legalmente reconocida. _x000D_ Opción 2: Treinta y seis (36) meses de experiencia relacionada distribuida así: Veinticuatro (24) meses de experiencia relacionada con el ejercicio de los derechos humanos y fundamentales del trabajo y doce (12) meses en docencia o instrucción certificada por entidad legalmente reconocida. _x000D_ Opción 3: Treinta (30) meses de experiencia relacionada distribuida así: Dieciocho (18) meses de experiencia relacionada con el ejercicio de los derechos humanos y fundamentales del trabajo y doce (12) meses en docencia o instrucción certificada por entidad legalmente reconocida _x000D_ Opción 4: Veinticuatro (24) meses de experiencia relacionada distribuida así: Doce (12) meses de experiencia relacionada con el ejercicio de los derechos humanos y fundamentales del trabajo y doce (12) meses en docencia o instrucción certificada por entidad legalmente reconocida. _x000D_ _x000D_ Competencias:1. Crea espacios pedagógicos de reflexión y apropiación para la valoración de los derechos y deberes en el trabajo _x000D_ 2. Interpreta la relación entre el trabajo y el desarrollo humano. _x000D_ 3. Identifica la naturaleza de los derechos humanos y del trabajo. _x000D_ 4. Genera procesos de interacción social interacciones en el marco de los derechos humanos y laborales para el desarrollo social para el desarrollo de con autonomía y dignidad. _x000D_ 5. Implementa acciones para la elaboración el diligenciamiento de documentos relacionados con la política pública, de salarios y los acuerdos internacionales de la OIT y los derechos económicos, sociales y de bienestar derivadas de las acciones laborales. _x000D_ 6. Argumenta los derechos el ejercicio de los derechos fundamentales del trabajo y los mecanismos de protección como ejercicio de la ciudadanía laboral. _x000D_ 7. Organiza acciones pedagógicas para la aplicación de los principios de los derechos de asociación. _x000D_ 8. Integra acciones de solidaridad para la defensa del ser humano, la naturaleza y la cultura de la paz. y los valores de la convivencia la paz y la ciudadana." | F20: 8-9302-864 Instructor: Prestar Servicios Personales Carácter Temporal Para La Formación Profesional Integral, En FORMACION REGULAR TITULADA Y COMPLEMENTARIAPara el Programa Formación INTEGRACION DE OPERACIONES LOGISTICAS | G20: 1 | H20: 44949 | I20: 45107 | J20: 5 | K20: 8 | P20: 3800000 | Q20: =ROUND(((P20*J20)+(P20/30)*K20),0) -> 20013333 | R20: =+Q20*G20 -> 20013333 | T20: =R20-S20 -> 20013333 | U20: MAYRA ALEJANDRA ARMENTA CASTRO
A21: 17 | B21: INTEGRACION_DE_OPERACIONES_LOGISTICAS | C21: Utilizar herramientas informáticas de acuerdo con las necesidades de manejo de información | D21: Requisitos académicos: tecnólogo o profesional en áreas afines con tecnologías de la información y la comunicación. Tecnólogo en gestión logística, profesional en ingenieria industrial, administración logística y carreras afines. Experiencia laboral: mínimo, dieciocho (18) meses de experiencia laboral, de los cuales doce (12) meses estarán relacionados con el ejercicio de la profesión u oficio objeto de la formación profesional y seis (6) meses en labores de docencia en el área | F21: 8-9302-865 Instructor: Prestar Servicios Personales Carácter Temporal Para La Formación Profesional Integral, En FORMACION REGULAR TITULADA Y COMPLEMENTARIAPara el Programa Formación INTEGRACION DE OPERACIONES LOGISTICAS | G21: 1 | H21: 44949 | I21: 45107 | J21: 5 | K21: 8 | P21: 3800000 | Q21: =ROUND(((P21*J21)+(P21/30)*K21),0) -> 20013333 | R21: =+Q21*G21 -> 20013333 | T21: =R21-S21 -> 20013333 | U21: SE SUGIERE BRIAN OROZCO DE LA TITULADA VIRTUAL (POR CONVOCATORIA DESIERTA) | V21: CONVOCATORIA 18344
A22: 18 | B22: INTEGRACION_DE_OPERACIONES_LOGISTICAS | C22: Almacenar los productos según técnicas de almacenamiento y normativa | D22: Requisitos académicos: alternativa 1: título de tecnólogo en el núcleo básico de conocimiento ingeniería industrial y afines; o administración. (ver anexo n. B. C) alternativa 2: título profesional universitario en el núcleo básico de conocimiento deingeniería industrial y afines; o administración. (ver anexo n. B. C) experiencia laboral: para alternativa 1: treinta (30) meses de experiencia relacionada distribuida así: dieciocho (18) meses de experiencia relacionada con el ejercicio de gestión logística y doce (12) meses en docencia para alternativa 2: veinticuatro (24) meses de experiencia relacionada distribuida así: doce (12) meses de experiencia relacionada con el ejercicio de gestión logística y doce (12) meses en docencia | F22: 8-9302-274 Instructor: Prestar Servicios Personales Carácter Temporal Para La Formación Profesional Integral, En FORMACION REGULAR TITULADA Y COMPLEMENTARIAPara el Programa Formación INTEGRACION DE OPERACIONES LOGISTICAS | G22: 6 | H22: 44949 | I22: 45199 | J22: 8 | K22: 8 | P22: 3800000 | Q22: =ROUND(((P22*J22)+(P22/30)*K22),0) -> 31413333 | R22: =+Q22*G22 -> 188479998 | S22: =((P22/30)*13)*G22 -> 9880000 | T22: =R22-S22 -> 178599998 | U22: RICARDO SAZA BARRIOS - OTTO EGUIS- DIANA RESTREPO- CINDY CUBILLOS- EVELYN HERNANDEZ - HENRY RODELO
A23: 19 | B23: INTEGRACION_DE_OPERACIONES_LOGISTICAS | C23: Gestionar procesos propios de la cultura emprendedora y empresarial de acuerdo con el perfil personal y los requerimientos de los contextos productivo y social. | D23: "Requisitos académicos: Profesional en ciencias económicas o financieras, profesional en administración de empresas, profesional en mercadeo, contaduría pública, ingeniería administrativa y afines, profesional en ingeniería industrial o afines, profesional en filosofía, antropología, psicología, trabajo social, sociología o afines, profesional con estudios relacionados en ética, o bioética, o de ontología o humanismo, certificar cursos de formación en pedagogía de mínimo 40 horas._x000D_ Experiencia laboral: veinticuatro (24) meses de experiencia de los cuales doce (12) meses estarán relacionados con el ejercicio de la profesión u oficio objeto de la formación profesional y doce (12) meses en labores de docencia." | F23: 8-9302-275 Instructor: Prestar Servicios Personales Carácter Temporal Para La Formación Profesional Integral, En FORMACION REGULAR TITULADA Y COMPLEMENTARIAPara el Programa Formación INTEGRACION DE OPERACIONES LOGISTICAS | G23: 1 | H23: 44949 | I23: 45107 | J23: 5 | K23: 8 | P23: 3800000 | Q23: =ROUND(((P23*J23)+(P23/30)*K23),0) -> 20013333 | R23: =+Q23*G23 -> 20013333 | T23: =R23-S23 -> 20013333 | U23: OSCAR SAMPER ROBLES
A24: 20 | B24: GESTION_DE_OPERACIONES_EN_TERMINALES_PORTUARIAS | C24: PROGRAMAR OPERACIONES PORTUARIAS DE ACUERDO CON TÉRMINOS DE NEGOCIACIÓN Y NORMATIVA | D24: "Requisitos academicos: TÍTULO PROFESIONAL UNIVERSITARIO EN EL NÚCLEO BÁSICO DE CONOCIMIENTO DE: INGENIERÍA INDUSTRIAL Y AFINES; O ECONOMÍA; O ADMINISTRACIÓN. (VER ANEXO N.B.C) Experiencia Laboral;-VEINTICUATRO (24) MESES DE EXPERIENCIA RELACIONADA DISTRIBUIDA ASÍ:-DOCE (12) MESES DE EXPERIENCIA RELACIONADA CON EL EJERCICIO EN PUERTOS MARÍTIMOS Y/O FLUVIALES Y DOCE (12) MESES EN DOCENCIA. (RESOLUCIÓN SENA 1458/2017)" | F24: 8-9302-624 Instructor: Prestar Servicios Personales Carácter Temporal Para La Formación Profesional Integral, En FORMACION REGULAR TITULADA Y COMPLEMENTARIAPara el Programa Formación GESTION DE OPERACIONES EN TERMINALES PORTUARIAS | G24: 1 | H24: 44949 | I24: 45199 | J24: 8 | K24: 8 | P24: 3800000 | Q24: =ROUND(((P24*J24)+(P24/30)*K24),0) -> 31413333 | R24: =+Q24*G24 -> 31413333 | S24: =((P24/30)*13)*G24 -> 1646666.7 | T24: =R24-S24 -> 29766666 | U24: HAROLD ESCORCIA GONZALEZ
A25: 21 | B25: GESTION_DE_OPERACIONES_EN_TERMINALES_PORTUARIAS | C25: INTERACTUAR EN LENGUA INGLESA DE FORMA ORAL Y ESCRITA DENTRO DE CONTEXTOS SOCIALES Y LABORALES SEGÚN LOS CRITERIOS ESTABLECIDOS POR EL MARCO COMÚN EUROPEO DE REFERENCIA PARA LAS LENGUAS. | D25: "Opción 1: Título profesional universitario en cualquier núcleo básico de conocimiento. Nivel de lengua certificado* de mínimo B2 de acuerdo con el MCER en cada una de las 4 habilidades de dominio de lengua (Comprensión oral, Comprensión escrita, Producción oral, Producción escrita). Veinticuatro (24) meses de experiencia en la instrucción/docencia de la lengua extranjera a impartir. Opción 2: Título tecnólogo en cualquier núcleo básico de conocimiento. Nivel de lengua certificado* de mínimo B2 de acuerdo con el MCER en cada una de las 4 habilidades de dominio de lengua (Comprensión oral, Comprensión escrita, Producción oral, Producción escrita). Treinta (30) meses de experiencia en la instrucción/docencia de la lengua extranjera a impartir.Los instructores para programas de formación complementaria virtual, incluyendo bilingüismo, deberán acreditar capacitación relacionada con tutoría virtual, no inferior a 40 horas, además de cumplir los requisitos del perfil establecido en los diseños curriculares de cada programa como perfiles de instructor (en el caso de bilingüismo, el perfil está definido en el numeral 8 de la presente circular)._x000D_ Los instructores que se contraten para orientar programas de formación titulada virtual o titulada a distancia, deberán acreditar capacitación relacionada con tutoría virtual, no inferior a 40 horas; tener experiencia certificada de mínimo seis (6) meses como tutor virtual, además de cumplir los requisitos del perfil establecido en los diseños curriculares de cada programa." | F25: 8-9302-625 Instructor: Prestar Servicios Personales Carácter Temporal Para La Formación Profesional Integral, En FORMACION REGULAR TITULADA Y COMPLEMENTARIAPara el Programa Formación GESTION DE OPERACIONES EN TERMINALES PORTUARIAS | G25: 1 | H25: 44949 | I25: 45107 | J25: 5 | K25: 8 | P25: 3800000 | Q25: =ROUND(((P25*J25)+(P25/30)*K25),0) -> 20013333 | R25: =+Q25*G25 -> 20013333 | T25: =R25-S25 -> 20013333 | U25: OSWALDO HERRERA
A26: 22 | B26: GESTION_DE_LA_SEGURIDAD_Y_SALUD_EN_EL_TRABAJO | C26: EJECUTAR EL PROGRAMA DE SALUD OCUPACIONAL DE LA EMPRESA, SEGÚN ORIENTACIONES DADAS Y NORMATIVIDAD VIGENTE. | D26: "Requisitos académicos: profesionales en las áreas de: ingenierías administración sector salud y social experiencia laboral: mínimo 24 meses de experiencia laboral en salud ocupacionalespecialista en salud ocupacional, con licencia de prestación de servicios de salud ocupacional" | F26: 8-9302-344 Instructor: Prestar Servicios Personales Carácter Temporal Para La Formación Profesional Integral, En FORMACION REGULAR TITULADA Y COMPLEMENTARIAPara el Programa Formación SISTEMA DE GESTION DE LA SEGURIDAD Y SALUD EN EL TRABAJO SG-SST | G26: 9 | H26: 44949 | I26: 45199 | J26: 8 | K26: 8 | P26: 3800000 | Q26: =ROUND(((P26*J26)+(P26/30)*K26),0) -> 31413333 | R26: =+Q26*G26 -> 282719997 | S26: =((P26/30)*13)*G26 -> 14820000 | T26: =R26-S26 -> 267899997 | U26: RENE PAUL CARVAJAL POLO SHIRLEY JOHARES LOBO TATIANA INES LARA BARRAZA DANIEL JOSE FONTALVO SUAREZ ALBERTO MARIO TORRES PÉREZ GRACE CASTILLO JULIO FONSECA ANGELICA MARIA SUAREZ GARCIA MARTA FLOREZ
A27: 23 | B27: GESTION_DE_LA_SEGURIDAD_Y_SALUD_EN_EL_TRABAJO | C27: COMPRENDER TEXTOS EN INGLÉS EN FORMA ESCRITA Y AUDITIVA | D27: "Opción 1: Título profesional universitario en cualquier núcleo básico de conocimiento. Nivel de lengua certificado* de mínimo B2 de acuerdo con el MCER en cada una de las 4 habilidades de dominio de lengua (Comprensión oral, Comprensión escrita, Producción oral, Producción escrita). Veinticuatro (24) meses de experiencia en la instrucción/docencia de la lengua extranjera a impartir. Opción 2: Título tecnólogo en cualquier núcleo básico de conocimiento. Nivel de lengua certificado* de mínimo B2 de acuerdo con el MCER en cada una de las 4 habilidades de dominio de lengua (Comprensión oral, Comprensión escrita, Producción oral, Producción escrita). Treinta (30) meses de experiencia en la instrucción/docencia de la lengua extranjera a impartir.Los instructores para programas de formación complementaria virtual, incluyendo bilingüismo, deberán acreditar capacitación relacionada con tutoría virtual, no inferior a 40 horas, además de cumplir los requisitos del perfil establecido en los diseños curriculares de cada programa como perfiles de instructor (en el caso de bilingüismo, el perfil está definido en el numeral 8 de la presente circular)._x000D_ Los instructores que se contraten para orientar programas de formación titulada virtual o titulada a distancia, deberán acreditar capacitación relacionada con tutoría virtual, no inferior a 40 horas; tener experiencia certificada de mínimo seis (6) meses como tutor virtual, además de cumplir los requisitos del perfil establecido en los diseños curriculares de cada programa." | F27: 8-9302-345 Instructor: Prestar Servicios Personales Carácter Temporal Para La Formación Profesional Integral, En FORMACION REGULAR TITULADA Y COMPLEMENTARIAPara el Programa Formación SISTEMA DE GESTION DE LA SEGURIDAD Y SALUD EN EL TRABAJO SG-SST | G27: 2 | H27: 44949 | I27: 45107 | J27: 5 | K27: 8 | P27: 3800000 | Q27: =ROUND(((P27*J27)+(P27/30)*K27),0) -> 20013333 | R27: =+Q27*G27 -> 40026666 | T27: =R27-S27 -> 40026666 | U27: SE SUGIERE A GUILLERMO ROBIN VIVAS Y JOHANNA VILLA DE TITULADA VIRTUAL
A28: 24 | B28: GESTIÓN_INTEGRADA_DE_LA_CALIDAD,_MEDIO_AMBIENTE,_SEGURIDAD_Y_SALUD_OCUPACIONAL | C28: PRODUCIR TEXTOS EN INGLÉS EN FORMA ESCRITA Y ORAL | D28: "Opción 1: Título profesional universitario en cualquier núcleo básico de conocimiento. Nivel de lengua certificado* de mínimo B2 de acuerdo con el MCER en cada una de las 4 habilidades de dominio de lengua (Comprensión oral, Comprensión escrita, Producción oral, Producción escrita). Veinticuatro (24) meses de experiencia en la instrucción/docencia de la lengua extranjera a impartir. Opción 2: Título tecnólogo en cualquier núcleo básico de conocimiento. Nivel de lengua certificado* de mínimo B2 de acuerdo con el MCER en cada una de las 4 habilidades de dominio de lengua (Comprensión oral, Comprensión escrita, Producción oral, Producción escrita). Treinta (30) meses de experiencia en la instrucción/docencia de la lengua extranjera a impartir.Los instructores para programas de formación complementaria virtual, incluyendo bilingüismo, deberán acreditar capacitación relacionada con tutoría virtual, no inferior a 40 horas, además de cumplir los requisitos del perfil establecido en los diseños curriculares de cada programa como perfiles de instructor (en el caso de bilingüismo, el perfil está definido en el numeral 8 de la presente circular)._x000D_ Los instructores que se contraten para orientar programas de formación titulada virtual o titulada a distancia, deberán acreditar capacitación relacionada con tutoría virtual, no inferior a 40 horas; tener experiencia certificada de mínimo seis (6) meses como tutor virtual, además de cumplir los requisitos del perfil establecido en los diseños curriculares de cada programa." | F28: 8-9302-628 Instructor: Prestar Servicios Personales Carácter Temporal Para La Formación Profesional Integral, En FORMACION REGULAR TITULADA Y COMPLEMENTARIAPara el Programa Formación GESTIÓN INTEGRADA DE LA CALIDAD, MEDIO AMBIENTE, SEGURIDAD Y SALUD OCUPACIONAL | G28: 2 | H28: 44949 | I28: 45107 | J28: 5 | K28: 8 | P28: 3800000 | Q28: =ROUND(((P28*J28)+(P28/30)*K28),0) -> 20013333 | R28: =+Q28*G28 -> 40026666 | T28: =R28-S28 -> 40026666 | U28: SE SUGIERE A DONATO TAPIAS
A29: 25 | B29: GESTIÓN_INTEGRADA_DE_LA_CALIDAD,_MEDIO_AMBIENTE,_SEGURIDAD_Y_SALUD_OCUPACIONAL | C29: DOCUMENTAR LOS PROCESOS NECESARIOS PARA LA IMPLEMENTACIÓN MANTENIMIENTO Y MEJORA DE LOS SISTEMAS DE GESTIÓN, DE FORMA INDIVIDUAL O INTEGRADA; SEGÚN PROCEDIMIENTOS ESTABLECIDOS POR LA EMPRESA | D29: "Requisitos academicos: ¿El Programa Requiere De Un Equipo De Instructores Técnicos, Conformado Por_x000D_ Ingenieros De Diferentes Áreas De Las Ciencias. Y/OAdministrador De Empresas. Experiencia Laboral ¿Mínimo 24 Meses De Vinculación Laboral Con El Área De Su Profesión _x000D_ Especialista En Sistemas De Gestión De La Calidad" | F29: 8-9302-629 Instructor: Prestar Servicios Personales Carácter Temporal Para La Formación Profesional Integral, En FORMACION REGULAR TITULADA Y COMPLEMENTARIAPara el Programa Formación GESTIÓN INTEGRADA DE LA CALIDAD, MEDIO AMBIENTE, SEGURIDAD Y SALUD OCUPACIONAL | G29: 5 | H29: 44949 | I29: 45199 | J29: 8 | K29: 8 | P29: 3800000 | Q29: =ROUND(((P29*J29)+(P29/30)*K29),0) -> 31413333 | R29: =+Q29*G29 -> 157066665 | S29: =((P29/30)*13)*G29 -> 8233333.3 | T29: =R29-S29 -> 1.4883333e+08 | U29: ESTEFANI JULIETH MARTÍNEZ ARROYABE ROICO PEREZ ROXANA AHUMADA ANGELICA GOMEZ LIZBETH LOZANO BRIEVA
A30: 26 | B30: CONTROL_DE_MOVILIDAD,_TRANSPORTE_Y_SEGURIDAD_VIAL | C30: Caracterizar accidentes de tránsito de acuerdo con normativa de tránsito y transporte | D30: "Requisitos académicos: alternativa 1: nivel académico título de tecnólogo en el núcleo básico de conocimiento deingeniería mecánica y afines. Ver anexos(n. B. C. ), (titulos sena) licencia de instructor de conducción emitida por el ministerio del transporte alternativa 2: título profesional universitario en el núcleo básico de conocimiento deingeniería mecánica y afines; o ingeniería civil y afines, administración, seguridad y afines. (ver anexo n. B. C) titulado con formación en seguridad vial y/o criminalistica. (ver anexo n. B. C) licencia de instructor de conducción emitida por el ministerio del transporte. Tarjeta profesional en los casos exigidos por la ley. Experiencia laboral: opción unotreinta (30) meses de experiencia relacionada distribuida asídieciocho (18) meses de experiencia relacionada con el ejercicio de operación de transporte terrestre por carretera y doce (12) meses en docenciaopción 2:veinticuatro (24) meses de experiencia relacionada distribuida asídoce (12) meses de experiencia relacionada con el ejercicio de operación de transporte terrestre por carretera y doce (12) meses en docencia" | F30: 8-9302- 983 Instructor: Prestar Servicios Personales Carácter Temporal Para La Formación Profesional Integral, En FORMACION REGULAR TITULADA Y COMPLEMENTARIAPara el Programa Formación CONTROL DE MOVILIDAD, TRANSPORTE Y SEGURIDAD VIAL | G30: 1 | H30: 44949 | I30: 45107 | J30: 5 | K30: 8 | P30: 3800000 | Q30: =ROUND(((P30*J30)+(P30/30)*K30),0) -> 20013333 | R30: =+Q30*G30 -> 20013333 | T30: =R30-S30 -> 20013333 | U30: ALVARO ELIAN PINEDA MUÑOZ
A31: 27 | B31: CONTROL_DE_MOVILIDAD,_TRANSPORTE_Y_SEGURIDAD_VIAL | C31: INTERACTUAR EN LENGUA INGLESA DE FORMA ORAL Y ESCRITA DENTRO DE CONTEXTOS SOCIALES Y LABORALES SEGÚN LOS CRITERIOS ESTABLECIDOS POR EL MARCO COMÚN EUROPEO DE REFERENCIA PARA LAS LENGUAS. | D31: "Opción 1: Título profesional universitario en cualquier núcleo básico de conocimiento. Nivel de lengua certificado* de mínimo B2 de acuerdo con el MCER en cada una de las 4 habilidades de dominio de lengua (Comprensión oral, Comprensión escrita, Producción oral, Producción escrita). Veinticuatro (24) meses de experiencia en la instrucción/docencia de la lengua extranjera a impartir. Opción 2: Título tecnólogo en cualquier núcleo básico de conocimiento. Nivel de lengua certificado* de mínimo B2 de acuerdo con el MCER en cada una de las 4 habilidades de dominio de lengua (Comprensión oral, Comprensión escrita, Producción oral, Producción escrita). Treinta (30) meses de experiencia en la instrucción/docencia de la lengua extranjera a impartir.Los instructores para programas de formación complementaria virtual, incluyendo bilingüismo, deberán acreditar capacitación relacionada con tutoría virtual, no inferior a 40 horas, además de cumplir los requisitos del perfil establecido en los diseños curriculares de cada programa como perfiles de instructor (en el caso de bilingüismo, el perfil está definido en el numeral 8 de la presente circular)._x000D_ Los instructores que se contraten para orientar programas de formación titulada virtual o titulada a distancia, deberán acreditar capacitación relacionada con tutoría virtual, no inferior a 40 horas; tener experiencia certificada de mínimo seis (6) meses como tutor virtual, además de cumplir los requisitos del perfil establecido en los diseños curriculares de cada programa." | F31: PENDIENTE | G31: 1 | H31: 44949 | I31: 45107 | J31: 5 | K31: 8 | P31: 3800000 | Q31: =ROUND(((P31*J31)+(P31/30)*K31),0) -> 20013333 | R31: =+Q31*G31 -> 20013333 | T31: =R31-S31 -> 20013333 | U31: VACANTE
A32: 28 | B32: MANEJO_DE_MONTACARGAS | C32: Operar montacargas de acuerdo con el manual del equipo y normas de seguridad establecidas | D32: Requisitos académicos: el programa requiere de un equipo de instructores técnicos, conformado porprofesional, tecnólogo o técnico en programas de formación relacionados con ingenierías (opción1). Logística y transporte internacional de mercancías, gestión portuaria, gestión logística, operaciones portuarias comerciales, administración portuaria, (opción 2) o profesiones afines, certificación de competencia laboral en la norma operación del equipo montacargas. Profesional en área de humanidades (opción 3) experiencia laboral: con experiencia laboral de tres (3) años en el desarrollo de actividades relacionadas con almacenamiento de objetos | F32: 8-9302- 980 Instructor: Prestar Servicios Personales Carácter Temporal Para La Formación Profesional Integral, En FORMACION REGULAR TITULADA Y COMPLEMENTARIAPara el Programa Formación OPERACION DE MAQUINA MONTACARGAS | G32: 2 | H32: 44949 | I32: 45107 | J32: 5 | K32: 8 | P32: 3800000 | Q32: =ROUND(((P32*J32)+(P32/30)*K32),0) -> 20013333 | R32: =+Q32*G32 -> 40026666 | T32: =R32-S32 -> 40026666 | U32: ALVARO ENRIQUE CAMARGO LANCE LAIME ANTONIO CERVANTES BATISTA
A33: 29 | B33: INTEGRACION_DE_OPERACIONES_LOGISTICAS | C33: Ejercer derechos fundamentales del trabajo en el marco de la constitución política y los convenios internacionales. | D33: "Requisitos académicos: Certificado de Aptitud Profesional – SENA, o certificado por autoridad competente en cualquiera de las nueve áreas de desempeño de la CNO y en el nivel ocupacional 2,3 o 4 (Ver anexo C. N.O). Opción 1: Certificado de técnico, o certificado por autoridad competente en cualquiera de las nueve áreas de desempeño de la CNO y en el nivel ocupacional 3 o 4 (Ver anexo C. N.O). Opción 2: Título de Técnico Profesional en cualquiera de los 55 núcleos básicos de conocimiento, o en NULL o Sin clasificar. Ver anexos: (N.B.C.), (TITULOS SENA). Opción 3: Título de Tecnólogo en cualquiera de los 55 núcleos básicos de conocimiento, o en NULL o Sin clasificar. Ver anexos: (N.B.C.), (TITULOS SENA). Opción 4: Título Profesional universitario en cualquiera de los 55 núcleos básicos de conocimiento, o en NULL o Sin clasificar. (Ver anexo N.B.C) Tarjeta profesional en los casos exigidos por la Ley _x000D_ _x000D_ Experiencia laboral: Cuarenta y ocho (48) meses de experiencia relacionada distribuida así: Treinta y seis (36) meses de experiencia relacionada con el ejercicio de los derechos humanos y fundamentales del trabajo y doce (12) meses en docencia o instrucción certificada por entidad legalmente reconocida. _x000D_ _x000D_ Opción 1: Cuarenta y dos (42) meses de experiencia relacionada distribuida así: Treinta (30) meses de experiencia relacionada con el ejercicio de los derechos humanos y fundamentales del trabajo y Doce (12) meses en docencia o instrucción certificada por entidad legalmente reconocida. _x000D_ Opción 2: Treinta y seis (36) meses de experiencia relacionada distribuida así: Veinticuatro (24) meses de experiencia relacionada con el ejercicio de los derechos humanos y fundamentales del trabajo y doce (12) meses en docencia o instrucción certificada por entidad legalmente reconocida. _x000D_ Opción 3: Treinta (30) meses de experiencia relacionada distribuida así: Dieciocho (18) meses de experiencia relacionada con el ejercicio de los derechos humanos y fundamentales del trabajo y doce (12) meses en docencia o instrucción certificada por entidad legalmente reconocida _x000D_ Opción 4: Veinticuatro (24) meses de experiencia relacionada distribuida así: Doce (12) meses de experiencia relacionada con el ejercicio de los derechos humanos y fundamentales del trabajo y doce (12) meses en docencia o instrucción certificada por entidad legalmente reconocida. _x000D_ _x000D_ Competencias:1. Crea espacios pedagógicos de reflexión y apropiación para la valoración de los derechos y deberes en el trabajo _x000D_ 2. Interpreta la relación entre el trabajo y el desarrollo humano. _x000D_ 3. Identifica la naturaleza de los derechos humanos y del trabajo. _x000D_ 4. Genera procesos de interacción social interacciones en el marco de los derechos humanos y laborales para el desarrollo social para el desarrollo de con autonomía y dignidad. _x000D_ 5. Implementa acciones para la elaboración el diligenciamiento de documentos relacionados con la política pública, de salarios y los acuerdos internacionales de la OIT y los derechos económicos, sociales y de bienestar derivadas de las acciones laborales. _x000D_ 6. Argumenta los derechos el ejercicio de los derechos fundamentales del trabajo y los mecanismos de protección como ejercicio de la ciudadanía laboral. _x000D_ 7. Organiza acciones pedagógicas para la aplicación de los principios de los derechos de asociación. _x000D_ 8. Integra acciones de solidaridad para la defensa del ser humano, la naturaleza y la cultura de la paz. y los valores de la convivencia la paz y la ciudadana." | F33: 8-9302-280 Instructor: Prestar Servicios Personales Carácter Temporal Para La Formación Profesional Integral, En FORMACION REGULAR TITULADA Y COMPLEMENTARIAPara el Programa Formación INTEGRACION DE OPERACIONES LOGISTICAS | G33: 1 | H33: 44949 | I33: 45076 | J33: 4 | K33: 8 | P33: 2850000 | Q33: =ROUND(((P33*J33)+(P33/30)*K33),0) -> 12160000 | R33: =+Q33*G33 -> 12160000 | T33: =R33-S33 -> 12160000 | U33: VICTOR SALINAS (PROTECCION ESPECIAL)
A34: 30 | B34: INSTITUCIONAL | C34: Enrique Low Murtra-Interactuar en el contexto productivo y social de acuerdo con principios éticos para la construcción de una cultura de paz. | D34: "Requisitos académicos: Opción 1: profesionales en ciencias sociales, filosofía, o antropología, o psicología, o trabajo social, o sociología o teología, ciencia política, relaciones internacionales o afines. Opción 2: Profesional con estudios relacionados en ética, o bioética, o deontología o humanismo, formación en pedagogía de mínimo 40 horas._x000D_ Experiencia laboral: veinticuatro (24) meses de experiencia de los cuales dieciocho (18) meses estarán relacionados con el ejercicio de la profesión u oficio objeto de la formación profesional y seis (6) meses en labores de docencia y/o trabajo comunitario." | F34: 8-9302-316 Instructor: Prestar Servicios Personales Carácter Temporal Para La Formación Profesional Integral, En FORMACION REGULAR TITULADA Y COMPLEMENTARIAPara el Programa Formación Institucional de Integralidad de la Formación - Interacción Consigo Mismo, con los demás, con la Naturaleza y con la Trascendencia | G34: 1 | H34: 44949 | I34: 45076 | J34: 4 | K34: 8 | P34: 3800000 | Q34: =ROUND(((P34*J34)+(P34/30)*K34),0) -> 16213333 | R34: =+Q34*G34 -> 16213333 | T34: =R34-S34 -> 16213333 | U34: AURORA VEGA (PROTECCION ESPECIAL)
G35: =SUM(G5:G34) -> 65 | T35: =SUM(T5:T34) -> 1.6695933e+09

Sheet Salud 
A1: No | B1: PROGRAMA DE FORMACIÓN | C1: COMPETENCIA | D1: PERFIL DEL INSTRUCTOR | E1: VALIDACIÓN (QUE APAREZCA, VALORES, NUMERO DE INSTRUCTORES) | F1: OBJETO CONTRACTUAL | G1: No de personas a contratar | H1: Fechas Previstas para la Contratación | J1: Plazo Previsto para la Contratación | O1: VALIDACIÓN FECHAS | P1: costo honorarios mes (Pesos) | Q1: Valor un instructor | R1: Valor total programa | S1: Deduccion Semana de Confraternidad- Alistamiento (3 al 15 de julio) | T1: Total Contratacion | U1: Contratista | V1: Observaciones
H2: Inicio | I2: Terminación | J2: Meses | K2: Días
H3: (D-M-A) | I3: (D-M-A)
B4: APOYO ADMINISTRATIVO EN SALUD. | C4: GENERAR HÁBITOS SALUDABLES DE VIDA MEDIANTE LA APLICACIÓN DE PROGRAMAS DE ACTIVIDAD FÍSICA EN LOS CONTEXTOS PRODUCTIVOS Y SOCIALES. | D4: "Requisitos académicos: Licenciado en educación física. Tecnólogo en el núcleo básico de conocimiento dedeportes, educación física y recreación alternativa, Profesional en ciencias del deporte. Título profesional universitario el núcleo básico de conocimiento dedeportes, educación física y recreación; o educación física y afines; o educación, Tecnólogo en actividad física o entrenamiento deportivo con especialización tecnológica relacionada con el área de conocimiento. Experiencia laboral: Opción 1: treinta (30) meses de experiencia relacionada distribuida así dieciocho (18) meses de experiencia relacionada con el ejercicio de cultura física y doce (12) meses en docencia, Opción 2: veinticuatro (24) meses de experiencia relacionada distribuida asídoce (12) meses de experiencia relacionada con el ejercicio de la cultura física y doce (12) meses en docencia, adicionalmente certificar cursos de formación en pedagogía de mínimo 40 horas o presentar certificación de competencia laboral vigente en orientación de procesos formativos presenciales. " | F4: 8-9302-315 Instructor: Prestar Servicios Personales Carácter Temporal Para La Formación Profesional Integral, En FORMACION REGULAR TITULADA Y COMPLEMENTARIAPara el Programa Formación APOYO ADMINISTRATIVO EN SALUD. | G4: 1 | H4: 44949 | I4: 45107 | J4: 5 | K4: 8 | P4: 2850000 | Q4: =ROUND(((P4*J4)+(P4/30)*K4),0) -> 15010000 | R4: =+Q4*G4 -> 15010000 | T4: =R4-S4 -> 15010000 | U4: VACANTE
B5: ATENCION INTEGRAL A LA PERSONA CON ENFERMEDAD ONCOLOGICA | C5: Asistir el cuidado crítico de personas según protocolos y normativa de salud. | D5: "Requisitos academicos: PROFESIONAL EN ENFERMERÍA O MEDICINA Experiencia Laboral;MÍNIMO 12 MESES DE EXPERIENCIA LABORAL EN EL ÁREA DE ONCOLOGÍA. MÍNIMO 6 MESES EN FORMACIÓN PEDAGÓGICA" | F5: PENDIENTE | G5: 1 | H5: 44958 | I5: 45107 | J5: 5 | K5: 0 | P5: 3800000 | Q5: =ROUND(((P5*J5)+(P5/30)*K5),0) -> 19000000 | R5: =+Q5*G5 -> 19000000 | T5: =R5-S5 -> 19000000 | U5: VACANTE
B6: APOYO ADMINISTRATIVO EN SALUD. | C6: Utilizar herramientas informáticas de acuerdo con las necesidades de manejo de información | D6: Requisitos académicos: tecnólogo o profesional en áreas afines con tecnologías de la información y la comunicación experiencia laboral: mínimo 12 meses relacionados con el ejercicio de la profesión u oficio objeto de la formación profesional minimo 6 meses en labores de docencia en el área | F6: 8-9302-483 Instructor: Prestar Servicios Personales Carácter Temporal Para La Formación Profesional Integral, En FORMACION REGULAR TITULADA Y COMPLEMENTARIAPara el Programa Formación APOYO ADMINISTRATIVO EN SALUD. | G6: 1 | H6: 44949 | I6: 45107 | J6: 5 | K6: 8 | P6: 2850000 | Q6: =ROUND(((P6*J6)+(P6/30)*K6),0) -> 15010000 | R6: =+Q6*G6 -> 15010000 | T6: =R6-S6 -> 15010000 | U6: CARLOS ALBERTO RIVEROS MARINO | V6: 18670
B7: GESTION ADMINISTRATIVA DEL SECTOR SALUD. | C7: APLICAR PRÁCTICAS DE PROTECCIÓN AMBIENTAL, SEGURIDAD Y SALUD EN EL TRABAJO DE ACUERDO CON LAS POLÍTICAS ORGANIZACIONALES Y LA NORMATIVIDAD VIGENTE. | D7: "Requisitos académicos: Profesional especializado en seguridad y salud en el trabajo con formación en gestión ambiental o educación ambiental. Ingeniero ambiental, ecólogo o profesiones afines con formación en seguridad y salud en el trabajo. Profesional con especialización en gestión ambiental y seguridad y salud en el trabajo. Profesional en salud ocupacional, en seguridad y salud en el trabajo, en administración de riesgo y seguridad y salud en el trabajo, administración de la seguridad y salud ocupacional o ingeniero en seguridad y salud en el trabajo. Título profesional universitario en núcleos básicos de conocimiento de biología, microbiología y afines; o ingeniería sanitaria y afines; o educación; o ingeniería industrial y afines. Tecnólogo en control ambiental con formación demostrada en seguridad y salud en el trabajo. Tecnólogo en salud ocupacional o seguridad y salud en el trabajo con formación en gestión ambiental. Tecnólogo en gestión de la seguridad y salud en el trabajo, gestión de calidad, seguridad en el trabajo y ambiente, gestión ambiental o en gestión integrada de la calidad, medio ambiente, seguridad y salud ocupacional. título de tecnólogo en el núcleo básico de conocimiento de salud pública; o ingeniería civil y afines; ver anexos(n. B. C. ), (titulos sena) con licencia en salud ocupacional, Título profesional universitario en el núcleo básico de conocimiento de salud pública; o ingeniería química y afines; o ingeniería de minas, metalurgia y afines; o medicina; o terapias; o enfermería; o sociología, trabajo social y afines; o administración (ver anexo n. B. C) con licencia en salud ocupacional. Licenciado en educación física profesional en ciencias del deporte. Tecnólogo en actividad física o entrenamiento deportivo con especialización tecnológica relacionada con el área de conocimiento. Experiencia laboral: mínimo 12 meses de experiencia laboral en el área objeto del desempeño. Tecnólogo en salud ocupacional, tecnólogo en gestión integrada de la calidad, medio ambiente, seguridad y salud ocupacional, tecnólogo en control integrado de la calidad, medio ambiente, seguridad y salud ocupacional, tecnólogo en gestión en salud ocupacional, o tecnólogo en gestión de salud ocupacional, seguridad y medio ambiente. Profesional en salud ocupacional o administración de la seguridad y salud ocupacional, profesional en cualquier área del conocimiento con posgrado en seguridad y salud en el trabajo, en higiene y salud ocupacional, gerencia en salud ocupacional, en salud ocupacional e higiene del trabajo, en administración de salud ocupacional, en salud ocupacional y ambiental, salud ocupacional y riesgos laborales, en salud ocupacional, gerencia y control de riesgos, en hseq sistemas integrados de seguridad y salud ocupacional ambiental y calidad, en higiene, seguridad y salud en el trabajo, en sistemas integrados de gestión, seguridad y salud en el trabajo o en gestión integrada de la seguridad y salud en el trabajo, calidad y medio ambiente. Experiencia laboral: veinticuatro (24) meses de los cuales dieciocho (18) meses estarán relacionados con el ejercicio de la profesión u oficio objeto de la formación profesional y seis (6) meses en labores de docencia. Certificar cursos de formación en pedagogía de mínimo 40 horas o presentar certificación de competencia laboral vigente en orientación de procesos formativos presenciales" | F7: 8-9302-496 Instructor: Prestar Servicios Personales Carácter Temporal Para La Formación Profesional Integral, En FORMACION REGULAR TITULADA Y COMPLEMENTARIAPara el Programa Formación APOYO ADMINISTRATIVO EN SALUD. | G7: 1 | H7: 44949 | I7: 45199 | J7: 8 | K7: 8 | P7: 2850000 | Q7: =ROUND(((P7*J7)+(P7/30)*K7),0) -> 23560000 | R7: =+Q7*G7 -> 23560000 | S7: =((P7/30)*13)*G7 -> 1235000 | T7: =R7-S7 -> 22325000 | U7: FLAVIANA OCAMPO | V7: CODIGO 14386
B8: ENFERMERIA. | C8: ASISTIR PACIENTES QUIRÚRGICOS DE ACUERDO CON GUÍAS DE MANEJO Y NORMATIVA DE SALUD | D8: "Requisitos académicos: profesional de enfermeria experiencia laboral: mínimo 24 meses de vinculación laboral en áreas de desempeño con funciones relacionadas con el áreamínimo 6 mese de experiencia pedagógica con adultos" | F8: 8-9302-484 Instructor: Prestar Servicios Personales Carácter Temporal Para La Formación Profesional Integral, En FORMACION REGULAR TITULADA Y COMPLEMENTARIAPara el Programa Formación ENFERMERIA. | G8: 12 | H8: 44949 | I8: 45199 | J8: 8 | K8: 8 | P8: 2850000 | Q8: =ROUND(((P8*J8)+(P8/30)*K8),0) -> 23560000 | R8: =+Q8*G8 -> 282720000 | S8: =((P8/30)*13)*G8 -> 14820000 | T8: =R8-S8 -> 267900000 | U8: DELSY AMAYA, LUDYS CALVO, KATIA GONZALEZ, EUDREYS MANOTAS, PATRICIA OLACIGUERI, WENDY PEREZ, DIEGO RIVERA, LICETH MUÑOZ, BRIGITTE PRIETO, CLARIT CASTILLO, MARTHA NIETO, EILEEN SARMIENTO | V8: CODIGO 14369
B9: ENFERMERIA. | C9: ASISTIR PACIENTES QUIRÚRGICOS DE ACUERDO CON GUÍAS DE MANEJO Y NORMATIVA DE SALUD | D9: "Requisitos académicos: profesional de enfermeria experiencia laboral: mínimo 24 meses de vinculación laboral en áreas de desempeño con funciones relacionadas con el áreamínimo 6 mese de experiencia pedagógica con adultos" | F9: 8-9302-498 Instructor: Prestar Servicios Personales Carácter Temporal Para La Formación Profesional Integral, En FORMACION REGULAR TITULADA Y COMPLEMENTARIAPara el Programa Formación ENFERMERIA. | G9: 1 | H9: 44949 | I9: 45199 | J9: 8 | K9: 8 | P9: 3800000 | Q9: =ROUND(((P9*J9)+(P9/30)*K9),0) -> 31413333 | R9: =+Q9*G9 -> 31413333 | S9: =((P9/30)*13)*G9 -> 1646666.7 | T9: =R9-S9 -> 29766666 | U9: JANINE ALGARIN | V9: CODIGO 14367
B10: COSMETOLOGIA Y ESTETICA INTEGRAL. | C10: REALIZAR TRATAMIENTOS FACIALES DE NATURALEZA NO CRUENTA, NO INVASIVA CON BASE EN UNA VALORACIÓN Y PROTOCOLO ESTÉTICO | D10: Requisitos académicos: fisioterapeuta con formación en cosmetología y estética integral experiencia laboral: venticuatro meses de experiencia laboral en funciones afines seis meses de experiencia en pedagogía | F10: 8-9302-479 Instructor: Prestar Servicios Personales Carácter Temporal Para La Formación Profesional Integral, En FORMACION REGULAR TITULADA Y COMPLEMENTARIAPara el Programa Formación COSMETOLOGIA Y ESTETICA INTEGRAL. | G10: 1 | H10: 44949 | I10: 45199 | J10: 8 | K10: 8 | P10: 2850000 | Q10: =ROUND(((P10*J10)+(P10/30)*K10),0) -> 23560000 | R10: =+Q10*G10 -> 23560000 | S10: =((P10/30)*13)*G10 -> 1235000 | T10: =R10-S10 -> 22325000 | U10: GUICELA CABARCAS | V10: CODIGO 14354, EL SEGUNDO INSTRUCTOR DEBE INGRESAR EN EL SEGUNDO TRIMESTRE, GUICELA CABARCAS FUERO MATERNO
B11: SALUD ORAL | C11: Asistir el servicio odontológico según normativa de salud | D11: "Requisitos académicos: odontólogo (a) general experiencia laboral: mínimo 18 mese de experiencia en la práctica de la profesiónminimo 6 meses en experiencia docente" | F11: 8-9302-516 Instructor: Prestar Servicios Personales Carácter Temporal Para La Formación Profesional Integral, En FORMACION REGULAR TITULADA Y COMPLEMENTARIAPara el Programa Formación SALUD ORAL | G11: 1 | H11: 44949 | I11: 45199 | J11: 8 | K11: 8 | P11: 3800000 | Q11: =ROUND(((P11*J11)+(P11/30)*K11),0) -> 31413333 | R11: =+Q11*G11 -> 31413333 | S11: =((P11/30)*13)*G11 -> 1646666.7 | T11: =R11-S11 -> 29766666 | U11: YAMILE SANTIAGO | V11: CODIGO 14346
B12: APOYO ADMINISTRATIVO EN SALUD. | C12: RESULTADOS DE APRENDIZAJE ETAPA PRACTICA | D12: "Requisitos academicos: El Programa Requiere De Un Equipo De Instructores Técnicos, Conformado Por Odontólogo* Profesional De La Salud** Profesional De Enfermería Tecnólogo En Aph Experiencia Laboral ¿Mínimo 12 Meses De Vinculación Laboral Con El Área De Su Profesión Especialización En Gerencia O Administración En Salud Y/O Experiencia En Instituciones Del Sistema, En Cargos Administrativos Relacionados Con La Atención Al Usuario**Experiencia En Acciones De Promoción, Prevención, Tratamiento Y Rehabilitación En Salud Oral*" | F12: 8-9302-493 Instructor: Prestar Servicios Personales Carácter Temporal Para La Formación Profesional Integral, En FORMACION REGULAR TITULADA Y COMPLEMENTARIAPara el Programa Formación APOYO ADMINISTRATIVO EN SALUD. | G12: 1 | H12: 44949 | I12: 45199 | J12: 8 | K12: 8 | P12: 3800000 | Q12: =ROUND(((P12*J12)+(P12/30)*K12),0) -> 31413333 | R12: =+Q12*G12 -> 31413333 | S12: =((P12/30)*13)*G12 -> 1646666.7 | T12: =R12-S12 -> 29766666 | U12: MARIA BLANCO | V12: CODIGO 14337
B13: ENFERMERIA. | C13: RESULTADOS DE APRENDIZAJE ETAPA PRACTICA | D13: "Requisitos academicos: El Programa Requiere De Un Equipo De Instructores Técnicos, Conformado Por Odontólogo* Profesional De La Salud** Profesional De Enfermería Tecnólogo En Aph Experiencia Laboral ¿Mínimo 12 Meses De Vinculación Laboral Con El Área De Su Profesión Especialización En Gerencia O Administración En Salud Y/O Experiencia En Instituciones Del Sistema, En Cargos Administrativos Relacionados Con La Atención Al Usuario**Experiencia En Acciones De Promoción, Prevención, Tratamiento Y Rehabilitación En Salud Oral*" | F13: 8-9302-499 Instructor: Prestar Servicios Personales Carácter Temporal Para La Formación Profesional Integral, En FORMACION REGULAR TITULADA Y COMPLEMENTARIAPara el Programa Formación ENFERMERIA. | G13: 1 | H13: 44949 | I13: 45199 | J13: 8 | K13: 8 | P13: 3800000 | Q13: =ROUND(((P13*J13)+(P13/30)*K13),0) -> 31413333 | R13: =+Q13*G13 -> 31413333 | S13: =((P13/30)*13)*G13 -> 1646666.7 | T13: =R13-S13 -> 29766666 | U13: JUDY MARTINEZ | V13: CODIGO 14334
B14: COSMETOLOGIA Y ESTETICA INTEGRAL. | C14: Ejercer derechos fundamentales del trabajo en el marco de la constitución política y los convenios internacionales. | D14: "Requisitos académicos: Certificado de Aptitud Profesional – SENA, o certificado por autoridad competente en cualquiera de las nueve áreas de desempeño de la CNO y en el nivel ocupacional 2,3 o 4 (Ver anexo C. N.O). Opción 1: Certificado de técnico, o certificado por autoridad competente en cualquiera de las nueve áreas de desempeño de la CNO y en el nivel ocupacional 3 o 4 (Ver anexo C. N.O). Opción 2: Título de Técnico Profesional en cualquiera de los 55 núcleos básicos de conocimiento, o en NULL o Sin clasificar. Ver anexos: (N.B.C.), (TITULOS SENA). Opción 3: Título de Tecnólogo en cualquiera de los 55 núcleos básicos de conocimiento, o en NULL o Sin clasificar. Ver anexos: (N.B.C.), (TITULOS SENA). Opción 4: Título Profesional universitario en cualquiera de los 55 núcleos básicos de conocimiento, o en NULL o Sin clasificar. (Ver anexo N.B.C) Tarjeta profesional en los casos exigidos por la Ley Experiencia laboral: Cuarenta y ocho (48) meses de experiencia relacionada distribuida así: Treinta y seis (36) meses de experiencia relacionada con el ejercicio de los derechos humanos y fundamentales del trabajo y doce (12) meses en docencia o instrucción certificada por entidad legalmente reconocida. Opción 1: Cuarenta y dos (42) meses de experiencia relacionada distribuida así: Treinta (30) meses de experiencia relacionada con el ejercicio de los derechos humanos y fundamentales del trabajo y Doce (12) meses en docencia o instrucción certificada por entidad legalmente reconocida. Opción 2: Treinta y seis (36) meses de experiencia relacionada distribuida así: Veinticuatro (24) meses de experiencia relacionada con el ejercicio de los derechos humanos y fundamentales del trabajo y doce (12) meses en docencia o instrucción certificada por entidad legalmente reconocida. Opción 3: Treinta (30) meses de experiencia relacionada distribuida así: Dieciocho (18) meses de experiencia relacionada con el ejercicio de los derechos humanos y fundamentales del trabajo y doce (12) meses en docencia o instrucción certificada por entidad legalmente reconocida Opción 4: Veinticuatro (24) meses de experiencia relacionada distribuida así: Doce (12) meses de experiencia relacionada con el ejercicio de los derechos humanos y fundamentales del trabajo y doce (12) meses en docencia o instrucción certificada por entidad legalmente reconocida. Competencias:1. Crea espacios pedagógicos de reflexión y apropiación para la valoración de los derechos y deberes en el trabajo 2. Interpreta la relación entre el trabajo y el desarrollo humano. 3. Identifica la naturaleza de los derechos humanos y del trabajo. 4. Genera procesos de interacción social interacciones en el marco de los derechos humanos y laborales para el desarrollo social para el desarrollo de con autonomía y dignidad. 5. Implementa acciones para la elaboración el diligenciamiento de documentos relacionados con la política pública, de salarios y los acuerdos internacionales de la OIT y los derechos económicos, sociales y de bienestar derivadas de las acciones laborales. 6. Argumenta los derechos el ejercicio de los derechos fundamentales del trabajo y los mecanismos de protección como ejercicio de la ciudadanía laboral. 7. Organiza acciones pedagógicas para la aplicación de los principios de los derechos de asociación. 8. Integra acciones de solidaridad para la defensa del ser humano, la naturaleza y la cultura de la paz. y los valores de la convivencia la paz y la ciudadana." | F14: 8-9302-927 Instructor: Prestar Servicios Personales Carácter Temporal Para La Formación Profesional Integral, En FORMACION REGULAR TITULADA Y COMPLEMENTARIAPara el Programa Formación COSMETOLOGIA Y ESTETICA INTEGRAL. | G14: 1 | H14: 44949 | I14: 45199 | J14: 8 | K14: 8 | P14: 3800000 | Q14: =ROUND(((P14*J14)+(P14/30)*K14),0) -> 31413333 | R14: =+Q14*G14 -> 31413333 | S14: =((P14/30)*13)*G14 -> 1646666.7 | T14: =R14-S14 -> 29766666 | U14: ARNALDO CARO | V14: CODIGO 14324
B15: GESTION ADMINISTRATIVA DEL SECTOR SALUD. | C15: INTERACTUAR EN LENGUA INGLESA DE FORMA ORAL Y ESCRITA DENTRO DE CONTEXTOS SOCIALES Y LABORALES SEGÚN LOS CRITERIOS ESTABLECIDOS POR EL MARCO COMÚN EUROPEO DE REFERENCIA PARA LAS LENGUAS. | D15: "Opción 1: Título profesional universitario en cualquier núcleo básico de conocimiento. Nivel de lengua certificado* de mínimo B2 de acuerdo con el MCER en cada una de las 4 habilidades de dominio de lengua (Comprensión oral, Comprensión escrita, Producción oral, Producción escrita). Veinticuatro (24) meses de experiencia en la instrucción/docencia de la lengua extranjera a impartir. Opción 2: Título tecnólogo en cualquier núcleo básico de conocimiento. Nivel de lengua certificado* de mínimo B2 de acuerdo con el MCER en cada una de las 4 habilidades de dominio de lengua (Comprensión oral, Comprensión escrita, Producción oral, Producción escrita). Treinta (30) meses de experiencia en la instrucción/docencia de la lengua extranjera a impartir.Los instructores para programas de formación complementaria virtual, incluyendo bilingüismo, deberán acreditar capacitación relacionada con tutoría virtual, no inferior a 40 horas, además de cumplir los requisitos del perfil establecido en los diseños curriculares de cada programa como perfiles de instructor (en el caso de bilingüismo, el perfil está definido en el numeral 8 de la presente circular). Los instructores que se contraten para orientar programas de formación titulada virtual o titulada a distancia, deberán acreditar capacitación relacionada con tutoría virtual, no inferior a 40 horas; tener experiencia certificada de mínimo seis (6) meses como tutor virtual, además de cumplir los requisitos del perfil establecido en los diseños curriculares de cada programa." | F15: 8-9302-494 Instructor: Prestar Servicios Personales Carácter Temporal Para La Formación Profesional Integral, En FORMACION REGULAR TITULADA Y COMPLEMENTARIA , Para el Programa Formación GESTION ADMINISTRATIVA DEL SECTOR SALUD APOYO ADMINISTRATIVO EN SALUD. | G15: 1 | H15: 44949 | I15: 45199 | J15: 8 | K15: 8 | P15: 3800000 | Q15: =ROUND(((P15*J15)+(P15/30)*K15),0) -> 31413333 | R15: =+Q15*G15 -> 31413333 | S15: =((P15/30)*13)*G15 -> 1646666.7 | T15: =R15-S15 -> 29766666 | U15: GUILLERMO ARIAS | V15: CODIGO 14299
B16: REGENCIA DE FARMACIA | C16: PRODUCIR TEXTOS EN INGLÉS EN FORMA ESCRITA Y ORAL | D16: "Opción 1: Título profesional universitario en cualquier núcleo básico de conocimiento. Nivel de lengua certificado* de mínimo B2 de acuerdo con el MCER en cada una de las 4 habilidades de dominio de lengua (Comprensión oral, Comprensión escrita, Producción oral, Producción escrita). Veinticuatro (24) meses de experiencia en la instrucción/docencia de la lengua extranjera a impartir. Opción 2: Título tecnólogo en cualquier núcleo básico de conocimiento. Nivel de lengua certificado* de mínimo B2 de acuerdo con el MCER en cada una de las 4 habilidades de dominio de lengua (Comprensión oral, Comprensión escrita, Producción oral, Producción escrita). Treinta (30) meses de experiencia en la instrucción/docencia de la lengua extranjera a impartir.Los instructores para programas de formación complementaria virtual, incluyendo bilingüismo, deberán acreditar capacitación relacionada con tutoría virtual, no inferior a 40 horas, además de cumplir los requisitos del perfil establecido en los diseños curriculares de cada programa como perfiles de instructor (en el caso de bilingüismo, el perfil está definido en el numeral 8 de la presente circular). Los instructores que se contraten para orientar programas de formación titulada virtual o titulada a distancia, deberán acreditar capacitación relacionada con tutoría virtual, no inferior a 40 horas; tener experiencia certificada de mínimo seis (6) meses como tutor virtual, además de cumplir los requisitos del perfil establecido en los diseños curriculares de cada programa." | F16: 8-9302-486 Instructor: Prestar Servicios Personales Carácter Temporal Para La Formación Profesional Integral, En FORMACION REGULAR TITULADA Y COMPLEMENTARIAPara el Programa Formación REGENCIA DE FARMACIA | G16: 1 | H16: 44949 | I16: 45199 | J16: 8 | K16: 8 | P16: 3800000 | Q16: =ROUND(((P16*J16)+(P16/30)*K16),0) -> 31413333 | R16: =+Q16*G16 -> 31413333 | S16: =((P16/30)*13)*G16 -> 1646666.7 | T16: =R16-S16 -> 29766666 | U16: MARIA MORILLO | V16: CODIGO 14293, FALTA POR CONTRATAR UN INSTRUCTOR
B17: REGENCIA DE FARMACIA | C17: PRODUCIR TEXTOS EN INGLÉS EN FORMA ESCRITA Y ORAL | D17: "Opción 1: Título profesional universitario en cualquier núcleo básico de conocimiento. Nivel de lengua certificado* de mínimo B2 de acuerdo con el MCER en cada una de las 4 habilidades de dominio de lengua (Comprensión oral, Comprensión escrita, Producción oral, Producción escrita). Veinticuatro (24) meses de experiencia en la instrucción/docencia de la lengua extranjera a impartir. Opción 2: Título tecnólogo en cualquier núcleo básico de conocimiento. Nivel de lengua certificado* de mínimo B2 de acuerdo con el MCER en cada una de las 4 habilidades de dominio de lengua (Comprensión oral, Comprensión escrita, Producción oral, Producción escrita). Treinta (30) meses de experiencia en la instrucción/docencia de la lengua extranjera a impartir.Los instructores para programas de formación complementaria virtual, incluyendo bilingüismo, deberán acreditar capacitación relacionada con tutoría virtual, no inferior a 40 horas, además de cumplir los requisitos del perfil establecido en los diseños curriculares de cada programa como perfiles de instructor (en el caso de bilingüismo, el perfil está definido en el numeral 8 de la presente circular). Los instructores que se contraten para orientar programas de formación titulada virtual o titulada a distancia, deberán acreditar capacitación relacionada con tutoría virtual, no inferior a 40 horas; tener experiencia certificada de mínimo seis (6) meses como tutor virtual, además de cumplir los requisitos del perfil establecido en los diseños curriculares de cada programa." | F17: 8-9302-486 Instructor: Prestar Servicios Personales Carácter Temporal Para La Formación Profesional Integral, En FORMACION REGULAR TITULADA Y COMPLEMENTARIAPara el Programa Formación REGENCIA DE FARMACIA | G17: 1 | H17: 44949 | I17: 45107 | J17: 5 | K17: 8 | P17: 3800000 | Q17: =ROUND(((P17*J17)+(P17/30)*K17),0) -> 20013333 | R17: =+Q17*G17 -> 20013333 | T17: =R17-S17 -> 20013333 | U17: VACANTE | V17: CODIGO 14293, FALTA POR CONTRATAR UN INSTRUCTOR
B18: ATENCION INTEGRAL A LA PRIMERA INFANCIA. | C18: Atender niños y niñas según proceso pedagógico y normativa de educación inicial | D18: "Requisitos académicos: profesional en el área de la educación infantil o licenciado en educación preescolar o licenciado en pedagogía infantil o licenciado en educación infantil, ICENCIADO EN PSICOPEDAGOGÍA olicenciado en primera infancia. Experiencia laboral: mínimo 24 meses de experiencia laboral cumpliendo funciones relacionadas con la atención a niñas y niños menores de 6 añosmínimo 12 meses en procesos de formación con adultos" | F18: 8-9302-443 Instructor: Prestar Servicios Personales Carácter Temporal Para La Formación Profesional Integral, En FORMACION REGULAR TITULADA Y COMPLEMENTARIAPara el Programa Formación ATENCION INTEGRAL A LA PRIMERA INFANCIA. | G18: 1 | H18: 44949 | I18: 45199 | J18: 8 | K18: 8 | P18: 3800000 | Q18: =ROUND(((P18*J18)+(P18/30)*K18),0) -> 31413333 | R18: =+Q18*G18 -> 31413333 | S18: =((P18/30)*13)*G18 -> 1646666.7 | T18: =R18-S18 -> 29766666 | U18: YURAIMA ESCORCIA | V18: CODIGO 14291
B19: SALUD PUBLICA | C19: Caracterizar situación de salud según metodología de análisis y normativa | D19: "Requisitos académicos: profesionales del área de la salud o de ciencias sociales, con postgrado en salud pública o epidemiología experiencia laboral: mínimo 12 meses de experiencia en su desempeño profesionalmínimo 24 meses de vinculación laboral en el desempeño de funciones relacionadas con los procesos comunitariosmínimo 12 meses de experiencia en formación y/o educación" | F19: Instructor: Prestar Servicios Personales Carácter Temporal Para La Formación Profesional Integral, En FORMACION REGULAR TITULADA Y COMPLEMENTARIAPara el Programa Formación SALUD PUBLICA | G19: 1 | H19: 44949 | I19: 45199 | J19: 8 | K19: 8 | P19: 3800000 | Q19: =ROUND(((P19*J19)+(P19/30)*K19),0) -> 31413333 | R19: =+Q19*G19 -> 31413333 | S19: =((P19/30)*13)*G19 -> 1646666.7 | T19: =R19-S19 -> 29766666 | U19: FELICIDAD PEREZ | V19: CODIGO 14285
B20: APOYO ADMINISTRATIVO EN SALUD. | C20: Registrar información de acuerdo con normativa y procedimiento técnico | D20: Requisitos académicos: 1. Opcióntítulo profesional en áreas de la salud con postgrado en administración en salud o gerencia en salud u hospitalaria o auditoría en salud. 2. Opcióntítulo profesional en administración de empresas o administración pública, o administración en salud, o contaduría pública o economía con postgrado en áreas administrativas en salud, gerenciales en salud o de auditoría en salud. Experiencia laboral: mínimo 24 meses de experiencia certificada en procesos de facturación de servicios de salud, o en procesos de admisión y afiliación de usuarios en la red de servicios de salud mínimo 6 meses de experiencia docente | F20: 8-9302-494 Instructor: Prestar Servicios Personales Carácter Temporal Para La Formación Profesional Integral, En FORMACION REGULAR TITULADA Y COMPLEMENTARIAPara el Programa Formación APOYO ADMINISTRATIVO EN SALUD. | G20: 4 | H20: 44949 | I20: 45199 | J20: 8 | K20: 8 | P20: 3800000 | Q20: =ROUND(((P20*J20)+(P20/30)*K20),0) -> 31413333 | R20: =+Q20*G20 -> 125653332 | S20: =((P20/30)*13)*G20 -> 6586666.7 | T20: =R20-S20 -> 1.1906667e+08 | U20: SANDRA MOGOLLON, GIOVANNA BARRAZA, BRICETH MARTINEZ, MONICA MARIA ESPINOSA TIRADO | V20: CODIGO 14279, FALTA UN INSTRUCTOR
B21: GESTION ADMINISTRATIVA DEL SECTOR SALUD. | C21: ORIENTAR PERSONAS SEGÚN NORMATIVIDAD EN SALUD | D21: "Requisitos academicos: TÍTULO PROFESIONAL EN ÁREAS DE LA SALUD O ADMINISTRACIÓN EN SALUD, CON POSGRADO EN ADMINISTRACIÓN EN SALUD O AUDITORIA EN SALUD O GERENCIA EN SALUD. Experiencia Laboral;MÍNIMO 12 MESES DE EXPERIENCIA EN GESTIÓN DE PROCESOS ADMINISTRATIVOS DE SALUD.MÍNIMO 12 MESES EXPERIENCIA DOCENTE." | F21: 8-9302-495 Instructor: Prestar Servicios Personales Carácter Temporal Para La Formación Profesional Integral, En FORMACION REGULAR TITULADA Y COMPLEMENTARIAPara el Programa Formación APOYO ADMINISTRATIVO EN SALUD. | G21: 2 | H21: 44949 | I21: 45199 | J21: 8 | K21: 8 | P21: 3800000 | Q21: =ROUND(((P21*J21)+(P21/30)*K21),0) -> 31413333 | R21: =+Q21*G21 -> 62826666 | S21: =((P21/30)*13)*G21 -> 3293333.3 | T21: =R21-S21 -> 59533333 | U21: SIXTO OSPINO, MARIA SALINAS | V21: CODIGO 14271
B22: REGENCIA DE FARMACIA | C22: EJECUTAR LOS PROCESOS PROPIOS DEL SECTOR FARMACÉUTICO IMPLEMENTANDO LAS NORMAS DE CALIDAD, AMBIENTALES Y DE SEGURIDAD, SEGÚN NORMATIVIDAD VIGENTE. | D22: "Requisitos académicos: ¿el programa requiere de un equipo de instructores técnicos, conformado por: ¿químico farmacéutico con formación en promoción, prevención e intervención del sector farmacéutico a la comunidad. ¿bacteriólogo y/o microbiólogo y/o enfermera profesional ¿tecnólogo en regencia de farmacia experiencia laboral: ¿mínimo un año en el ejercicio de su profesión" | F22: 8-9302-487 Instructor: Prestar Servicios Personales Carácter Temporal Para La Formación Profesional Integral, En FORMACION REGULAR TITULADA Y COMPLEMENTARIAPara el Programa Formación REGENCIA DE FARMACIA | G22: 8 | H22: 44949 | I22: 45199 | J22: 8 | K22: 8 | P22: 3800000 | Q22: =ROUND(((P22*J22)+(P22/30)*K22),0) -> 31413333 | R22: =+Q22*G22 -> 251306664 | S22: =((P22/30)*13)*G22 -> 13173333 | T22: =R22-S22 -> 2.3813333e+08 | U22: GERMAN VERGARA, EVELYS RODRIGUEZ, JANICE NIEBLES, MEIRA SEÑAS, OSIRIS VILLARREAL, OSCAR ALFORD, CARMEN DE LA HOZ, SINDY ESCORCIA | V22: CODIGO 14254
B23: SERVICIOS FARMACEUTICOS | C23: Entregar productos farmacéuticos según delegación y normativa de salud | D23: "Requisitos académicos: químico farmacéutico o regente de farmacia experiencia laboral: ¿ mínimo 24 meses de vinculación laboral en el desempeño de funciones relacionadas con el proceso farmacéutico¿ mínimo 6 meses de experiencia en formación y/o educación" | F23: 8-9302-464 Instructor: Prestar Servicios Personales Carácter Temporal Para La Formación Profesional Integral, En FORMACION REGULAR TITULADA Y COMPLEMENTARIAPara el Programa Formación SERVICIOS FARMACEUTICOS | G23: 1 | H23: 44949 | I23: 45107 | J23: 5 | K23: 8 | P23: 3800000 | Q23: =ROUND(((P23*J23)+(P23/30)*K23),0) -> 20013333 | R23: =+Q23*G23 -> 20013333 | T23: =R23-S23 -> 20013333 | U23: FERNANDO GUEVARA | V23: CODIGO 14251
B24: SERVICIOS FARMACEUTICOS | C24: Entregar productos farmacéuticos según delegación y normativa de salud | D24: "Requisitos académicos: químico farmacéutico o regente de farmacia experiencia laboral: ¿ mínimo 24 meses de vinculación laboral en el desempeño de funciones relacionadas con el proceso farmacéutico¿ mínimo 6 meses de experiencia en formación y/o educación" | F24: 8-9302-465 Instructor: Prestar Servicios Personales Carácter Temporal Para La Formación Profesional Integral, En FORMACION REGULAR TITULADA Y COMPLEMENTARIAPara el Programa Formación SERVICIOS FARMACEUTICOS | G24: 2 | H24: 44949 | I24: 45107 | J24: 5 | K24: 8 | P24: 3800000 | Q24: =ROUND(((P24*J24)+(P24/30)*K24),0) -> 20013333 | R24: =+Q24*G24 -> 40026666 | T24: =R24-S24 -> 40026666 | U24: JAIRO VERGARA, CARLOS RODRIGUEZ | V24: CODIGO 14244
G25: =SUM(G4:G24) -> 44 | T25: =SUM(T4:T24) -> 1.1262567e+09

Sheet Hoteleria (2)
A1: No | B1: PROGRAMA DE FORMACIÓN | C1: COMPETENCIA | D1: PERFIL DEL INSTRUCTOR | E1: VALIDACIÓN (QUE APAREZCA, VALORES, NUMERO DE INSTRUCTORES) | F1: OBJETO CONTRACTUAL | G1: No de personas a contratar | H1: Fechas Previstas para la Contratación | J1: Plazo Previsto para la Contratación | O1: VALIDACIÓN FECHAS | P1: costo honorarios mes (Pesos) | Q1: Valor un instructor | R1: Valor total programa | S1: Deduccion Semana de Confraternidad- Alistamiento (3 al 15 de julio) | T1: Total Contratacion | U1: Contratista | V1: Observaciones
H2: Inicio | I2: Terminación | J2: Meses | K2: Días
H3: (D-M-A) | I3: (D-M-A)
A4: 1 | B4: ORGANIZACIÓN DE EVENTOS | C4: ORGANIZAR EVENTOS DE ACUERDO AL PORTAFOLIO DE SERVICIOS Y AL ESTUDIO DE MERCADO. | D4: "Requisitos académicos: el programa requiere de un equipo de instructores conformado por ¿profesional en administración turística y/o hotelera y/o tecnólogo en organización de eventos ¿profesional y/o tecnólogo administración de empresas ¿profesional y/o tecnólogo en gestión de mercados ¿profesional de la contabilidad ¿licenciado en idiomas, o en lenguas extranjeras o traductor en idioma ingles. ¿profesional o tecnólogo en salud ocupacional ¿profesional en sicología y/o trabajadora social ¿licenciado en educación ambiental, o ingeniero ambiental o tecnólogo en gestión de recursos naturales ¿licenciado en educación física, recreación y deportes o tecnólogo deportivo. Experiencia laboral: ¿profesionaldoce (12) meses de experiencia relacionados con la especialidad solicitada ¿tecnólogoveinticuatro (24) meses de experiencia relacionados con la especialidad solicitada ¿6 meses como docente en el área especifica" | E4: ok | F4: 8-9302-474 Instructor: Prestar Servicios Personales Carácter Temporal Para La Formación Profesional Integral, En FORMACION REGULAR TITULADA Y COMPLEMENTARIAPara el Programa Formación SERVICIO DE RECEPCION HOTELERA | G4: 2 | H4: 44949 | I4: 45199 | J4: 8 | K4: 8 | P4: 3800000 | Q4: =ROUND(((P4*J4)+(P4/30)*K4),0) -> 31413333 | R4: =+Q4*G4 -> 62826666 | S4: =((P4/30)*13)*G4 -> 3293333.3 | T4: =R4-S4 -> 59533333 | U4: LISBETH VARGAS , GLORIA DIAZ | V4: CODIGO 18277
